Workbook
Name \d: #REF!
Name \d: #REF!
Name \d: #REF!
Name \d: #REF!
Name \p: '[1]#REF'!#REF!
Name \p: '[1]#REF'!#REF!
Name \p: '[1]#REF'!#REF!
Name \p: '[1]#REF'!#REF!
Name __PAG1: #REF!
Name __PAG1: #REF!
Name __ROW2: '[2]737A-1'!$A$67:$AH$72
Name __ROW3: '[2]737A-1'!$B$124:$AH$127
Name _1PrintModule_.printall: [3]!'[PrintModule].printall'
Name _1PrintModule_.printall: [3]!'[PrintModule].printall'
Name _2PrintModule_.printall: [3]!'[PrintModule].printall'
Name _PAG1: #REF!
Name _PAG1: #REF!
Name _PAG1: #REF!
Name _ROW2: '[2]737A-1'!$A$67:$AH$72
Name _ROW3: '[2]737A-1'!$B$124:$AH$127
Name accnt1180300: #REF!
Name accnt1180300: #REF!
Name autofix: 'S14 - Property Tax Generation'!autofix
Name autofix: 'S17 - Effect on Revenue'!autofix
Name autofix: [4]!autofix
Name BlackCredit: #REF!
Name BlackEntitle: #REF!
Name BORDER: '[2]737A-1'!$B$3:$C$60
Name BORDER2: '[2]737A-1'!$B$67:$C$113
Name BORDER3: '[2]737A-1'!$B$126:$C$168
Name Capacity: #REF!
Name CapChg: '[5]Capacity Contract Charges'!$A$1
Name CapE4D: #REF!
Name CapEntitle: #REF!
Name CF: #REF!
Name Chart1: #REF!
Name Chart2: #REF!
Name Chart3: #REF!
Name Chart4: #REF!
Name Cntnts: #REF!
Name CPI_Tbl: #REF!
Name Credits: #REF!
Name DESCRIPTION: #REF!
Name DESCRIPTION: #REF!
Name DESCRIPTION: #REF!
Name DESCRIPTION: #REF!
Name dialog_f: '[1]#REF'!#REF!
Name dialog_f: '[1]#REF'!#REF!
Name dialog_f: '[1]#REF'!#REF!
Name dialog_f: '[1]#REF'!#REF!
Name EgyAvail: #REF!
Name EgyCat: #REF!
Name EgySup: #REF!
Name Forecast: #REF!
Name FrwdResCredit: #REF!
Name FrwdResEntitle: #REF!
Name hideunhide: 'S14 - Property Tax Generation'!hideunhide
Name hideunhide: 'S17 - Effect on Revenue'!hideunhide
Name hideunhide: '[4]S17 - Effect Revenue Test only'!hideunhide
Name Inflate: #REF!

Sheet S1-Revenue Requirement
A1: EXHIBIT: WEC - 1- NATIVE FORMAT
A2: SCHEDULE 1
A3: REVENUE REQUIREMENTS SUMMARY
C5: Washington Electric Cooperative Totals
C6: 7/1/21 - 6/30/22 | D6: Pro Forma | E6: 11/1/22-10/31/23 | F6: REF
A7: LINE | B7: DESCRIPTION | C7: Test Year | D7: Adjustments | E7: ADJ Rate Year | F7: SCHED
A8: 1 | B8: PURCHASED POWER | C8: ='Trial Balance'!C42 -> 8495999.3 | D8: =+'S2 - Power Supply'!F17 -> 703615.66 | E8: =+C8+D8 -> 9199615 | F8: S2 Tab
A9: =A8+1 -> 2 | B9: TRANSMISSION | C9: ='Trial Balance'!C54 -> 90499.63 | D9: =+'S3 - Transmission & Power Prod'!E26 -> 1312.5353 | E9: =C9+D9 -> 91812.165 | F9: S3 Tab
A10: =A9+1 -> 3 | B10: DISTRIBUTION OPERATION | C10: ='Trial Balance'!C78 -> 2313037.9 | D10: =+'S4 - Dist Maint & Ops'!H44 -> 57344.636 | E10: =C10+D10 -> 2370382.5 | F10: S4 Tab
A11: =A10+1 -> 4 | B11: DISTRIBUTION MAINTENANCE | C11: ='Trial Balance'!C103 -> 3454154.2 | D11: =+'S4 - Dist Maint & Ops'!H28 -> -57410.767 | E11: =C11+D11 -> 3396743.4 | F11: S4 Tab
A12: =A11+1 -> 5 | B12: CUSTOMER ACCOUNTS | C12: ='Trial Balance'!C127+'Trial Balance'!C138 -> 1126374.9 | D12: =+'S5 - Cust Accts'!H20 -> 54312.745 | E12: =C12+D12 -> 1180687.7 | F12: S5 Tab
A13: =A12+1 -> 6 | B13: ADMINISTRATIVE & GENERAL | C13: ='Trial Balance'!C187 -> 1588209.4 | D13: =+'S6 - Admin & Gen'!F28 -> 110402.11 | E13: =C13+D13 -> 1698611.5 | F13: S6 Tab
A14: =A13+1 -> 7 | B14: POWER PRODUCTION EXP | C14: =+'Trial Balance'!C33 -> 232807.93 | D14: =+'S3 - Transmission & Power Prod'!E43 -> 84434.913 | E14: =C14+D14 -> 317242.84 | F14: S3 Tab
A15: =A14+1 -> 8 | B15: TOTAL O&M | C15: =SUM(C8:C14) -> 17301083 | D15: =SUM(D8:D14) -> 954011.83 | E15: =SUM(E8:E14) -> 18255095
A16: =A15+1 -> 9
A17: =A16+1 -> 10 | B17: DEPRECIATION EXPENSE | C17: =+'Trial Balance'!C198 -> 2444574.5 | D17: =+'S8 - Depreciation'!D9 -> 1895.78 | E17: =C17+D17 -> 2446470.2 | F17: S8 Tab
A18: =A17+1 -> 11 | B18: GROSS RECEIPTS TAX | C18: ='Trial Balance'!C203 -> 85338.22 | D18: =-C18 -> -85338.22 | E18: =C18+D18 -> 0 | F18: line 33 below
A19: =A18+1 -> 12 | B19: GROSS REVENUE TAX | C19: ='Trial Balance'!C204 -> 103791.46 | D19: =-C19 -> -103791.46 | E19: =C19+D19 -> 0 | F19: line 33 below
A20: =A19+1 -> 13 | B20: INTEREST ON LT DEBT | C20: ='Trial Balance'!C213 -> 1206298.6 | D20: =+'S9 - Interest Exp'!D25 -> -56817.42 | E20: =C20+D20 -> 1149481.2 | F20: S9 Tab
A21: =A20+1 -> 14 | B21: OTHER INTEREST | C21: =+'Trial Balance'!C219 -> 4405.9 | D21: =+'S9 - Interest Exp'!D29 -> 0 | E21: =C21+D21 -> 4405.9 | F21: S9 Tab
A22: =A21+1 -> 15 | B22: OTHER DEDUCTIONS | C22: ='Trial Balance'!C227 -> 10123.85 | D22: =+'S11 - Other Revenues'!D55 -> -10123.85 | E22: =C22+D22 -> 0 | F22: S11 Tab
A23: =A22+1 -> 16 | B23: TOTAL COST OF SERVICE | C23: =SUM(C15:C22) -> 21155616 | D23: =SUM(D15:D22) -> 699836.66 | E23: =SUM(E15:E22) -> 21855452
A24: =A23+1 -> 17 | B24: INTEREST & DIVIDEND INCOME (419's) | C24: ='Trial Balance'!C237 -> -1141319.7 | D24: =-'S10 - Int & Div Income'!E12 -> -27281.91 | E24: =C24+D24 -> -1168601.6 | F24: S10 Tab
A25: =A24+1 -> 18 | B25: OTHER OPERATING REVENUES | C25: =+SUM('Trial Balance'!C11:C15) -> -2702158.1 | D25: ='S11 - Other Revenues'!D31 -> -65798.38 | E25: =C25+D25 -> -2767956.5 | F25: S11 Tab
A26: =A25+1 -> 19 | B26: OTHER CAPITAL CREDITS | C26: ='Trial Balance'!C264 -> -53512.89 | D26: =-'S10 - Int & Div Income'!E22 -> 0 | E26: =C26+D26 -> -53512.89 | F26: S10 Tab
A27: =A26+1 -> 20 | B27: NON OPERATING (INCOME)/EXPENSE | C27: =('Trial Balance'!C257) -> 39552 | D27: =+'S11 - Other Revenues'!D38 -> -39552 | E27: =C27+D27 -> 0 | F27: S11 Tab
A28: =A27+1 -> 21 | B28: OTHER INCOME & EXPENSE | C28: =+'Trial Balance'!C251 -> -14104.38 | D28: =+'S11 - Other Revenues'!D46 -> 9.4575829 | E28: =C28+D28 -> -14094.922 | F28: S11 Tab
A29: =A28+1 -> 22 | B29: CUMULATIVE EFFECT ON PRIOR YEAR CHANGE | C29: 0 | D29: =+'S11 - Other Revenues'!D58 -> 0 | E29: =C29+D29 -> 0 | F29: S11 Tab
A30: =A29+1 -> 23 | B30: TOTAL REVENUE REQUIREMENT | C30: =SUM(C23:C29) -> 17284073 | D30: =SUM(D23:D29) -> 567213.83 | E30: =SUM(E23:E29) -> 17851287
A31: =A30+1 -> 24 | B31: LOSS OF LOAD/NET METER | D31: -235114 | E31: =+D31 -> -235114 | F31: S16 Tab
A32: =A31+1 -> 25 | B32: REVENUE AT EXISTING RATES | C32: =-SUM('Trial Balance'!C6:C10) -> 17067642 | D32: ='S17 - Effect on Revenue'!Q60 -> -10349.702 | E32: =C32+D32+E31 -> 16822179 | F32: S17 Tab
A33: =A32+1 -> 26 | B33: REVENUE LESS EXPENSES (MARGIN) | C33: =C32-C30 -> -216430.22 | E33: =E32-E30 -> -1029107.8
A34: =A33+1 -> 27 | B34: REVENUE LESS EXPENSES - TEST YR VS. ADJ TEST YR | C34: =+C33 -> -216430.22 | D34: =+E34-C34 -> 1365911.4 | E34: =+E36 -> 1149481.2
A35: =A34+1 -> 28
A36: =A35+1 -> 29 | B36: =CONCATENATE("TOTAL REQUIRED MARGIN = TIER "&(K45)) -> TOTAL REQUIRED MARGIN = TIER 2 | C36: =1.1*(C20) -> 1326928.5 | E36: =1*(E20) -> 1149481.2 | F36: S12 Tab
A37: =A36+1 -> 30
A38: =A37+1 -> 31 | B38: ADDITIONAL RETURN REQUIRED | C38: =+C36-C33 -> 1543358.7 | D38: =+D30+D34 -> 1933125.2 | E38: =+E36-E33 -> 2178588.9
A39: =A38+1 -> 32
A40: =A39+1 -> 33 | B40: GROSS RECEIPTS & GROSS REVENUE TAX | E40: =+'S15 - Gross Rec & Rev Tax'!E18 -> 209289.64 | F40: S15 Tab
A41: =A40+1 -> 34 | B41: TOTAL REQUIRED ADDITIONAL REVENUE | C41: =+C38+C40 -> 1543358.7 | E41: =+E38+E40 -> 2387878.6
A42: =A41+1 -> 35 | B42: REQ'D ADDITIONAL REVENUE | E42: =ROUND(+E41/E32,4) -> 0.1419
K45: 2
F86: 13

Sheet S1-A Summary of Variances
A1: EXHIBIT: WEC - 1
A2: SCHEDULE S1-A
A3: BREAKDOWN OF PROPOSED RATE INCREASE
B6: Revenue Requirement | C6: Percent of | D6: Rate Increase
B7: Increase | C7: Increase | D7: Required
A8: EXPENSE ITEMS
A10: Change in Purchased Power | B10: =+'S1-Revenue Requirement'!D8 -> 703615.66 | C10: =+B10/($B$32+$B$35) -> 0.29466141 | D10: =+$B$38*C10 -> 0.041826666
A11: Change in Power Production | B11: =+'S1-Revenue Requirement'!D14 -> 84434.913 | C11: =+B11/($B$32+$B$35) -> 0.035359801 | D11: =+$B$38*C11 -> 0.0050192614
A12: Change in O&M Costs | B12: =SUM('S1-Revenue Requirement'!D9:D13) -> 165961.26 | C12: =+B12/($B$32+$B$35) -> 0.069501548 | D12: =+$B$38*C12 -> 0.0098656221
A13: Change in Depreciation Expense | B13: =+'S1-Revenue Requirement'!D17 -> 1895.78 | C13: =+B13/($B$32+$B$35) -> 0.00079391809 | D13: =+$B$38*C13 -> 0.00011269527
A14: Change in Gross Receipts & Gross Rev Tax | B14: =+'S1-Revenue Requirement'!D18+'S1-Revenue Requirement'!D19+'S1-Revenue Requirement'!E40 -> 20159.961 | C14: =+B14/($B$32+$B$35) -> 0.0084426239 | D14: =+$B$38*C14 -> 0.0011984156
A15: Change in Interest Expense | B15: =+'S1-Revenue Requirement'!D20 -> -56817.42 | C15: =+B15/($B$32+$B$35) -> -0.023794099 | D15: =+$B$38*C15 -> -0.0033775304
A16: Change in Other Deductions | B16: =+'S1-Revenue Requirement'!D22 -> -10123.85 | C16: =+B16/($B$32+$B$35) -> -0.0042396837 | D16: =+$B$38*C16 -> -0.00060181562
A18: REVENUE ITEMS
A20: Change in Interest & Dividend Income | B20: =-'S1-Revenue Requirement'!D24 -> 27281.91 | C20: =-B20/($B$32+$B$35) -> -0.011425166 | D20: =+$B$38*C20 -> -0.0016217822
A21: Change in Operating Revenues | B21: =-'S1-Revenue Requirement'!D25 -> 65798.38 | C21: =-B21/($B$32+$B$35) -> -0.027555162 | D21: =+$B$38*C21 -> -0.0039114065
A22: Change in Capital Credits | B22: =-'S1-Revenue Requirement'!D26 -> 0 | C22: =-B22/($B$32+$B$35) -> 0 | D22: =+$B$38*C22 -> 0
A23: Change in Non Operating Income | B23: =-'S1-Revenue Requirement'!D27 -> 39552 | C23: =-B23/($B$32+$B$35) -> -0.016563656 | D23: =+$B$38*C23 -> -0.0023511818
A24: Change in Other Income & Expense | B24: =-'S1-Revenue Requirement'!D28 -> -9.4575829 | C24: =-B24/($B$32+$B$35) -> 3.9606632e-06 | D24: =+$B$38*C24 -> 5.6220915e-07
A25: Change in Cumulative Effect on Prior Year Change | B25: =+'S1-Revenue Requirement'!C29 -> 0 | C25: =-B25/($B$32+$B$35) -> 0 | D25: =+$B$38*C25 -> 0
A27: Rate Increase effective 11/1/2022 | B27: =+'S1-Revenue Requirement'!D32 -> -10349.702 | C27: =-B27/($B$32+$B$35) -> 0.0043342664 | D27: =+$B$38*C27 -> 0.00061524147
A28: Change in Net Income | B28: =+'S1-Revenue Requirement'!D34 -> 1365911.4 | C28: =+B28/($B$32+$B$35) -> 0.57201879 | D28: =+$B$38*C28 -> 0.081197057
A30: Loss of Load/Net Meter | B30: =+'S1-Revenue Requirement'!D31 -> -235114 | C30: =-B30/($B$32+$B$35) -> 0.098461455 | D30: =+$B$38*C30 -> 0.01397643
A32: Total Additional Revenue Requirement | B32: =+'S1-Revenue Requirement'!E41 -> 2387878.6 | C32: =SUM(C10:C31) -> 1 | D32: =SUM(D10:D31) -> 0.14194823
A34: Base Revenue | B34: =+'S1-Revenue Requirement'!E32 -> 16822179
A38: Percent Increase | B38: =+B32/B34 -> 0.14194823

Sheet S2 - Power Supply
A1: EXHIBIT: WEC - 1
A2: SCHEDULE 2
A3: POWER SUPPLY
A6: WEC Power Costs
D7: Test Year | F7: Pro Forma | H7: =+'S1-Revenue Requirement'!E6 -> 11/1/22-10/31/23
A8: ACCT | B8: Account Name & Description | D8: =+'S1-Revenue Requirement'!C6 -> 7/1/21 - 6/30/22 | F8: Adjustments | H8: ADJ Rate Year | I8: Adjustment Description
A10: 557.02 | B10: PROFORMA LABOR COST | D10: 0 | F10: =+H10-D10 -> 0 | H10: 0 | I10: Included Below
A12: 555.01 | B12: Purchased Power | D12: =+'Trial Balance'!C42 -> 8495999.3 | F12: =+H12-D12 -> 703615.66 | H12: =+I79 -> 9199615 | I12: Schedule 2 Assumptions
A14: 557.01, 03, 04 | B14: Other Purch Power | D14: 0 | F14: =+H14-D14 -> 0 | H14: 0 | I14: Included below
A17: Total Purchase Power Pro Forma Adjustments | D17: =SUM(D10:D15) -> 8495999.3 | F17: =SUM(F10:F15) -> 703615.66 | H17: =SUM(H10:H15) -> 9199615
A19: Detailed Schedule of Purchased Power (FERC Acct 555) | D19: Input cells
A21: Line | B21: Source | D21: 7/1/21 -6/30/22 Test Year | F21: Pro Forma Adjustments | H21: 11/1/22 - 10/31/23 Adjusted Rate Year | J21: Line
D22: mWh | E22: $ | F22: mWh | G22: $ | H22: mWh | I22: $
A23: 1 | B23: Resources | D23: 73823 | E23: 8967606 | G23: =+I23-E23 -> 5157577 | H23: 77881 | I23: 14125183 | J23: 1
A24: =1+A23 -> 2 | B24: On Peak Market Purchase | D24: 1984 | E24: 94434 | F24: =+H24-D24 -> -1984 | G24: =+I24-E24 -> -94434 | I24: 0 | J24: =1+J23 -> 2
A25: =1+A24 -> 3 | B25: NYPA Niagara | D25: 11250 | E25: -328298 | F25: =+H25-D25 -> -872 | G25: =+I25-E25 -> -481912 | H25: 10378 | I25: -810210 | J25: =1+J24 -> 3
A26: =1+A25 -> 4 | B26: NYPA St Lawrence | D26: 263 | E26: -17379 | F26: =+H26-D26 -> 5 | G26: =+I26-E26 -> -10118 | H26: 268 | I26: -27497 | J26: =1+J25 -> 4
A27: =1+A26 -> 5 | B27: VEPPI: Ryegate | D27: 2258 | E27: 61648 | F27: =+H27-D27 -> 9 | G27: =+I27-E27 -> -136075 | H27: 2267 | I27: -74427 | J27: =1+J26 -> 5
A28: =1+A27 -> 6 | B28: VEPPI | F28: =+H28-D28 -> 0 | G28: =+I28-E28 -> 0 | J28: =1+J27 -> 6
A29: =1+A28 -> 7 | B29: Wrightsville Hydro | D29: 1046 | F29: =+H29-D29 -> 400 | G29: =+I29-E29 -> -181832 | H29: 1446 | I29: -181832 | J29: =1+J28 -> 7
A30: =1+A29 -> 8 | B30: Coventry Clean Energy Corp | D30: 48903 | E30: -1763704 | F30: =+H30-D30 -> 1658 | G30: =+I30-E30 -> -2634247 | H30: 50561 | I30: -4397951 | J30: =1+J29 -> 8
A31: =1+A30 -> 9 | B31: Vermont Wind | D31: 8119 | E31: 57278 | F31: =+H31-D31 -> -54 | G31: =+I31-E31 -> -653781 | H31: 8065 | I31: -596503 | J31: =1+J30 -> 9
A32: =1+A31 -> 10 | B32: HQUS contract | F32: =+H32-D32 -> 4896 | G32: =+I32-E32 -> -8833 | H32: 4896 | I32: -8833 | J32: =1+J31 -> 10
A33: =1+A32 -> 11 | F33: =+H33-D33 -> 0 | G33: =+I33-E33 -> 0 | I33: 0 | J33: =1+J32 -> 11
A34: =1+A33 -> 12 | F34: =+H34-D34 -> 0 | G34: =+I34-E34 -> 0 | I34: 0 | J34: =1+J33 -> 12
A35: =1+A34 -> 13 | F35: =+H35-D35 -> 0 | G35: =+I35-E35 -> 0 | I35: 0 | J35: =1+J34 -> 13
A36: =1+A35 -> 14 | G36: =+I36-E36 -> 0 | I36: 0 | J36: =1+J35 -> 14
A37: =1+A36 -> 15 | F37: =+H37-D37 -> 0 | G37: =+I37-E37 -> 0 | J37: =1+J36 -> 15
A38: =1+A37 -> 16 | B38: Load & Load Charges | F38: =+H38-D38 -> 0 | G38: =+I38-E38 -> 0 | J38: =1+J37 -> 16
A39: =1+A38 -> 17 | B39: Settlement Load (in kWh) | D39: 78918 | G39: =+I39-E39 -> 0 | H39: 78918 | J39: =1+J38 -> 17
A40: =1+A39 -> 18 | B40: Load Energy Charges (Vermont Zone) | E40: =5994928+1 -> 5994929 | F40: =+H40-D40 -> 0 | G40: =+I40-E40 -> 5053010 | I40: =11047938+1 -> 11047939 | J40: =1+J39 -> 18
A41: =1+A40 -> 19 | B41: Load Capacity Charges (FCM) | E41: 1046857 | F41: =+H41-D41 -> 0 | G41: =+I41-E41 -> -415474 | I41: 631383 | J41: =1+J40 -> 19
A42: =1+A41 -> 20 | F42: =+H42-D42 -> 0 | G42: =+I42-E42 -> 0 | I42: 0 | J42: =1+J41 -> 20
A43: =1+A42 -> 21 | J43: =1+J42 -> 21
A44: =1+A43 -> 22 | F44: =+H44-D44 -> 0 | G44: =+I44-E44 -> 0 | J44: =1+J43 -> 22
A45: =1+A44 -> 23 | B45: Other Load and Market Charges/(Credits) | F45: =+H45-D45 -> 0 | G45: =+I45-E45 -> 0 | J45: =1+J44 -> 23
A46: =1+A45 -> 24 | B46: REC purchases | D46: 60000 | E46: 287250 | F46: =+H46-D46 -> -4896 | G46: =+I46-E46 -> 263790 | H46: 55104 | I46: 551040 | J46: =1+J45 -> 24
A47: =1+A46 -> 25 | B47: Misc Load Charges/Credits | E47: -22470 | F47: =+H47-D47 -> 0 | G47: =+I47-E47 -> 0 | I47: -22470 | J47: =1+J46 -> 25
A48: =1+A47 -> 26 | B48: Reserve Market Settlement | E48: 25349 | F48: =+H48-D48 -> 0 | G48: =+I48-E48 -> 0 | I48: 25349 | J48: =1+J47 -> 26
A49: =1+A48 -> 27 | B49: Auction Revenue Rights (ARRs) | E49: -10135 | F49: =+H49-D49 -> 0 | G49: =+I49-E49 -> 0 | I49: -10135 | J49: =1+J48 -> 27
A50: =1+A49 -> 28 | B50: Marginal loss revenues | E50: -16455 | F50: =+H50-D50 -> 0 | G50: =+I50-E50 -> 0 | I50: -16455 | J50: =1+J49 -> 28
A51: =1+A50 -> 29 | B51: Operating Reserves (NCPC) | E51: 18378 | F51: =+H51-D51 -> 0 | G51: =+I51-E51 -> 0 | I51: 18378 | J51: =1+J50 -> 29
A52: =1+A51 -> 30 | B52: Regulation services | E52: 20542 | F52: =+H52-D52 -> 0 | G52: =+I52-E52 -> 0 | I52: 20542 | J52: =1+J51 -> 30
A53: =1+A52 -> 31 | B53: VPPSA fees | E53: =41387+14900-434 -> 55853 | F53: =+H53-D53 -> 0 | G53: =+I53-E53 -> 0 | I53: =41387+14900-434 -> 55853 | J53: =1+J52 -> 31
A54: =1+A53 -> 32 | B54: Winter Reliability Charges | E54: 0 | F54: =+H54-D54 -> 0 | G54: =+I54-E54 -> 0 | J54: =1+J53 -> 32
A55: =1+A54 -> 33 | B55: ISONE self fund | E55: 139174 | F55: =+H55-D55 -> 0 | G55: =+I55-E55 -> 0 | I55: 139174 | J55: =1+J54 -> 33
A56: =1+A55 -> 34 | B56: Transmission Charges | F56: =+H56-D56 -> 0 | G56: =+I56-E56 -> 0 | J56: =1+J55 -> 34
A57: =1+A56 -> 35 | B57: GMP Transmission | E57: 325633 | F57: =+H57-D57 -> 0 | G57: =+I57-E57 -> 28979 | I57: 354612 | J57: =1+J56 -> 35
A58: =1+A57 -> 36 | B58: Marginal loss revenue | F58: =+H58-D58 -> 0 | G58: =+I58-E58 -> 0 | J58: =1+J57 -> 36
A59: =1+A58 -> 37 | B59: Auction Revenue Rights (ARRs) | F59: =+H59-D59 -> 0 | G59: =+I59-E59 -> 0 | J59: =1+J58 -> 37
A60: =1+A59 -> 38 | B60: Nepool/ISO Transmission | E60: 2053105 | F60: =+H60-D60 -> 0 | G60: =+I60-E60 -> -25457 | I60: 2027648 | J60: =1+J59 -> 38
A61: =1+A60 -> 39 | B61: Phase 1 | E61: 2081 | F61: =+H61-D61 -> 0 | G61: =+I61-E61 -> 0 | I61: 2081 | J61: =1+J60 -> 39
A62: =1+A61 -> 40 | B62: vTA refund | E62: 795 | G62: =+I62-E62 -> 0 | I62: 795 | J62: =1+J61 -> 40
A63: =1+A62 -> 41 | B63: VEPPI OATT | E63: 3600 | G63: =+I63-E63 -> 0 | I63: 3600 | J63: =1+J62 -> 41
A64: =1+A63 -> 42 | B64: Velco '91 | E64: 343458 | F64: =+H64-D64 -> 0 | G64: =+I64-E64 -> 0 | I64: 343458 | J64: =1+J63 -> 42
A65: =1+A64 -> 43 | B65: Velco-Substation participation | E65: =16478+9054+491+47515+10503 -> 84041 | G65: =+I65-E65 -> 0 | I65: =16478+9054+491+47515+10503 -> 84041 | J65: =1+J64 -> 43
A66: =1+A65 -> 44 | F66: =+H66-D66 -> 0 | G66: =+I66-E66 -> 0 | J66: =1+J65 -> 44
A67: =1+A66 -> 45 | B67: Other Charges/(Credits) | G67: =+I67-E67 -> 0 | J67: =1+J66 -> 45
A68: =1+A67 -> 46 | B68: HQ Participant Charges | F68: =+H68-D68 -> 0 | G68: =+I68-E68 -> 0 | I68: 0 | J68: =1+J67 -> 46
A69: =1+A68 -> 47 | B69: GIS costs | E69: 698 | F69: =+H69-D69 -> 0 | G69: =+I69-E69 -> 0 | I69: 698 | J69: =1+J68 -> 47
A70: =1+A69 -> 48 | B70: Metering Adjustment | F70: =+H70-D70 -> 0 | G70: =+I70-E70 -> 0 | J70: =1+J69 -> 48
A71: =1+A70 -> 49 | B71: VELCO Market Settlement (VELCO Services) | F71: =+H71-D71 -> 0 | G71: =+I71-E71 -> 0 | J71: =1+J70 -> 49
A72: =1+A71 -> 50 | B72: VELCO Tariff Allocation (ISO Misc) | F72: =+H72-D72 -> 0 | G72: =+I72-E72 -> 0 | J72: =1+J71 -> 50
A73: =1+A72 -> 51 | B73: GMP bills Graniteville | E73: 544 | F73: =+H73-D73 -> 0 | G73: =+I73-E73 -> 0 | I73: 544 | J73: =1+J72 -> 51
A74: =1+A73 -> 52 | B74: Phone lines to subs | E74: 10326 | F74: =+H74-D74 -> 0 | G74: =+I74-E74 -> 0 | I74: 10326 | J74: =1+J73 -> 52
A75: =1+A74 -> 53 | B75: Power plan exp | E75: 16146 | F75: =+H75-D75 -> 0 | G75: =+I75-E75 -> 0 | I75: 16146 | J75: =1+J74 -> 53
A76: =1+A75 -> 54 | B76: WEC labor | E76: 2996 | G76: =+I76-E76 -> 0 | I76: 2996 | J76: =1+J75 -> 54
A77: =1+A76 -> 55 | B77: VELCO Service Fees | E77: =3202+2893+3232-2 -> 9325 | G77: =+I77-E77 -> 0 | I77: =3202+2893+3232-2 -> 9325 | J77: =1+J76 -> 55
A78: =1+A77 -> 56 | F78: =+H78-D78 -> 0 | G78: =+I78-E78 -> 0 | J78: =1+J77 -> 56
A79: =1+A78 -> 57 | B79: 555.00 Purchased Power | E79: =+SUM(E24:E78) -> 8495999 | F79: =+SUM(F24:F78) -> -838 | G79: =+SUM(G24:G78) -> 703616 | H79: =+SUM(H24:H78) -> 211903 | I79: =+SUM(I24:I78) -> 9199615 | J79: =1+J78 -> 57
A80: =1+A79 -> 58 | E80: 0 | F80: =+H80-D80 -> 0 | G80: =+I80-E80 -> 0 | H80: 0 | I80: 0 | J80: =1+J79 -> 58
A81: =1+A80 -> 59 | E81: 0 | F81: =+H81-D81 -> 0 | G81: =+I81-E81 -> 0 | H81: 0 | J81: =1+J80 -> 59
A82: =1+A81 -> 60 | B82: 447.00 Sales for Resale | D82: =+D81+D80 -> 0 | E82: =+E81+E80 -> 0 | F82: =+H82-D82 -> 0 | G82: =+I82-E82 -> 0 | H82: =+H81+H80 -> 0 | I82: =+I81+I80 -> 0 | J82: =1+J81 -> 60
A83: =1+A82 -> 61 | B83: Net Purchased Power | D83: =+D79-D82 -> 0 | E83: =+E79-E82 -> 8495999 | F83: =+F79-F82 -> -838 | G83: =+G79-G82 -> 703616 | H83: =+H79-H82 -> 211903 | I83: =+I79-I82 -> 9199615 | J83: =1+J82 -> 61
A84: =1+A83 -> 62 | B84: 548.00 Generation | F84: =+F23 -> 0 | H84: =+H23 -> 77881 | J84: =1+J83 -> 62
A85: =1+A84 -> 63 | B85: Total | D85: =+D83+D84 -> 0 | E85: =+E83+E84 -> 8495999 | F85: =+F83+F84 -> -838 | G85: =+G83+G84 -> 703616 | H85: =+H83+H84 -> 289784 | I85: =+I83+I84 -> 9199615 | J85: =1+J84 -> 63
E86: =+D12-E85 -> 0.34

Sheet S3 - Transmission & Power Prod
A1: EXHIBIT: WEC - 1
A2: SCHEDULE 3
A3: TRANSMISSION & POWER PROD
A6: WEC Transmission Costs
D7: Test Year | E7: Pro Forma | F7: =+'S1-Revenue Requirement'!E6 -> 11/1/22-10/31/23
A8: ACCT | B8: Account Name & Description | D8: =+'S1-Revenue Requirement'!C6 -> 7/1/21 - 6/30/22 | E8: Adjustments | F8: ADJ Rate Year | G8: Adjustment Description
A10: VARIOUS | B10: PROFORMA LABOR COST | D10: =+'S6A - Payroll by Function'!C8 -> 6556.4977 | E10: =+F10-D10 -> 223.6255 | F10: =+'S6A - Payroll by Function'!E8 -> 6780.1232 | G10: Schedule S6-A
A12: 563.02 | B12: TRANSMISSION - PROPERTY TAXES (#105) | D12: =+'S6 - Admin & Gen'!E48 -> 62615 | E12: =+F12-D12 -> 1089.2998 | F12: =+'S6 - Admin & Gen'!G48 -> 63704.3 | G12: Schedule 6 Property Tax Work Area
A18: 571.03 | B18: TRANSMISSION - ROW | D18: =+'Trial Balance'!C52 -> 21594.39 | E18: =+F18-D18 -> -0.39 | F18: 21594
A26: Total Transmission Pro Forma Adjustments | E26: =SUM(E10:E18) -> 1312.5353
A32: WEC Power Production Costs
D33: Test Year | E33: Pro Forma | F33: =+F7 -> 11/1/22-10/31/23
A34: ACCT | B34: Account Name & Description | D34: =+D8 -> 7/1/21 - 6/30/22 | E34: Adjustments | F34: =+F8 -> ADJ Rate Year | G34: Adjustment Description
A36: VARIOUS | B36: PROFORMA LABOR COST | D36: =+'S6A - Payroll by Function'!C9 -> 60091.44 | E36: =+F36-D36 -> 2049.5666 | F36: =+'S6A - Payroll by Function'!E9 -> 62141.007 | G36: Schedule S6-A
A38: 538.01 | B38: Hydro Oper - Elec Exp Property Tax Only | D38: =+'S14 - Property Tax Generation'!C11 -> 34190 | E38: =+F38-D38 -> 880.62594 | F38: =+'S14 - Property Tax Generation'!E11 -> 35070.626 | G38: Schedule S14
A40: 548.01 | B40: CCEC Generation Oper Exp Property Tax Only | D40: 100148 | E40: =+F40-D40 -> 81504.72 | F40: =+'S14 - Property Tax Generation'!E13 -> 181652.72 | G40: Schedule S14 | H40: CCEC taxes estimated high at beg
H41: of 2021/no expense recognized Sept
H42: to Dec of 2021 in test year
A43: Total Transmission Pro Forma Adjustments | E43: =SUM(E36:E40) -> 84434.913

Sheet S4 - Dist Maint & Ops
A1: EXHIBIT: WEC - 1
A2: SCHEDULE 4
A3: DISTRIBUTION OPERATION & MAINTENANCE EXPENSE;
G6: Test Year | H6: Pro Forma | I6: =+'S1-Revenue Requirement'!E6 -> 11/1/22-10/31/23
A7: ACCT | B7: DISTRIBUTION MAINTENANCE | G7: =+'S1-Revenue Requirement'!C6 -> 7/1/21 - 6/30/22 | H7: Adjustments | I7: ADJ Rate Year | J7: Adjustment Description
A9: VARIOUS | B9: PROFORMA LABOR COST | G9: =+'S6A - Payroll by Function'!C11 -> 1690111.1 | H9: =+I9-G9 -> 57645.403 | I9: =+'S6A - Payroll by Function'!E11 -> 1747756.5 | J9: Schedule S6-A
A19: 593.03 | B19: DIST MAINT - OH LINES ROW | G19: =+'Trial Balance'!C90 -> 1392291.6 | H19: =+I19-G19 -> -296194.58 | I19: 1096097
H20: =+I20-G20 -> 0
G21: =SUM(G19:G20) -> 1392291.6 | H21: =SUM(H19:H20) -> -296194.58 | I21: =SUM(I19:I20) -> 1096097
A23: 593.02 | B23: MAJOR STORM DAMAGE EXPENSE: (EXTERNAL COSTS)
B24: FIVE YEAR AVERAGE **(1)** | I24: =+D54 -> 212318.5 | J24: See Four Year Avg Calculation Below
B25: All Non Payroll Related Cost | G25: =10107.68+844.18+1644.3+18583.93 -> 31180.09
B26: INCREASE (DECREASE) IN COST | G26: =SUM(G24:G25) -> 31180.09 | H26: =+I26-G26 -> 181138.41 | I26: =SUM(I24:I25) -> 212318.5
B28: TOTAL INCREASE (DECREASE) IN DISTRIBUTION MAINTENANCE | H28: =+H9+H21+H26 -> -57410.767
G31: Test Year | H31: Pro Forma | I31: =+I6 -> 11/1/22-10/31/23
A32: ACCT | B32: DISTRIBUTION OPERATION | G32: =+G7 -> 7/1/21 - 6/30/22 | H32: Adjustments | I32: =+I7 -> ADJ Rate Year | J32: Adjustment Description
A34: VARIOUS | B34: PROFORMA LABOR COST | G34: =+'S6A - Payroll by Function'!C10 -> 1004805.2 | H34: =+I34-G34 -> 34271.356 | I34: =+'S6A - Payroll by Function'!E10 -> 1039076.6 | J34: Schedule S6-A
A39: 583.01 | B39: DISTRIBUTION OPERATION - PROPERTY TAXES | G39: =+'S6 - Admin & Gen'!E49+'S6 - Admin & Gen'!E50+'S6 - Admin & Gen'!E51 -> 1326295.5 | H39: =+I39-G39 -> 23073.28 | I39: =+'S6 - Admin & Gen'!G49+'S6 - Admin & Gen'!G50+'S6 - Admin & Gen'!G51 -> 1349368.8 | J39: Schedule 6 Property Tax Work Area
B44: TOTAL INCREASE (DECREASE) IN DISTRIBUTION OPERATION | H44: =SUM(H33:H43) -> 57344.636
A48: **(1)** | B48: STORM DAMAGE EXPENSE(Major) -- Non Payroll Related Costs. Costs have been reduced by FEMA reimbused amounts.
B49: Calendar Year | D49: 593.02
B50: 2017 | D50: 348150
B51: 2019 | D51: 302747 | F51: omit 2018 costs of $769,949 as they were highly unusual
B52: 2020 | D52: 87744
B53: 2021 | D53: 110633
B54: AVERAGE | D54: =AVERAGE(D50:D53) -> 212318.5

Sheet S5 - Cust Accts
A1: EXHIBIT: WEC - 1
A2: SCHEDULE 5
A3: CUSTOMER ACCOUNTS EXPENSE DETAIL
G6: Test Year | H6: Pro Forma | I6: =+'S1-Revenue Requirement'!E6 -> 11/1/22-10/31/23
A7: ACCT | B7: CUSTOMER ACCOUNTS | G7: =+'S1-Revenue Requirement'!C6 -> 7/1/21 - 6/30/22 | H7: Adjustments | I7: ADJ Rate Year | J7: Adjustment Description
A9: VARIOUS | B9: PROFORMA LABOR COST | G9: =+'S6A - Payroll by Function'!C12 -> 641108.93 | H9: =+I9-G9 -> 21866.599 | I9: =+'S6A - Payroll by Function'!E12 -> 662975.53 | J9: Schedule S6-A
A11: 905 | B11: MISC CUST ACCTS EXP | G11: =+'S6 - Admin & Gen'!E52 -> 3774 | H11: =+I11-G11 -> 65.655474 | I11: =+'S6 - Admin & Gen'!G52 -> 3839.6555 | J11: Schedule 6 Property Tax Work Area
A15: 908.07 | B15: TIER 3 Requirements (non payroll) | G15: =+'Trial Balance'!C133 -> 183314.51 | H15: =+I15-G15 -> 32380.49 | I15: 215695 | J15: 2022 Calendar Year TIER 3 filing
B20: TOTAL INCREASE (DECREASE) IN CUSTOMER ACCOUNTS EXP. | H20: =SUM(H9:H19) -> 54312.745

Sheet S6 - Admin & Gen
A1: EXHIBIT: WEC - 1
A2: SCHEDULE 6
A3: A&G EXPENSE DETAIL
E6: Test Year | F6: Pro Forma | G6: =+'S1-Revenue Requirement'!E6 -> 11/1/22-10/31/23
A7: ACCT | B7: ADMIN & GENERAL | E7: =+'S1-Revenue Requirement'!C6 -> 7/1/21 - 6/30/22 | F7: Adjustments | G7: ADJ Rate Year | H7: Adjustment Description
A9: VARIOUS | B9: PROFORMA LABOR COST | E9: =+'S6A - Payroll by Function'!C13 -> 1331137.5 | F9: =+G9-E9 -> 45401.723 | G9: =+'S6A - Payroll by Function'!E13 -> 1376539.2 | H9: Schedule S6-A
A11: 920.04 | B11: ADMIN & GEN - UNION NEGOTIATIONS (Non Payroll) | E11: 0 | F11: =+G11-E11 -> 0 | G11: 0 | H11: Next Negotiation 2020
A13: 923.03 | B13: OUT SERV-AUDIT | E13: =+'Trial Balance'!C157 -> 40295 | F13: =+G13-E13 -> -6845 | G13: 33450 | H13: Contracted Audit Fees
A16: Various | B16: RISK INSURANCE | E16: =+'S7 - Insurance'!B38 -> 88987.639 | F16: =+G16-E16 -> 1727.9921 | G16: =+'S7 - Insurance'!F38 -> 90715.632 | H16: Schedule S7
A19: 930.2 | B19: =+B53 -> MISC GEN EXP PROP TAX | E19: =+E53 -> 6748 | F19: =+G19-E19 -> 117.39352 | G19: =+G53 -> 6865.3935 | H19: Schedule 6 Property Tax Work Area (Below)
B23: LOAD FORECAST | E23: 0 | F23: =+G23-E23 -> 10000 | G23: 10000
A25: 928.07 | B25: REG EXP - IRP (non payroll) | E25: 0 | F25: =+G25-E25 -> 60000 | G25: 60000 | H25: Consultant for IRP
B28: TOTAL A&G PRO FORMA ADJUSTMENTS | F28: =SUM(F9:F27) -> 110402.11 | H28: TOTAL A&G ADJUSTMENTS
A30: Work Area for Property Taxes:
B32: Description | C32: 2017 | D32: 2018 | E32: 2019 | F32: 2020 | G32: 2021 | H32: Rate Year Projection | I32: Adjustment Description
B33: Total Property Tax Expense/Year | C33: 1080713 | D33: 1133246 | E33: 1190285 | F33: 1297335.2 | G33: 1381089.5 | H33: =G33*(G36+1) -> 1441260 | I33: Rate Year Projected = 2021 * 5 yr avg % Increase
B34: Change from Prior Year | C34: 42851.28 | D34: =+D33-C33 -> 52532.95 | E34: =+E33-D33 -> 57039.02 | F34: =+F33-E33 -> 107050.19 | G34: =+G33-F33 -> 83754.31
B35: % Increase | C35: 0.041288043 | D35: =+D34/C33 -> 0.048609528 | E35: =+E34/D33 -> 0.050332427 | F35: =+F34/E33 -> 0.089936604 | G35: =+G34/F33 -> 0.064558729 | H35: -0.0356 | I35: 2022 Current bills coming in less than 2021. Include reduction
B36: Five Year Average Increase | G36: =AVERAGE(D35:H35) -> 0.043567458 | I36: in 5 year average
E41: Test Year | F41: Pro Forma | G41: =+G6 -> 11/1/22-10/31/23
E42: =+E7 -> 7/1/21 - 6/30/22 | F42: Adjustments | G42: ADJ Test Year | H42: Schedule #
A43: 107.04 | B43: CWIP OH | E43: 5337 | F43: =+G43-E43 -> 92.846652 | G43: =+(E43/$E$55)*$G$55 -> 5429.8467 | H43: N/A
A44: 163.01 | B44: STORES CLEARING | E44: 9478 | F44: =+G44-E44 -> 164.88675 | G44: =+(E44/$E$55)*$G$55 -> 9642.8867 | H44: N/A
A45: 184.01 | B45: TRANS EXP - CLEAR | E45: 2368 | F45: =+G45-E45 -> 41.195591 | G45: =+(E45/$E$55)*$G$55 -> 2409.1956 | H45: N/A
A46: 538.01 | B46: HYDRO OPER - ELEC EXP | E46: 0 | F46: =+G46-E46 -> 0 | G46: =+(E46/$E$55)*$G$55 -> 0 | H46: N/A
A47: 548.01 | B47: CCEC GENERATION OPER EXP | E47: 0 | F47: =+G47-E47 -> 0 | G47: =+(E47/$E$55)*$G$55 -> 0
A48: 563.02 | B48: TRANS - OPER OH PROP TAX | E48: 62615 | F48: =+G48-E48 -> 1089.2998 | G48: =+(E48/$E$55)*$G$55 -> 63704.3 | H48: Schedule 3
A49: 582.01 | B49: DIST - STATION EXP | E49: 80546 | F49: =+G49-E49 -> 1401.2416 | G49: =+(E49/$E$55)*$G$55 -> 81947.242 | H49: Schedule 4
A50: 583.01 | B50: DIST - O/H LINE EXP | E50: 1208064.5 | F50: =+G50-E50 -> 21016.441 | G50: =+(E50/$E$55)*$G$55 -> 1229080.9 | H50: Schedule 4
A51: 586.01 | B51: DIST - METER EXP | E51: 37685 | F51: =+G51-E51 -> 655.59791 | G51: =+(E51/$E$55)*$G$55 -> 38340.598 | H51: Schedule 4
A52: 905.01 | B52: MISC CUST ACCTS EXP | E52: 3774 | F52: =+G52-E52 -> 65.655474 | G52: =+(E52/$E$55)*$G$55 -> 3839.6555 | H52: Schedule 5
A53: 930.2 | B53: MISC GEN EXP PROP TAX | E53: 6748 | F53: =+G53-E53 -> 117.39352 | G53: =+(E53/$E$55)*$G$55 -> 6865.3935 | H53: Schedule 6
F54: =+G54-E54 -> 0 | G54: =+(E54/$E$55)*$G$55 -> 0
A55: TOTAL PROPERTY TAX EXPENSE | E55: =SUM(E43:E54) -> 1416615.5 | F55: =+G55-E55 -> 24644.558 | G55: =+H33 -> 1441260
G56: =SUM(G43:G54) -> 1441260

Sheet S6A - Payroll by Function
A1: EXHIBIT: WEC - 1
A2: SCHEDULE 6A (Summary of S6-B)
A3: PAYROLL EXPENSE DETAIL SUMMARY
C5: Test Year | D5: Pro Forma | E5: =+'S1-Revenue Requirement'!E6 -> 11/1/22-10/31/23
A6: ACCT | B6: PAYROLL DISTRIBUTION | C6: =+'S1-Revenue Requirement'!C6 -> 7/1/21 - 6/30/22 | D6: Adjustments | E6: ADJ Rate Year | F6: Adjustment Description
B7: POWER SUPPLY | C7: =+'S6-B Payroll Distribution'!L77 -> 3167.9726 | D7: =-C7+E7 -> 108.05151 | E7: =+C7/$C$16*$B$32 -> 3276.0241 | F7: Schedule 2
B8: TRANSMISSION | C8: =+'S6-B Payroll Distribution'!J82 -> 6556.4977 | D8: =-C8+E8 -> 223.6255 | E8: =+C8/$C$16*$B$32 -> 6780.1232 | F8: Schedule 3
B9: POWER PRODUCTION | C9: =+'S6-B Payroll Distribution'!J87 -> 60091.44 | D9: =-C9+E9 -> 2049.5666 | E9: =+C9/$C$16*$B$32 -> 62141.007 | F9: Schedule 3
B10: DISTRIBUTION OPERATION | C10: =+'S6-B Payroll Distribution'!J108 -> 1004805.2 | D10: =-C10+E10 -> 34271.356 | E10: =+C10/$C$16*$B$32 -> 1039076.6 | F10: Schedule 4
B11: DISTRIBUTION MAINTENANCE | C11: =+'S6-B Payroll Distribution'!J128 -> 1690111.1 | D11: =-C11+E11 -> 57645.403 | E11: =+C11/$C$16*$B$32 -> 1747756.5 | F11: Schedule 4
B12: CUSTOMER ACCOUNTS | C12: =+'S6-B Payroll Distribution'!J134 -> 641108.93 | D12: =-C12+E12 -> 21866.599 | E12: =+C12/$C$16*$B$32 -> 662975.53 | F12: Schedule 5
B13: ADMINISTRATION & GENERAL | C13: =+'S6-B Payroll Distribution'!J186 -> 1331137.5 | D13: =-C13+E13 -> 45401.723 | E13: =+C13/$C$16*$B$32 -> 1376539.2 | F13: Schedule 6
B14: OTHER LOBBYING | C14: =+'S6-B Payroll Distribution'!L75 -> 0 | D14: =-C14+E14 -> 0 | E14: =+C14/$C$16*$B$32 -> 0 | F14: Schedule 11
B15: OTHER JOBBING; CONTRACT WORK | C15: =+'S6-B Payroll Distribution'!J76 -> 277.28778 | D15: =-C15+E15 -> 9.4575829 | E15: =+C15/$C$16*$B$32 -> 286.74537 | F15: Schedule 11
A16: TOTAL PAYROLL & OVERHEADS EXPENSED | C16: =SUM(C7:C15) -> 4737255.9 | D16: =-C16+E16 -> 161575.78 | E16: =SUM(E7:E15) -> 4898831.7
A17: TOTAL CAPITALIZED PAYROLL | C17: =+'S6-B Payroll Distribution'!L27 -> 945994.9 | D17: =-C17+E17 -> 308675.39 | E17: =+C32 -> 1254670.3
A18: TOTAL ALL PAYROLL & PAYROLL RELATED OH | C18: =+C16+C17 -> 5683250.9 | D18: =-C18+E18 -> 470251.17 | E18: =+E16+E17 -> 6153502
B22: Expense Labor | C22: Capitalized Labor | D22: Overheads/Benefits | E22: Total Payroll | F22: Expense % | G22: Capital %
A23: 2014 | B23: 1817528 | C23: 577958 | D23: 566776 | E23: =SUM(B23:D23) -> 2962262 | F23: =+B23/(B23+C23) -> 0.75873038 | G23: =+C23/(B23+C23) -> 0.24126962
A24: 2015 | B24: 1667174 | C24: 540227 | D24: 528838 | E24: =SUM(B24:D24) -> 2736239 | F24: =+B24/(B24+C24) -> 0.75526558 | G24: =+C24/(B24+C24) -> 0.24473442
A25: 2016 | B25: 1733643 | C25: 609939 | D25: 558400 | E25: =SUM(B25:D25) -> 2901982 | F25: =+B25/(B25+C25) -> 0.7397407 | G25: =+C25/(B25+C25) -> 0.2602593
A26: 2017 | B26: 1996763 | C26: 538209 | D26: 587622 | E26: =SUM(B26:D26) -> 3122594 | F26: =+B26/(B26+C26) -> 0.78768641 | G26: =+C26/(B26+C26) -> 0.21231359
A27: 2018 | B27: 2240876 | C27: 431560 | D27: 551437 | E27: =SUM(B27:D27) -> 3223873 | F27: =+B27/(B27+C27) -> 0.83851437 | G27: =+C27/(B27+C27) -> 0.16148563
A28: 2019 | B28: 2153222 | C28: 455173 | D28: 658210 | E28: =SUM(B28:D28) -> 3266605 | F28: =+B28/(B28+C28) -> 0.82549691 | G28: =+C28/(B28+C28) -> 0.17450309
A29: 2020 | B29: 2303011 | C29: 423064 | D29: 613605 | E29: =SUM(B29:D29) -> 3339680 | F29: =+B29/(B29+C29) -> 0.84480838 | G29: =+C29/(B29+C29) -> 0.15519162
A30: 2021 | B30: 2325616 | C30: 515370 | D30: 929539 | E30: =SUM(B30:D30) -> 3770525 | F30: =+B30/(B30+C30) -> 0.81859467 | G30: =+C30/(B30+C30) -> 0.18140533
E31: Five Year Average | F31: =AVERAGE(F23:F30) -> 0.79610468 | G31: =AVERAGE(G23:G30) -> 0.20389532
A32: Adj Test Year | B32: =+'S6C Total Payroll & Benefits'!E31*'S6A - Payroll by Function'!F31 -> 4898831.7 | C32: =+'S6C Total Payroll & Benefits'!E31*'S6A - Payroll by Function'!G31 -> 1254670.3
A33: Used 5 year Avg

Sheet S6-B Payroll Distribution
A1: EXHIBIT: WEC - 1
A2: SCHEDULE 6-B
A3: PAYROLL DISTRIBUTION DETAILS;
A4: KNOWN & MEASURABLE CHANGES
D6: TEST YEAR: July 1, 2021 - June 30, 2022 | N6: ADJUSTED Rate YEAR: Nov 1, 2021 - Oct 31, 2022
A7: PAYROLL DISTRIBUTION DETAILS | D7: Twelve Months | L7: Test Year | N7: Adjusted Test Yr
D8: Ending 6/30/22 | H8: Net Labor | L8: Net Labor | N8: (Rate Year) | P8: Add BPRA | T8: Net Labor | X8: Net Labor
A9: G/L | D9: Payroll By | F9: Percentage By | H9: Cost With | J9: Percentage By | L9: Cost With | N9: Payroll By | P9: Employees | R9: Percentage By | T9: Cost With | V9: Percentage By | X9: Cost With
A10: ACCT | B10: ACCOUNT DESCRIPTION | D10: Account | F10: Type of Exp | H10: Payroll OVHDS | J10: Type of Exp | L10: Allocations | N10: Account | P10: Type of Exp | R10: Type of Exp | T10: Payroll OVHDS | V10: Type of Exp | X10: Allocations
A11: Capital Accounts
A12: 107.04 | B12: CWIP - OVERHEAD | D12: 27746.92 | F12: =+D12/($D$193-$H$197+$H$204) -> 0.0090094708 | H12: =+(F12*$H$200)+D12 -> 51203.083 | L12: =+H12+((H12/($H$27+$H$191))*$H$52) -> 53237.489 | N12: =+(D12/($D$193-D$55))*$N$194 -> 28187.963 | R12: =+(N12+P12)/($N$193+$P$193-$T$197+$T$204) -> 0.0090094708 | T12: =+(R12*$T$200)+(N12+P12) -> 55439.797 | X12: =+T12+((T12/($T$27+$T$191))*$T$52) -> 57642.537
A13: 107.11 | B13: CWIP - NET METER | D13: 6110.05 | F13: =+D13/($D$193-$H$197+$H$204) -> 0.0019839433 | H13: =+(F13*$H$200)+D13 -> 11275.248 | L13: =+H13+((H13/($H$27+$H$191))*$H$52) -> 11723.237 | N13: =+(D13/($D$193-D$55))*$N$194 -> 6207.1706 | R13: =+(N13+P13)/($N$193+$P$193-$T$197+$T$204) -> 0.0019839433 | T13: =+(R13*$T$200)+(N13+P13) -> 12208.199 | X13: =+T13+((T13/($T$27+$T$191))*$T$52) -> 12693.257
A14: 107.19 | B14: CWIP - | F14: =+D14/($D$193-$H$197+$H$204) -> 0 | H14: =+(F14*$H$200)+D14 -> 0 | L14: =+H14+((H14/($H$27+$H$191))*$H$52) -> 0 | N14: =+(D14/($D$193-D$55))*$N$194 -> 0 | R14: =+(N14+P14)/($N$193+$P$193-$T$197+$T$204) -> 0 | T14: =+(R14*$T$200)+(N14+P14) -> 0 | X14: =+T14+((T14/($T$27+$T$191))*$T$52) -> 0
A15: 107.2 | B15: CWIP - DIRECT CHARGES | D15: 422992.26 | F15: =+D15/($D$193-$H$197+$H$204) -> 0.13734629 | H15: =+(F15*$H$200)+D15 -> 780573.4 | L15: =+H15+((H15/($H$27+$H$191))*$H$52) -> 811587.23 | N15: =+(D15/($D$193-D$55))*$N$194 -> 429715.82 | P15: =+P220*0.6 -> 0 | R15: =+(N15+P15)/($N$193+$P$193-$T$197+$T$204) -> 0.13734629 | T15: =+(R15*$T$200)+(N15+P15) -> 845160.65 | X15: =+T15+((T15/($T$27+$T$191))*$T$52) -> 878740.67
A16: 107.21 | B16: CWIP - | F16: =+D16/($D$193-$H$197+$H$204) -> 0 | H16: =+(F16*$H$200)+D16 -> 0 | L16: =+H16+((H16/($H$27+$H$191))*$H$52) -> 0 | N16: =+(D16/($D$193-D$55))*$N$194 -> 0 | R16: =+(N16+P16)/($N$193+$P$193-$T$197+$T$204) -> 0 | T16: =+(R16*$T$200)+(N16+P16) -> 0 | X16: =+T16+((T16/($T$27+$T$191))*$T$52) -> 0
A17: 107.23 | B17: CWIP - | F17: =+D17/($D$193-$H$197+$H$204) -> 0 | H17: =+(F17*$H$200)+D17 -> 0 | L17: =+H17+((H17/($H$27+$H$191))*$H$52) -> 0 | N17: =+(D17/($D$193-D$55))*$N$194 -> 0 | R17: =+(N17+P17)/($N$193+$P$193-$T$197+$T$204) -> 0 | T17: =+(R17*$T$200)+(N17+P17) -> 0 | X17: =+T17+((T17/($T$27+$T$191))*$T$52) -> 0
A18: 107.24 | B18: CWIP - | F18: =+D18/($D$193-$H$197+$H$204) -> 0 | H18: =+(F18*$H$200)+D18 -> 0 | L18: =+H18+((H18/($H$27+$H$191))*$H$52) -> 0 | N18: =+(D18/($D$193-D$55))*$N$194 -> 0 | R18: =+(N18+P18)/($N$193+$P$193-$T$197+$T$204) -> 0 | T18: =+(R18*$T$200)+(N18+P18) -> 0 | X18: =+T18+((T18/($T$27+$T$191))*$T$52) -> 0
A19: 107.27 | B19: CWIP - | F19: =+D19/($D$193-$H$197+$H$204) -> 0 | H19: =+(F19*$H$200)+D19 -> 0 | L19: =+H19+((H19/($H$27+$H$191))*$H$52) -> 0 | N19: =+(D19/($D$193-D$55))*$N$194 -> 0 | R19: =+(N19+P19)/($N$193+$P$193-$T$197+$T$204) -> 0 | T19: =+(R19*$T$200)+(N19+P19) -> 0 | X19: =+T19+((T19/($T$27+$T$191))*$T$52) -> 0
A20: 107.29 | B20: CWIP - | F20: =+D20/($D$193-$H$197+$H$204) -> 0 | H20: =+(F20*$H$200)+D20 -> 0 | L20: =+H20+((H20/($H$27+$H$191))*$H$52) -> 0 | N20: =+(D20/($D$193-D$55))*$N$194 -> 0 | R20: =+(N20+P20)/($N$193+$P$193-$T$197+$T$204) -> 0 | T20: =+(R20*$T$200)+(N20+P20) -> 0 | X20: =+T20+((T20/($T$27+$T$191))*$T$52) -> 0
A21: 107.31 | B21: CWIP - | F21: =+D21/($D$193-$H$197+$H$204) -> 0 | H21: =+(F21*$H$200)+D21 -> 0 | L21: =+H21+((H21/($H$27+$H$191))*$H$52) -> 0 | N21: =+(D21/($D$193-D$55))*$N$194 -> 0 | R21: =+(N21+P21)/($N$193+$P$193-$T$197+$T$204) -> 0 | T21: =+(R21*$T$200)+(N21+P21) -> 0 | X21: =+T21+((T21/($T$27+$T$191))*$T$52) -> 0
A22: 107.32 | B22: CWIP - | F22: =+D22/($D$193-$H$197+$H$204) -> 0 | H22: =+(F22*$H$200)+D22 -> 0 | L22: =+H22+((H22/($H$27+$H$191))*$H$52) -> 0 | N22: =+(D22/($D$193-D$55))*$N$194 -> 0 | R22: =+(N22+P22)/($N$193+$P$193-$T$197+$T$204) -> 0 | T22: =+(R22*$T$200)+(N22+P22) -> 0 | X22: =+T22+((T22/($T$27+$T$191))*$T$52) -> 0
A23: 107.33 | B23: CWIP - | F23: =+D23/($D$193-$H$197+$H$204) -> 0 | H23: =+(F23*$H$200)+D23 -> 0 | L23: =+H23+((H23/($H$27+$H$191))*$H$52) -> 0 | N23: =+(D23/($D$193-D$55))*$N$194 -> 0 | R23: =+(N23+P23)/($N$193+$P$193-$T$197+$T$204) -> 0 | T23: =+(R23*$T$200)+(N23+P23) -> 0 | X23: =+T23+((T23/($T$27+$T$191))*$T$52) -> 0
A24: 107.37 | B24: CWIP - | D24: 0 | F24: =+D24/($D$193-$H$197+$H$204) -> 0 | H24: =+(F24*$H$200)+D24 -> 0 | L24: =+H24+((H24/($H$27+$H$191))*$H$52) -> 0 | N24: =+(D24/($D$193-D$55))*$N$194 -> 0 | R24: =+(N24+P24)/($N$193+$P$193-$T$197+$T$204) -> 0 | T24: =+(R24*$T$200)+(N24+P24) -> 0 | X24: =+T24+((T24/($T$27+$T$191))*$T$52) -> 0
A25: 107.47 | B25: CWIP - | F25: =+D25/($D$193-$H$197+$H$204) -> 0 | H25: =+(F25*$H$200)+D25 -> 0 | J25: Total | L25: =+H25+((H25/($H$27+$H$191))*$H$52) -> 0 | N25: =+(D25/($D$193-D$55))*$N$194 -> 0 | R25: =+(N25+P25)/($N$193+$P$193-$T$197+$T$204) -> 0 | T25: =+(R25*$T$200)+(N25+P25) -> 0 | V25: Total | X25: =+T25+((T25/($T$27+$T$191))*$T$52) -> 0
A26: 108.8 | B26: RETIREMENT WORK IN PROG | D26: 36195.15 | F26: =+D26/($D$193-$H$197+$H$204) -> 0.011752625 | H26: =+(F26*$H$200)+D26 -> 66793.117 | J26: Capital | L26: =+H26+((H26/($H$27+$H$191))*$H$52) -> 69446.948 | N26: =+(D26/($D$193-D$55))*$N$194 -> 36770.48 | R26: =+(N26+P26)/($N$193+$P$193-$T$197+$T$204) -> 0.011752625 | T26: =+(R26*$T$200)+(N26+P26) -> 72319.802 | V26: Capital | X26: =+T26+((T26/($T$27+$T$191))*$T$52) -> 75193.221
A27: Total Capital Accounts | D27: =SUM(D12:D26) -> 493044.38 | H27: =SUM(H12:H26) -> 909844.85 | J27: =+H27/(H191+H27) -> 0.16645313 | L27: =SUM(L12:L26) -> 945994.9 | N27: =SUM(N12:N26) -> 500881.43 | P27: =SUM(P12:P26) -> 0 | T27: =SUM(T12:T26) -> 985128.45 | V27: =+T27/(T191+T27) -> 0.16645313 | X27: =SUM(X12:X26) -> 1024269.7
A28: Allocated/Spread Accounts (Use Capital & Expense %)
A29: 163.01 | B29: STORES EXPENSE - UNDISTRIBUTED | D29: 39971.06 | F29: =+D29/($D$193-$H$197+$H$204) -> 0.012978669 | H29: =+(F29*$H$200)+D29 -> 73761.034 | N29: =+(D29/($D$193-D$55))*$N$194 -> 40606.409 | R29: =+(N29+P29)/($N$193+$P$193-$T$197+$T$204) -> 0.012978669 | T29: =+(R29*$T$200)+(N29+P29) -> 79864.268
A30: 183.1 | B30: 2009-2012 WORK PLAN | D30: 0 | F30: =+D30/($D$193-$H$197+$H$204) -> 0 | H30: =+(F30*$H$200)+D30 -> 0 | N30: =+(D30/($D$193-D$55))*$N$194 -> 0 | R30: =+(N30+P30)/($N$193+$P$193-$T$197+$T$204) -> 0 | T30: =+(R30*$T$200)+(N30+P30) -> 0
A31: 183.03 | B31: BILLABLE-MISSISSQUOI BRIDGE PROJECT | F31: =+D31/($D$193-$H$197+$H$204) -> 0 | H31: =+(F31*$H$200)+D31 -> 0 | N31: =+(D31/($D$193-D$55))*$N$194 -> 0 | R31: =+(N31+P31)/($N$193+$P$193-$T$197+$T$204) -> 0 | T31: =+(R31*$T$200)+(N31+P31) -> 0
A32: 183.06 | B32: NON-BILLABLE-MISS. BRIDGE PROJECT | F32: =+D32/($D$193-$H$197+$H$204) -> 0 | H32: =+(F32*$H$200)+D32 -> 0 | N32: =+(D32/($D$193-D$55))*$N$194 -> 0 | R32: =+(N32+P32)/($N$193+$P$193-$T$197+$T$204) -> 0 | T32: =+(R32*$T$200)+(N32+P32) -> 0
A33: 183.13 | B33: PREL SURVEY-Northern Enterprises | D33: 0 | F33: =+D33/($D$193-$H$197+$H$204) -> 0 | H33: =+(F33*$H$200)+D33 -> 0 | N33: =+(D33/($D$193-D$55))*$N$194 -> 0 | R33: =+(N33+P33)/($N$193+$P$193-$T$197+$T$204) -> 0 | T33: =+(R33*$T$200)+(N33+P33) -> 0
A34: 183.14 | B34: PREL. SURVEY-Boucher BioPower LLC | D34: 0 | F34: =+D34/($D$193-$H$197+$H$204) -> 0 | H34: =+(F34*$H$200)+D34 -> 0 | N34: =+(D34/($D$193-D$55))*$N$194 -> 0 | R34: =+(N34+P34)/($N$193+$P$193-$T$197+$T$204) -> 0 | T34: =+(R34*$T$200)+(N34+P34) -> 0
A35: 183.15 | B35: PREL. SURVEY-Maxwell Farm Gen Project | D35: 0 | F35: =+D35/($D$193-$H$197+$H$204) -> 0 | H35: =+(F35*$H$200)+D35 -> 0 | N35: =+(D35/($D$193-D$55))*$N$194 -> 0 | R35: =+(N35+P35)/($N$193+$P$193-$T$197+$T$204) -> 0 | T35: =+(R35*$T$200)+(N35+P35) -> 0
A36: 183.16 | B36: PREL. SURVEY-Hinesburg Energy Study | D36: 0 | F36: =+D36/($D$193-$H$197+$H$204) -> 0 | H36: =+(F36*$H$200)+D36 -> 0 | N36: =+(D36/($D$193-D$55))*$N$194 -> 0 | R36: =+(N36+P36)/($N$193+$P$193-$T$197+$T$204) -> 0 | T36: =+(R36*$T$200)+(N36+P36) -> 0
A37: 184.01 | B37: CLEARING - TRANSPORTATION | D37: 75606.81 | F37: =+D37/($D$193-$H$197+$H$204) -> 0.024549656 | H37: =+(F37*$H$200)+D37 -> 139521.86 | N37: =+(D37/($D$193-D$55))*$N$194 -> 76808.597 | R37: =+(N37+P37)/($N$193+$P$193-$T$197+$T$204) -> 0.024549656 | T37: =+(R37*$T$200)+(N37+P37) -> 151066.36
A38: 184.03 | B38: TRANS EXP-EXTRA MAINT | D38: 2111.07 | F38: =+D38/($D$193-$H$197+$H$204) -> 0.00068546792 | H38: =+(F38*$H$200)+D38 -> 3895.6862 | N38: =+(D38/($D$193-D$55))*$N$194 -> 2144.6259 | R38: =+(N38+P38)/($N$193+$P$193-$T$197+$T$204) -> 0.00068546792 | T38: =+(R38*$T$200)+(N38+P38) -> 4218.0282
A39: 184.04 | B39: TRANS CLEARING - DIGGER | D39: 0 | F39: =+D39/($D$193-$H$197+$H$204) -> 0 | H39: =+(F39*$H$200)+D39 -> 0 | N39: =+(D39/($D$193-D$55))*$N$194 -> 0 | R39: =+(N39+P39)/($N$193+$P$193-$T$197+$T$204) -> 0 | T39: =+(R39*$T$200)+(N39+P39) -> 0
A40: 184.06 | B40: TRANS CLEARING - SM TOOLS | D40: 0 | F40: =+D40/($D$193-$H$197+$H$204) -> 0 | H40: =+(F40*$H$200)+D40 -> 0 | N40: =+(D40/($D$193-D$55))*$N$194 -> 0 | P40: =(1-(SUM($N$56:$N$59)/$N$193))*P212 -> 0 | R40: =+(N40+P40)/($N$193+$P$193-$T$197+$T$204) -> 0 | T40: =+(R40*$T$200)+(N40+P40) -> 0
A41: 184.12 | B41: GEN TOOL EXP - CLEARING | D41: 0 | F41: =+D41/($D$193-$H$197+$H$204) -> 0 | H41: =+(F41*$H$200)+D41 -> 0 | N41: =+(D41/($D$193-D$55))*$N$194 -> 0 | R41: =+(N41+P41)/($N$193+$P$193-$T$197+$T$204) -> 0 | T41: =+(R41*$T$200)+(N41+P41) -> 0
A42: 184.2 | B42: CLRG-AMR MTR INSTALLATION | D42: 0 | F42: =+D42/($D$193-$H$197+$H$204) -> 0 | H42: =+(F42*$H$200)+D42 -> 0 | N42: =+(D42/($D$193-D$55))*$N$194 -> 0 | R42: =+(N42+P42)/($N$193+$P$193-$T$197+$T$204) -> 0 | T42: =+(R42*$T$200)+(N42+P42) -> 0
A43: 184.21 | B43: CLRG-AMR SUBSTATION INSTALLATION | D43: 0 | F43: =+D43/($D$193-$H$197+$H$204) -> 0 | H43: =+(F43*$H$200)+D43 -> 0 | N43: =+(D43/($D$193-D$55))*$N$194 -> 0 | R43: =+(N43+P43)/($N$193+$P$193-$T$197+$T$204) -> 0 | T43: =+(R43*$T$200)+(N43+P43) -> 0
A44: 184.22 | B44: CLRG- | D44: 0 | F44: =+D44/($D$193-$H$197+$H$204) -> 0 | H44: =+(F44*$H$200)+D44 -> 0 | N44: =+(D44/($D$193-D$55))*$N$194 -> 0 | R44: =+(N44+P44)/($N$193+$P$193-$T$197+$T$204) -> 0 | T44: =+(R44*$T$200)+(N44+P44) -> 0
A45: 184.99 | B45: EMPLOYEE BENEFIT CLEARING | F45: =+D45/($D$193-$H$197+$H$204) -> 0 | H45: =+(F45*$H$200)+D45 -> 0 | N45: =+(D45/($D$193-D$55))*$N$194 -> 0 | R45: =+(N45+P45)/($N$193+$P$193-$T$197+$T$204) -> 0 | T45: =+(R45*$T$200)+(N45+P45) -> 0
A46: 186.2 | B46: DEF DR-AMR OPERATING LEASE | F46: =+D46/($D$193-$H$197+$H$204) -> 0 | H46: =+(F46*$H$200)+D46 -> 0 | N46: =+(D46/($D$193-D$55))*$N$194 -> 0 | R46: =+(N46+P46)/($N$193+$P$193-$T$197+$T$204) -> 0 | T46: =+(R46*$T$200)+(N46+P46) -> 0
A47: 186.35 | B47: DEF DR-CUSTOMER SERVICE SYSTEM | F47: =+D47/($D$193-$H$197+$H$204) -> 0 | H47: =+(F47*$H$200)+D47 -> 0 | N47: =+(D47/($D$193-D$55))*$N$194 -> 0 | R47: =+(N47+P47)/($N$193+$P$193-$T$197+$T$204) -> 0 | T47: =+(R47*$T$200)+(N47+P47) -> 0
A48: 186.36 | B48: DEF DR-VED FINANCIAL SYSTEMS CONVERSION | F48: =+D48/($D$193-$H$197+$H$204) -> 0 | H48: =+(F48*$H$200)+D48 -> 0 | N48: =+(D48/($D$193-D$55))*$N$194 -> 0 | R48: =+(N48+P48)/($N$193+$P$193-$T$197+$T$204) -> 0 | T48: =+(R48*$T$200)+(N48+P48) -> 0
A49: 186.37 | B49: DEF DR-CITIZENS BID | F49: =+D49/($D$193-$H$197+$H$204) -> 0 | H49: =+(F49*$H$200)+D49 -> 0 | N49: =+(D49/($D$193-D$55))*$N$194 -> 0 | R49: =+(N49+P49)/($N$193+$P$193-$T$197+$T$204) -> 0 | T49: =+(R49*$T$200)+(N49+P49) -> 0
A50: 186.4 | B50: DEF DR-ROCHESTER ELECTRIC ACQUISITION | F50: =+D50/($D$193-$H$197+$H$204) -> 0 | H50: =+(F50*$H$200)+D50 -> 0 | N50: =+(D50/($D$193-D$55))*$N$194 -> 0 | R50: =+(N50+P50)/($N$193+$P$193-$T$197+$T$204) -> 0 | T50: =+(R50*$T$200)+(N50+P50) -> 0
A51: 186.42 | B51: DEF DR-ETHAN ALLEN CO-GENERATION | F51: =+D51/($D$193-$H$197+$H$204) -> 0 | H51: =+(F51*$H$200)+D51 -> 0 | N51: =+(D51/($D$193-D$55))*$N$194 -> 0 | R51: =+(N51+P51)/($N$193+$P$193-$T$197+$T$204) -> 0 | T51: =+(R51*$T$200)+(N51+P51) -> 0
A52: Total Allocated/Spread Accounts | D52: =SUM(D29:D51) -> 117688.94 | H52: =SUM(H29:H51) -> 217178.57 | N52: =SUM(N29:N51) -> 119559.63 | P52: =SUM(P29:P51) -> 0 | T52: =SUM(T29:T51) -> 235148.66
A53: Payroll Overheads (Used/See Below)
A54: 232.12 | B54: CZN PAYROLL OPENING BALANCE
A55: 242.08 | B55: ACC LIAB EMPLOYEE BUYOUT / SEVERANCE | D55: 0 | N55: 0
A56: 242.07 | B56: ACC EMPLOYEES VACATION | D56: 333098.38 | N56: =+(D56/($D$193-D$55))*$N$194 -> 338393.05 | P56: =(SUM(N56:N59)/N193)*(P212+P220) -> 0
A57: 184.23 | B57: ACC EMPLOYEES SICK LEAVE | D57: 231396.38 | N57: =+(D57/($D$193-D$55))*$N$194 -> 235074.48
A58: 184.24 | B58: ACC EMPLOYEES HOLIDAY | D58: 176451.84 | N58: =+(D58/($D$193-D$55))*$N$194 -> 179256.58
A59: 242.4 | B59: ACCRUED INSURANCE BENEFITS | D59: 0 | N59: =+(D59/($D$193-D$55))*$N$194 -> 0
A60: Total Payroll Overheads | D60: =SUM(D54:D59) -> 740946.6 | N60: =SUM(N54:N59) -> 752724.11 | P60: =SUM(P54:P59) -> 0
A61: Expense Categories
A62: 416.04 | B62: MAT & LAB POWER QUALITY SALES | F62: =+D62/($D$193-$H$197+$H$204) -> 0 | H62: =+(F62*$H$200)+D62 -> 0 | L62: =+H62+((H62/($H$27+$H$191))*$H$52) -> 0 | N62: =+(D62/($D$193-D$55))*$N$194 -> 0 | R62: =+(N62+P62)/($N$193+$P$193-$T$197+$T$204) -> 0 | T62: =+(R62*$T$200)+(N62+P62) -> 0 | X62: =+T62+((T62/($T$27+$T$191))*$T$52) -> 0
A63: 416.07 | B63: LABOR TO INSTALL-PWR QUAL SALES | D63: 144.52 | F63: =+D63/($D$193-$H$197+$H$204) -> 4.6925883e-05 | H63: =+(F63*$H$200)+D63 -> 266.69157 | L63: =+H63+((H63/($H$27+$H$191))*$H$52) -> 277.28778 | N63: =+(D63/($D$193-D$55))*$N$194 -> 146.81718 | R63: =+(N63+P63)/($N$193+$P$193-$T$197+$T$204) -> 4.6925883e-05 | T63: =+(R63*$T$200)+(N63+P63) -> 288.75852 | X63: =+T63+((T63/($T$27+$T$191))*$T$52) -> 300.2315
A64: 417.06 | B64: EXP LONG DIST TEL SVC | F64: =+D64/($D$193-$H$197+$H$204) -> 0 | H64: =+(F64*$H$200)+D64 -> 0 | L64: =+H64+((H64/($H$27+$H$191))*$H$52) -> 0 | N64: =+(D64/($D$193-D$55))*$N$194 -> 0 | R64: =+(N64+P64)/($N$193+$P$193-$T$197+$T$204) -> 0 | T64: =+(R64*$T$200)+(N64+P64) -> 0 | X64: =+T64+((T64/($T$27+$T$191))*$T$52) -> 0
A65: 253.04 | B65: MISC GEN EXP-AMORT ANN MTG EXP | D65: 4304.98 | F65: =+D65/($D$193-$H$197+$H$204) -> 0.0013978341 | H65: =+(F65*$H$200)+D65 -> 7944.242 | L65: =+H65+((H65/($H$27+$H$191))*$H$52) -> 8259.8835 | N65: =+(D65/($D$193-D$55))*$N$194 -> 4373.4086 | R65: =+(N65+P65)/($N$193+$P$193-$T$197+$T$204) -> 0.0013978341 | T65: =+(R65*$T$200)+(N65+P65) -> 8601.5751 | X65: =+T65+((T65/($T$27+$T$191))*$T$52) -> 8943.3339
A66: 416.23 | B66: COSTS-MDSE-WATER HEATERS | F66: =+D66/($D$193-$H$197+$H$204) -> 0 | H66: =+(F66*$H$200)+D66 -> 0 | L66: =+H66+((H66/($H$27+$H$191))*$H$52) -> 0 | N66: =+(D66/($D$193-D$55))*$N$194 -> 0 | R66: =+(N66+P66)/($N$193+$P$193-$T$197+$T$204) -> 0 | T66: =+(R66*$T$200)+(N66+P66) -> 0 | X66: =+T66+((T66/($T$27+$T$191))*$T$52) -> 0
A67: 416.24 | B67: COSTS-MDSE-JOBBING | F67: =+D67/($D$193-$H$197+$H$204) -> 0 | H67: =+(F67*$H$200)+D67 -> 0 | L67: =+H67+((H67/($H$27+$H$191))*$H$52) -> 0 | N67: =+(D67/($D$193-D$55))*$N$194 -> 0 | R67: =+(N67+P67)/($N$193+$P$193-$T$197+$T$204) -> 0 | T67: =+(R67*$T$200)+(N67+P67) -> 0 | X67: =+T67+((T67/($T$27+$T$191))*$T$52) -> 0
A68: 416.25 | B68: COSTS-JACKSONVILLE ELECTRIC | F68: =+D68/($D$193-$H$197+$H$204) -> 0 | H68: =+(F68*$H$200)+D68 -> 0 | L68: =+H68+((H68/($H$27+$H$191))*$H$52) -> 0 | N68: =+(D68/($D$193-D$55))*$N$194 -> 0 | R68: =+(N68+P68)/($N$193+$P$193-$T$197+$T$204) -> 0 | T68: =+(R68*$T$200)+(N68+P68) -> 0 | X68: =+T68+((T68/($T$27+$T$191))*$T$52) -> 0
A69: 416.26 | B69: COSTS-MDSE-VELCO | F69: =+D69/($D$193-$H$197+$H$204) -> 0 | H69: =+(F69*$H$200)+D69 -> 0 | L69: =+H69+((H69/($H$27+$H$191))*$H$52) -> 0 | N69: =+(D69/($D$193-D$55))*$N$194 -> 0 | R69: =+(N69+P69)/($N$193+$P$193-$T$197+$T$204) -> 0 | T69: =+(R69*$T$200)+(N69+P69) -> 0 | X69: =+T69+((T69/($T$27+$T$191))*$T$52) -> 0
A70: 417.11 | B70: EXPENSES - IPS | F70: =+D70/($D$193-$H$197+$H$204) -> 0 | H70: =+(F70*$H$200)+D70 -> 0 | L70: =+H70+((H70/($H$27+$H$191))*$H$52) -> 0 | N70: =+(D70/($D$193-D$55))*$N$194 -> 0 | R70: =+(N70+P70)/($N$193+$P$193-$T$197+$T$204) -> 0 | T70: =+(R70*$T$200)+(N70+P70) -> 0 | X70: =+T70+((T70/($T$27+$T$191))*$T$52) -> 0
A71: 418.2 | B71: EXPENSES-SCHOOL ST BLDG LEASE | F71: =+D71/($D$193-$H$197+$H$204) -> 0 | H71: =+(F71*$H$200)+D71 -> 0 | L71: =+H71+((H71/($H$27+$H$191))*$H$52) -> 0 | N71: =+(D71/($D$193-D$55))*$N$194 -> 0 | R71: =+(N71+P71)/($N$193+$P$193-$T$197+$T$204) -> 0 | T71: =+(R71*$T$200)+(N71+P71) -> 0 | X71: =+T71+((T71/($T$27+$T$191))*$T$52) -> 0
A72: 426.1 | B72: OTHER INC DED - DONATIONS | F72: =+D72/($D$193-$H$197+$H$204) -> 0 | H72: =+(F72*$H$200)+D72 -> 0 | L72: =+H72+((H72/($H$27+$H$191))*$H$52) -> 0 | N72: =+(D72/($D$193-D$55))*$N$194 -> 0 | R72: =+(N72+P72)/($N$193+$P$193-$T$197+$T$204) -> 0 | T72: =+(R72*$T$200)+(N72+P72) -> 0 | X72: =+T72+((T72/($T$27+$T$191))*$T$52) -> 0
A73: 426.11 | B73: OTHER INC DED - DONATIONS (BELVIDERE) | F73: =+D73/($D$193-$H$197+$H$204) -> 0 | H73: =+(F73*$H$200)+D73 -> 0 | L73: =+H73+((H73/($H$27+$H$191))*$H$52) -> 0 | N73: =+(D73/($D$193-D$55))*$N$194 -> 0 | R73: =+(N73+P73)/($N$193+$P$193-$T$197+$T$204) -> 0 | T73: =+(R73*$T$200)+(N73+P73) -> 0 | X73: =+T73+((T73/($T$27+$T$191))*$T$52) -> 0
A74: 426.12 | B74: OTHER INC DED - DONATIONS (JOHNSON) | F74: =+D74/($D$193-$H$197+$H$204) -> 0 | H74: =+(F74*$H$200)+D74 -> 0 | J74: Subtotal | L74: =+H74+((H74/($H$27+$H$191))*$H$52) -> 0 | N74: =+(D74/($D$193-D$55))*$N$194 -> 0 | R74: =+(N74+P74)/($N$193+$P$193-$T$197+$T$204) -> 0 | T74: =+(R74*$T$200)+(N74+P74) -> 0 | V74: Subtotal | X74: =+T74+((T74/($T$27+$T$191))*$T$52) -> 0
A75: 426.4 | B75: OTHER INC DED - LOBBYING | F75: =+D75/($D$193-$H$197+$H$204) -> 0 | H75: =+(F75*$H$200)+D75 -> 0 | J75: Other = | L75: =+H75+((H75/($H$27+$H$191))*$H$52) -> 0 | N75: =+(D75/($D$193-D$55))*$N$194 -> 0 | R75: =+(N75+P75)/($N$193+$P$193-$T$197+$T$204) -> 0 | T75: =+(R75*$T$200)+(N75+P75) -> 0 | V75: Other = | X75: =+T75+((T75/($T$27+$T$191))*$T$52) -> 0
A76: 435.06 | B76: EX. ITEM - TELECOM | F76: =+D76/($D$193-$H$197+$H$204) -> 0 | H76: =+(F76*$H$200)+D76 -> 0 | J76: =SUM(L62:L64) -> 277.28778 | L76: =+H76+((H76/($H$27+$H$191))*$H$52) -> 0 | N76: =+(D76/($D$193-D$55))*$N$194 -> 0 | R76: =+(N76+P76)/($N$193+$P$193-$T$197+$T$204) -> 0 | T76: =+(R76*$T$200)+(N76+P76) -> 0 | V76: =SUM(X62:X64) -> 300.2315 | X76: =+T76+((T76/($T$27+$T$191))*$T$52) -> 0
A77: 557.02 | B77: OTHER PURCH POWER - POWER PLAN | D77: 1651.12 | F77: =+D77/($D$193-$H$197+$H$204) -> 0.0005361214 | H77: =+(F77*$H$200)+D77 -> 3046.9124 | J77: Power Sup | L77: =+H77+((H77/($H$27+$H$191))*$H$52) -> 3167.9726 | N77: =+(D77/($D$193-D$55))*$N$194 -> 1677.3649 | R77: =+(N77+P77)/($N$193+$P$193-$T$197+$T$204) -> 0.0005361214 | T77: =+(R77*$T$200)+(N77+P77) -> 3299.0241 | V77: Power Sup | X77: =+T77+((T77/($T$27+$T$191))*$T$52) -> 3430.1013
A78: 560.01 | B78: TRANS-OPER SUPER & ENG | D78: 59.27 | F78: =+D78/($D$193-$H$197+$H$204) -> 1.9245067e-05 | H78: =+(F78*$H$200)+D78 -> 109.37454 | J78: =+L77 -> 3167.9726 | L78: =+H78+((H78/($H$27+$H$191))*$H$52) -> 113.72023 | N78: =+(D78/($D$193-D$55))*$N$194 -> 60.21211 | R78: =+(N78+P78)/($N$193+$P$193-$T$197+$T$204) -> 1.9245067e-05 | T78: =+(R78*$T$200)+(N78+P78) -> 118.42456 | V78: =+X77 -> 3430.1013 | X78: =+T78+((T78/($T$27+$T$191))*$T$52) -> 123.12982
A79: 563.01 & 563.03 | B79: TRANS-OPER S O & M INSPECT | F79: =+D79/($D$193-$H$197+$H$204) -> 0 | H79: =+(F79*$H$200)+D79 -> 0 | L79: =+H79+((H79/($H$27+$H$191))*$H$52) -> 0 | N79: =+(D79/($D$193-D$55))*$N$194 -> 0 | R79: =+(N79+P79)/($N$193+$P$193-$T$197+$T$204) -> 0 | T79: =+(R79*$T$200)+(N79+P79) -> 0 | X79: =+T79+((T79/($T$27+$T$191))*$T$52) -> 0
A80: 569.01 | B80: TRANS-MAINT STRUCT | D80: 643.98 | F80: =+D80/($D$193-$H$197+$H$204) -> 0.00020910137 | H80: =+(F80*$H$200)+D80 -> 1188.3755 | L80: =+H80+((H80/($H$27+$H$191))*$H$52) -> 1235.5922 | N80: =+(D80/($D$193-D$55))*$N$194 -> 654.2162 | R80: =+(N80+P80)/($N$193+$P$193-$T$197+$T$204) -> 0.00020910137 | T80: =+(R80*$T$200)+(N80+P80) -> 1286.7057 | X80: =+T80+((T80/($T$27+$T$191))*$T$52) -> 1337.8292
A81: 571.02 | B81: TRANS-MAINT O/H LINES COV | D81: 1109.79 | F81: =+D81/($D$193-$H$197+$H$204) -> 0.00036035065 | H81: =+(F81*$H$200)+D81 -> 2047.9631 | J81: Transmisson | L81: =+H81+((H81/($H$27+$H$191))*$H$52) -> 2129.333 | N81: =+(D81/($D$193-D$55))*$N$194 -> 1127.4304 | R81: =+(N81+P81)/($N$193+$P$193-$T$197+$T$204) -> 0.00036035065 | T81: =+(R81*$T$200)+(N81+P81) -> 2217.4185 | V81: Transmisson | X81: =+T81+((T81/($T$27+$T$191))*$T$52) -> 2305.5212
A82: 571.04 | B82: TRANS-MAINT COV SUBST INSP | D82: 1604.15 | F82: =+D82/($D$193-$H$197+$H$204) -> 0.00052087016 | H82: =+(F82*$H$200)+D82 -> 2960.2358 | J82: =SUM(L78:L82) -> 6556.4977 | L82: =+H82+((H82/($H$27+$H$191))*$H$52) -> 3077.8522 | N82: =+(D82/($D$193-D$55))*$N$194 -> 1629.6483 | R82: =+(N82+P82)/($N$193+$P$193-$T$197+$T$204) -> 0.00052087016 | T82: =+(R82*$T$200)+(N82+P82) -> 3205.1756 | V82: =SUM(X78:X82) -> 7099.0042 | X82: =+T82+((T82/($T$27+$T$191))*$T$52) -> 3332.524
A83: 538.01 & 539.01 | B83: HYDRO OPER | D83: =27359.21+958.25 -> 28317.46 | F83: =+D83/($D$193-$H$197+$H$204) -> 0.0091947261 | H83: =+(F83*$H$200)+D83 -> 52255.935 | L83: =+H83+((H83/($H$27+$H$191))*$H$52) -> 54332.174 | N83: =+(D83/($D$193-D$55))*$N$194 -> 28767.572 | R83: =+(N83+P83)/($N$193+$P$193-$T$197+$T$204) -> 0.0091947261 | T83: =+(R83*$T$200)+(N83+P83) -> 56579.766 | X83: =+T83+((T83/($T$27+$T$191))*$T$52) -> 58827.799
A84: 541.01 | B84: HYDRO MAINT - SUPER & ENG | D84: 1613.57 | F84: =+D84/($D$193-$H$197+$H$204) -> 0.00052392885 | H84: =+(F84*$H$200)+D84 -> 2977.6191 | L84: =+H84+((H84/($H$27+$H$191))*$H$52) -> 3095.9262 | N84: =+(D84/($D$193-D$55))*$N$194 -> 1639.2181 | R84: =+(N84+P84)/($N$193+$P$193-$T$197+$T$204) -> 0.00052392885 | T84: =+(R84*$T$200)+(N84+P84) -> 3223.9972 | X84: =+T84+((T84/($T$27+$T$191))*$T$52) -> 3352.0934
A85: 535.01 | B85: HYDRO OPER SUPER & ENG | D85: 949.04 | F85: =+D85/($D$193-$H$197+$H$204) -> 0.00030815486 | H85: =+(F85*$H$200)+D85 -> 1751.3214 | L85: =+H85+((H85/($H$27+$H$191))*$H$52) -> 1820.9051 | N85: =+(D85/($D$193-D$55))*$N$194 -> 964.1252 | R85: =+(N85+P85)/($N$193+$P$193-$T$197+$T$204) -> 0.00030815486 | T85: =+(R85*$T$200)+(N85+P85) -> 1896.2315 | X85: =+T85+((T85/($T$27+$T$191))*$T$52) -> 1971.5728
A86: 543.01 | B86: HYDRO MAINT - RESVRS, DAMS, WTRWY | D86: 185.37 | F86: =+D86/($D$193-$H$197+$H$204) -> 6.0189946e-05 | H86: =+(F86*$H$200)+D86 -> 342.07456 | J86: Power Prod | L86: =+H86+((H86/($H$27+$H$191))*$H$52) -> 355.6659 | N86: =+(D86/($D$193-D$55))*$N$194 -> 188.3165 | R86: =+(N86+P86)/($N$193+$P$193-$T$197+$T$204) -> 6.0189946e-05 | T86: =+(R86*$T$200)+(N86+P86) -> 370.37895 | V86: Power Prod | X86: =+T86+((T86/($T$27+$T$191))*$T$52) -> 385.09489
A87: 544.01 & 545.01 | B87: HYDRO MAINT - OTHER | D87: 253.7 | F87: =+D87/($D$193-$H$197+$H$204) -> 8.237681e-05 | H87: =+(F87*$H$200)+D87 -> 468.16807 | J87: =SUM(L83:L87) -> 60091.44 | L87: =+H87+((H87/($H$27+$H$191))*$H$52) -> 486.76938 | N87: =+(D87/($D$193-D$55))*$N$194 -> 257.73262 | R87: =+(N87+P87)/($N$193+$P$193-$T$197+$T$204) -> 8.237681e-05 | T87: =+(R87*$T$200)+(N87+P87) -> 506.90587 | V87: =SUM(X83:X87) -> 65063.607 | X87: =+T87+((T87/($T$27+$T$191))*$T$52) -> 527.0463
A88: 580.01 | B88: DIST-OPER PLANNING | D88: 94801.42 | F88: =+D88/($D$193-$H$197+$H$204) -> 0.030782178 | H88: =+(F88*$H$200)+D88 -> 174942.84 | L88: =+H88+((H88/($H$27+$H$191))*$H$52) -> 181893.69 | N88: =+(D88/($D$193-D$55))*$N$194 -> 96308.31 | R88: =+(N88+P88)/($N$193+$P$193-$T$197+$T$204) -> 0.030782178 | T88: =+(R88*$T$200)+(N88+P88) -> 189418.19 | X88: =+T88+((T88/($T$27+$T$191))*$T$52) -> 196944.18
A89: 582.01 | B89: DIST-STATION EXP | D89: 21488.08 | F89: =+D89/($D$193-$H$197+$H$204) -> 0.0069772151 | H89: =+(F89*$H$200)+D89 -> 39653.264 | L89: =+H89+((H89/($H$27+$H$191))*$H$52) -> 41228.772 | N89: =+(D89/($D$193-D$55))*$N$194 -> 21829.638 | R89: =+(N89+P89)/($N$193+$P$193-$T$197+$T$204) -> 0.0069772151 | T89: =+(R89*$T$200)+(N89+P89) -> 42934.307 | X89: =+T89+((T89/($T$27+$T$191))*$T$52) -> 44640.178
A90: 583.01 | B90: DIST-O/H LINE EXP | D90: 17359.08 | F90: =+D90/($D$193-$H$197+$H$204) -> 0.005636522 | H90: =+(F90*$H$200)+D90 -> 32033.768 | J90: Lobbying | L90: =+H90+((H90/($H$27+$H$191))*$H$52) -> 33306.538 | N90: =+(D90/($D$193-D$55))*$N$194 -> 17635.006 | R90: =+(N90+P90)/($N$193+$P$193-$T$197+$T$204) -> 0.005636522 | T90: =+(R90*$T$200)+(N90+P90) -> 34684.35 | X90: =+T90+((T90/($T$27+$T$191))*$T$52) -> 36062.432
A91: 583.02 | B91: DIST-OPER MISC EXP | D91: 2286.42 | F91: =+D91/($D$193-$H$197+$H$204) -> 0.00074240436 | H91: =+(F91*$H$200)+D91 -> 4219.2702 | J91: =+L75 -> 0 | L91: =+H91+((H91/($H$27+$H$191))*$H$52) -> 4386.9107 | N91: =+(D91/($D$193-D$55))*$N$194 -> 2322.7632 | R91: =+(N91+P91)/($N$193+$P$193-$T$197+$T$204) -> 0.00074240436 | T91: =+(R91*$T$200)+(N91+P91) -> 4568.3867 | X91: =+T91+((T91/($T$27+$T$191))*$T$52) -> 4749.8984
A92: 583.03 | B92: DIST-OPER S O & M EXP | D92: 8839.3 | F92: =+D92/($D$193-$H$197+$H$204) -> 0.0028701353 | H92: =+(F92*$H$200)+D92 -> 16311.699 | L92: =+H92+((H92/($H$27+$H$191))*$H$52) -> 16959.797 | N92: =+(D92/($D$193-D$55))*$N$194 -> 8979.8026 | R92: =+(N92+P92)/($N$193+$P$193-$T$197+$T$204) -> 0.0028701353 | T92: =+(R92*$T$200)+(N92+P92) -> 17661.384 | X92: =+T92+((T92/($T$27+$T$191))*$T$52) -> 18363.108
A93: 583.04 & 583.05 | B93: DIST-INSTALL COST NEW X-FORMRS | D93: =10584.57+18017.07 -> 28601.64 | F93: =+D93/($D$193-$H$197+$H$204) -> 0.0092869998 | H93: =+(F93*$H$200)+D93 -> 52780.35 | L93: =+H93+((H93/($H$27+$H$191))*$H$52) -> 54877.424 | N93: =+(D93/($D$193-D$55))*$N$194 -> 29056.269 | R93: =+(N93+P93)/($N$193+$P$193-$T$197+$T$204) -> 0.0092869998 | T93: =+(R93*$T$200)+(N93+P93) -> 57147.572 | X93: =+T93+((T93/($T$27+$T$191))*$T$52) -> 59418.166
A94: 583.06 | B94: DIST-FIELD AUDIT TELE CO & CABLE TV | D94: 607.07 | F94: =+D94/($D$193-$H$197+$H$204) -> 0.00019711663 | H94: =+(F94*$H$200)+D94 -> 1120.2633 | L94: =+H94+((H94/($H$27+$H$191))*$H$52) -> 1164.7737 | N94: =+(D94/($D$193-D$55))*$N$194 -> 616.71951 | R94: =+(N94+P94)/($N$193+$P$193-$T$197+$T$204) -> 0.00019711663 | T94: =+(R94*$T$200)+(N94+P94) -> 1212.9576 | X94: =+T94+((T94/($T$27+$T$191))*$T$52) -> 1261.151
A95: 584.01 | B95: DIST-U/G LINE EXP | D95: 536.65 | F95: =+D95/($D$193-$H$197+$H$204) -> 0.00017425114 | H95: =+(F95*$H$200)+D95 -> 990.31296 | L95: =+H95+((H95/($H$27+$H$191))*$H$52) -> 1029.6602 | N95: =+(D95/($D$193-D$55))*$N$194 -> 545.18017 | R95: =+(N95+P95)/($N$193+$P$193-$T$197+$T$204) -> 0.00017425114 | T95: =+(R95*$T$200)+(N95+P95) -> 1072.2548 | X95: =+T95+((T95/($T$27+$T$191))*$T$52) -> 1114.8577
A96: 584.02 | B96: DIST- OPER U/G LINE EXP | F96: =+D96/($D$193-$H$197+$H$204) -> 0 | H96: =+(F96*$H$200)+D96 -> 0 | L96: =+H96+((H96/($H$27+$H$191))*$H$52) -> 0 | N96: =+(D96/($D$193-D$55))*$N$194 -> 0 | R96: =+(N96+P96)/($N$193+$P$193-$T$197+$T$204) -> 0 | T96: =+(R96*$T$200)+(N96+P96) -> 0 | X96: =+T96+((T96/($T$27+$T$191))*$T$52) -> 0
A97: 586.01 | B97: DIST-METER EXP(METER CHANGEOUT) | D97: 24794.72 | F97: =+D97/($D$193-$H$197+$H$204) -> 0.0080508866 | H97: =+(F97*$H$200)+D97 -> 45755.208 | L97: =+H97+((H97/($H$27+$H$191))*$H$52) -> 47573.159 | N97: =+(D97/($D$193-D$55))*$N$194 -> 25188.838 | R97: =+(N97+P97)/($N$193+$P$193-$T$197+$T$204) -> 0.0080508866 | T97: =+(R97*$T$200)+(N97+P97) -> 49541.147 | X97: =+T97+((T97/($T$27+$T$191))*$T$52) -> 51509.521
A98: 586.05 | B98: DIST-INSTALL NEW MTRS(INC TESTING) | D98: 683.23 | F98: =+D98/($D$193-$H$197+$H$204) -> 0.00022184591 | H98: =+(F98*$H$200)+D98 -> 1260.806 | L98: =+H98+((H98/($H$27+$H$191))*$H$52) -> 1310.9004 | N98: =+(D98/($D$193-D$55))*$N$194 -> 694.09009 | R98: =+(N98+P98)/($N$193+$P$193-$T$197+$T$204) -> 0.00022184591 | T98: =+(R98*$T$200)+(N98+P98) -> 1365.1293 | X98: =+T98+((T98/($T$27+$T$191))*$T$52) -> 1419.3687
A99: 587.01 | B99: DIST-CUST INSTALL EXP | D99: =69592.96+89.34 -> 69682.3 | F99: =+D99/($D$193-$H$197+$H$204) -> 0.022625958 | H99: =+(F99*$H$200)+D99 -> 128589 | L99: =+H99+((H99/($H$27+$H$191))*$H$52) -> 133698.11 | N99: =+(D99/($D$193-D$55))*$N$194 -> 70789.916 | R99: =+(N99+P99)/($N$193+$P$193-$T$197+$T$204) -> 0.022625958 | T99: =+(R99*$T$200)+(N99+P99) -> 139228.88 | X99: =+T99+((T99/($T$27+$T$191))*$T$52) -> 144760.74
A100: 588.01 | B100: DIST-MISC | D100: 21489.84 | F100: =+D100/($D$193-$H$197+$H$204) -> 0.0069777866 | H100: =+(F100*$H$200)+D100 -> 39656.512 | L100: =+H100+((H100/($H$27+$H$191))*$H$52) -> 41232.149 | N100: =+(D100/($D$193-D$55))*$N$194 -> 21831.426 | R100: =+(N100+P100)/($N$193+$P$193-$T$197+$T$204) -> 0.0069777866 | T100: =+(R100*$T$200)+(N100+P100) -> 42937.824 | X100: =+T100+((T100/($T$27+$T$191))*$T$52) -> 44643.834
A101: 588.02 | B101: DIST-MISC EXP TEL ATTACH ONLY | D101: 35385.03 | F101: =+D101/($D$193-$H$197+$H$204) -> 0.011489578 | H101: =+(F101*$H$200)+D101 -> 65298.153 | L101: =+H101+((H101/($H$27+$H$191))*$H$52) -> 67892.586 | N101: =+(D101/($D$193-D$55))*$N$194 -> 35947.483 | R101: =+(N101+P101)/($N$193+$P$193-$T$197+$T$204) -> 0.011489578 | T101: =+(R101*$T$200)+(N101+P101) -> 70701.14 | X101: =+T101+((T101/($T$27+$T$191))*$T$52) -> 73510.246
...

Sheet S6C Total Payroll & Benefits
A1: EXHIBIT: WEC - 1
A2: SCHEDULE 6-C
A3: PAYROLL & BENEFITS SUPPORT:
B7: Test Year | C7: Pro Forma | E7: =+'S1-Revenue Requirement'!E6 -> 11/1/22-10/31/23
B8: =+'S1-Revenue Requirement'!C6 -> 7/1/21 - 6/30/22 | C8: Adjustments | E8: Adjusted Rate Year
A9: Base Salary and Step Rate Adj | B9: =3261278.94+8849.76+11372+504.64 -> 3282005.3 | C9: =SUM(E9-B9) -> 330423.9 | E9: =3607105.76+5323.48 -> 3612429.2
A10: Overtime | B10: 342634.47 | C10: =SUM(E10-B10) -> -1943.5 | E10: 340690.97
A11: On-Call, Meal Allow, Rest Time, Retro Adj | B11: =55423.23+5610+1450.91+2746.4 -> 65230.54 | C11: =SUM(E11-B11) -> -3599.69 | E11: =55938.85+5692 -> 61630.85
A12: Sub-Total | B12: =SUM(B9:B11) -> 3689870.3 | C12: =SUM(E12-B12) -> 324880.71 | E12: =SUM(E9:E11) -> 4014751.1
A13: Payroll Accrual/Vacancy Factor | B13: =58788.97-192622.63 -> -133833.66 | C13: =SUM(E13-B13) -> 510.26 | E13: -133323.4
A14: Total Direct Compensation | B14: =SUM(B12:B13) -> 3556036.7 | C14: =SUM(E14-B14) -> 325390.97 | E14: =SUM(E12:E13) -> 3881427.7
A17: Health Benefits (net) | B17: =785279.28-130627.52 -> 654651.76 | C17: =SUM(E17-B17) -> 179868.18 | E17: 834519.94
A18: 401(k) (includes admin fee) | B18: =11432.48+57898.38+76269.27 -> 145600.13 | C18: =SUM(E18-B18) -> 22041.67 | E18: =156625.8+11016 -> 167641.8
A19: Pension | B19: =348719.88+116717.06 -> 465436.94 | C19: =SUM(E19-B19) -> 181934.41 | E19: 647371.35
A20: Pension Prepayment Amortizaton | B20: 130344 | C20: =SUM(E20-B20) -> 0 | E20: 130344
A21: Life Insurance | B21: 16437.37 | C21: =SUM(E21-B21) -> 3852.04 | E21: 20289.41
A22: LTD & STD & BTA | B22: =47599.24+1532.4+324 -> 49455.64 | C22: =SUM(E22-B22) -> 15331.94 | E22: =62933.58+324+1530 -> 64787.58
A23: EAP | B23: 0 | C23: =SUM(E23-B23) -> 0 | E23: 0
A24: Total Benefits | B24: =SUM(B17:B23) -> 1461925.8 | C24: =SUM(C17:C23) -> 403028.24 | E24: =SUM(E17:E23) -> 1864954.1
A26: Workers Comp | B26: =4670+99080 -> 103750 | C26: =SUM(E26-B26) -> 8778 | E26: 112528
A27: General Liability (25%) | B27: =+'S7 - Insurance'!B9 -> 0 | C27: =SUM(E27-B27) -> 0 | E27: =+'S7 - Insurance'!F9 -> 0
A28: Payroll Tax (FICA, FUTA, SUTA) | B28: =2173.45+232834.12+55825.52+6045.08 -> 296878.17 | C28: =SUM(E28-B28) -> -2285.89 | E28: =290432.28+2480+1680 -> 294592.28
A29: Total Other Payroll Related Costs | B29: =SUM(B26:B28) -> 400628.17 | C29: =SUM(E29-B29) -> 6492.11 | E29: =SUM(E26:E28) -> 407120.28
A31: Total Payroll Costs | B31: =SUM(B14+B24+B29) -> 5418590.7 | C31: =SUM(E31-B31) -> 734911.32 | E31: =SUM(E14+E24+E29) -> 6153502
A34: Other Costs:
A35: Training | B35: 0 | C35: =SUM(E35-B35) -> 0 | E35: 0
A36: Recognition | B36: 0 | C36: =SUM(E36-B36) -> 0 | E36: 0
A37: Total Other Costs | B37: =SUM(B35:B36) -> 0 | C37: =SUM(C35:C36) -> 0 | E37: =SUM(E35:E36) -> 0

Sheet S7 - Insurance
A1: EXHIBIT: WEC - 1
A2: SCHEDULE 7
A3: RISK INSURANCE SUPPORT
B6: Test Year | D6: Pro Forma | F6: =+'S1-Revenue Requirement'!E6 -> 11/1/22-10/31/23
B7: =+'S1-Revenue Requirement'!C6 -> 7/1/21 - 6/30/22 | D7: Adjustments | F7: Adjusted Rate Year
A8: Insurance that follows payroll:
A9: General Liability (25%) see schedule S6C | B9: 0 | D9: =SUM(F9-B9) -> 0 | F9: 0
A11: Insurance that does not follow payroll:
A12: General Liability (100%) | B12: =18121.07+1049+12662.5+5170.97+1255.5+2520.83+21518.94+1050+12974.52+5191.08+1298.52+4607.22 -> 87420.15 | D12: =SUM(F12-B12) -> 6278.08 | F12: =43037.65+2100+25949+10382.11+2597+9632.47 -> 93698.23
A13: Auto & Contractors Equip (100%) | B13: =11720.48+4451.02+12499.5+4603.02 -> 33274.02 | D13: =SUM(F13-B13) -> 930.98 | F13: =24999+9206 -> 34205
A14: Directors & Officers (100%) | B14: =10230.52+5674.02 -> 15904.54 | D14: =SUM(F14-B14) -> -4556.54 | F14: 11348
A15: Total Insurance * | B15: =SUM(B12:B14) -> 136598.71 | D15: =SUM(F15-B15) -> 2652.52 | F15: =SUM(F12:F14) -> 139251.23
B19: * Insurance Spread
B20: Test Year | D20: Pro Forma | F20: =+F6 -> 11/1/22-10/31/23
A21: Account | B21: =+B7 -> 7/1/21 - 6/30/22 | D21: Adjustments | F21: =+F7 -> Adjusted Rate Year | G21: Percentage
A22: Clearing Accounts
A23: 107.04 | B23: =+$B$15*G23 -> 18321.917 | D23: =+F23-B23 -> 355.78118 | F23: =+$F$15*G23 -> 18677.698 | G23: 0.1341295
A24: 163.01 | B24: =+$B$15*G24 -> 0 | D24: =+F24-B24 -> 0 | F24: =+$F$15*G24 -> 0 | G24: 0
A25: 184.01 | B25: =+$B$15*G25 -> 29288.416 | D25: =+F25-B25 -> 568.73238 | F25: =+$F$15*G25 -> 29857.149 | G25: 0.2144121
A26: 184.02 | B26: =+$B$15*G26 -> 0 | D26: =+F26-B26 -> 0 | F26: =+$F$15*G26 -> 0 | G26: 0
A27: 184.03 | B27: =+$B$15*G27 -> 0 | D27: =+F27-B27 -> 0 | F27: =+$F$15*G27 -> 0 | G27: 0
A28: 184.14 | B28: =+$B$15*G28 -> 0 | D28: =+F28-B28 -> 0 | F28: =+$F$15*G28 -> 0 | G28: 0
A29: Subtotal Clearing Accounts | B29: =SUM(B23:B28) -> 47610.333 | D29: =SUM(D23:D28) -> 924.51356 | F29: =SUM(F23:F28) -> 48534.847
A31: Operating Costs
A32: 588.01 | B32: =+$B$15*G32 -> 18321.917 | D32: =+F32-B32 -> 355.78118 | F32: =+$F$15*G32 -> 18677.698 | G32: 0.1341295
A33: 593 | B33: =+$B$15*G33 -> 18321.917 | D33: =+F33-B33 -> 355.78118 | F33: =+$F$15*G33 -> 18677.698 | G33: 0.1341295
A34: 903 | B34: =+$B$15*G34 -> 18321.917 | D34: =+F34-B34 -> 355.78118 | F34: =+$F$15*G34 -> 18677.698 | G34: 0.1341295
A35: 908.21 | B35: =+$B$15*G35 -> 924.77327 | D35: =+F35-B35 -> 17.95756 | F35: =+$F$15*G35 -> 942.73083 | G35: 0.00677
A36: 920 | B36: =+$B$15*G36 -> 18321.917 | D36: =+F36-B36 -> 355.78118 | F36: =+$F$15*G36 -> 18677.698 | G36: 0.1341295
A37: 925.01 | B37: =+$B$15*G37 -> 14775.199 | D37: =+F37-B37 -> 286.90983 | F37: =+$F$15*G37 -> 15062.109 | G37: 0.108165
A38: Subtotal Operating Costs | B38: =SUM(B32:B37) -> 88987.639 | D38: =+F38-B38 -> 1727.9921 | F38: =SUM(F32:F37) -> 90715.632
A40: Total Insurance | B40: =+B29+B38 -> 136597.97 | D40: =+F40-B40 -> 2652.5057 | F40: =+F38+F29 -> 139250.48 | G40: =SUM(G23:G39) -> 0.9999946

Sheet S8 - Depreciation
A1: EXHIBIT: WEC - 1
A2: SCHEDULE 8
A3: DEPRECIATION
A6: DEPRECIATION:
C7: Test Year | D7: Pro Forma | E7: =+'S1-Revenue Requirement'!E6 -> 11/1/22-10/31/23
B8: Depreciation Expense | C8: =+'S1-Revenue Requirement'!C6 -> 7/1/21 - 6/30/22 | D8: Adjustments | E8: ADJ Rate Year | F8: Adjustment Description
B9: Depreciation Expense | C9: =+'S1-Revenue Requirement'!C17 -> 2444574.5 | D9: =+E9-C9 -> 1895.78 | E9: =+E13 -> 2446470.2 | F9: Adjustment Calculated from Below
A12: Component #1 (Depreciation Pro Forma Adjustment Details) | D12: Monthly | E12: Annual | F12: Adjustment Description
A13: A. Depreciation Expense on 6/30/2022 | D13: =231169.73-27297.21 -> 203872.52 | E13: =+D13*12 -> 2446470.2 | F13: Plant in Service as of 6/30/22 depreciates on 5/31/2022
A14: B. Test Year Depreciation | E14: =+C9 -> 2444574.5
A18: ProForma Adjustment (A - B) | E18: =+E13-E14 -> 1895.78 | F18: Proforma Change

Sheet S8A - Amortization
A1: EXHIBIT: WEC - 1
A2: SCHEDULE 8-A
A3: AMORTIZATION
A6: AMORTIZATION:
H8: Projected | I8: Projected | L8: Projected | M8: Projected | O8: 44927
C9: 44377 | D9: 7/1/21 - 6/30/22 | F9: Adjustments | G9: 44742 | H9: Deferral | I9: Amortization | J9: 2018 | K9: 44926 | L9: Deferral | M9: Amortization | N9: 2019 | O9: 45291
A10: ACCT # | B10: Account Description | C10: Balance | D10: Deferral | E10: Amortization | F10: Or Additions | G10: Balance | H10: 2022 | I10: 7/1/22 - 12/31/22 | J10: Adjustment | K10: Balance | L10: 2023 | M10: 2023 | N10: Adjustment | O10: Adjustment
A13: AMORTIZATION EXPENSE
A14: 181.03 | B14: Unamort. debt serv. | C14: 33254.26 | D14: 0 | E14: 7844.64 | F14: 0 | G14: =+C14+D14-E14+F14 -> 25409.62 | H14: 0 | I14: =+E14/12*4 -> 2614.88 | J14: 0 | K14: =+G14+H14-I14 -> 22794.74 | L14: 0 | M14: =+E14 -> 7844.64 | N14: 0 | O14: =+M14-E14 -> 0 | P14: (1)
A15: 183.1 | B15: Broadband/AMI Smart Grid Projects | C15: 18514 | D15: 58096.76 | E15: 0 | F15: 0 | G15: =+C15+D15-E15+F15 -> 76610.76 | H15: 0 | I15: 0 | J15: 0 | K15: =+G15+H15-I15 -> 76610.76 | L15: 0 | M15: 0 | N15: 0 | O15: =+M15-E15 -> 0 | P15: (2)
A16: 186.11 | B16: Def Deb - Past Service Pension | C16: 0 | D16: 0 | E16: 0 | F16: 0 | G16: =+C16+D16-E16+F16 -> 0 | H16: 0 | I16: 0 | J16: 0 | K16: =+G16+H16-I16 -> 0 | L16: 0 | M16: 0 | N16: 0 | O16: =+M16-E16 -> 0 | P16: (3)
A17: 186.29 | B17: Def Deb - 2013 RS Prepayment | C17: 586530 | D17: 0 | E17: 130344 | F17: 0 | G17: =+C17+D17-E17+F17 -> 456186 | H17: 0 | I17: =+E17/12*4 -> 43448 | J17: 0 | K17: =+G17+H17-I17 -> 412738 | L17: 0 | M17: =+E17 -> 130344 | N17: 0 | O17: =+M17-E17 -> 0 | P17: (4)
B18: Total Asset | C18: =SUM(C14:C17) -> 638298.26 | D18: =SUM(D14:D17) -> 58096.76 | E18: =SUM(E14:E17) -> 138188.64 | F18: =SUM(F14:F17) -> 0 | G18: =SUM(G14:G17) -> 558206.38 | H18: =SUM(H14:H17) -> 0 | I18: =SUM(I14:I17) -> 46062.88 | J18: =SUM(J14:J17) -> 0 | ... O18: =SUM(O14:O17) -> 0
A20: Amortization Expense - Regulatory Liability
A21: 254.01 | B21: Other Regulatory Asset - Deferred REC revenue | C21: 0 | D21: 0 | E21: 0 | G21: =+C21+D21-E21+F21 -> 0 | H21: 0 | I21: 0 | J21: 0 | K21: =+G21+H21+I21+J21 -> 0 | L21: 0 | M21: 0 | N21: =+M21-I21 -> 0 | O21: =+M21-E21 -> 0
A22: 254.03 | B22: Other Regulatory Liability - Open Access Trans Tariff | C22: 0 | D22: 0 | E22: 0 | G22: =+C22+D22-E22+F22 -> 0 | H22: 0 | I22: =-H22-G22 -> 0 | J22: 0 | K22: =+G22+H22+I22+J22 -> 0 | L22: 0 | M22: 0 | N22: =+M22-I22 -> 0 | O22: =+M22-E22 -> 0
B23: Total Liability | C23: =SUM(C21:C22) -> 0 | D23: =SUM(D21:D22) -> 0 | E23: =SUM(E21:E22) -> 0 | F23: =SUM(F21:F22) -> 0 | G23: =SUM(G21:G22) -> 0 | H23: =SUM(H21:H22) -> 0 | I23: =SUM(I21:I22) -> 0 | J23: =SUM(J21:J22) -> 0 | ... N23: =SUM(N21:N22) -> 0
A29: Notes: | C29: Account Amortized | D29: Schedule
A30: (1) | B30: Debt Service Amortization | C30: expense - 428.03 | D30: S11
A31: (2) | B31: CWP begin amortizing 2018-2021 | C31: capitalized - 107.04 | D31: NA
A32: (3) | B32: Past Service Pension | C32: expense - 926.01 | D32: S6
A33: (4) | B33: Prepayment of RS Pension Plan | C33: various - follows payroll

Sheet S9 - Interest Exp
A1: EXHIBIT: WEC - 1
A2: SCHEDULE 9
A3: INTEREST EXPENSE ON DEBT
A4: KNOWN & MEASURABLE CHANGES
C6: Test Year | D6: Pro Forma | E6: =+'S1-Revenue Requirement'!E6 -> 11/1/22-10/31/23
A7: ACCT | B7: INTEREST ON LONG TERM DEBT | C7: =+'S1-Revenue Requirement'!C6 -> 7/1/21 - 6/30/22 | D7: Adjustments | E7: ADJ Rate Year | F7: Adjustment Description
A9: 427.02 | B9: Interest CFC Loans | C9: =+'Trial Balance'!C209 -> 356024.56 | D9: =+E9-C9 -> -55233.5 | E9: 300791.06 | F9: Amortization Schedule
A10: 427.03 | B10: Interest FFB Loans (excludes Coventry) | C10: =+'Trial Balance'!C210 -> 600232.05 | D10: =+E10-C10 -> 6713.1 | E10: 606945.15 | F10: Amortization Schedule
A11: 427.04 | B11: Interest Coventry Loan (RUS & FFB) | C11: =+'Trial Balance'!C211 -> 237410.71 | D11: =+E11-C11 -> -28258.81 | E11: =118551.7+64715.6+25884.6 -> 209151.9 | F11: Amortization Schedule
A12: 427.05 | B12: Interest CREBS Loan | C12: =+'Trial Balance'!C212 -> 12631.29 | D12: =+E12-C12 -> -1724.57 | E12: =242.26+10664.46 -> 10906.72 | F12: Amortization Schedule
D13: =+E13-C13 -> 0
D14: =+E14-C14 -> 0
D15: =+E15-C15 -> 0
D16: =+E16-C16 -> 0
D17: =+E17-C17 -> 0
D18: =+E18-C18 -> 0
A19: 427.03 | B19: Interest NCREBS Loan | C19: 0 | D19: =+E19-C19 -> 0 | E19: 0 | F19: Amortization Schedule
A20: 427.03 | B20: Interest FFB loan new CWP draws | C20: 0 | D20: =+E20-C20 -> 21686.36 | E20: =14446.36+7240 -> 21686.36 | F20: Amortization Schedule
A21: 427.02 | C21: 0 | D21: =+E21-C21 -> 0 | E21: 0 | F21: Amortization Schedule
A22: 427.03 | C22: 0 | D22: =+E22-C22 -> 0 | E22: 0 | F22: Amortization Schedule
A23: 427.03 | C23: 0 | D23: =+E23-C23 -> 0 | E23: 0
C24: 0 | D24: =+E24-C24 -> 0 | E24: 0
B25: TOTAL INTEREST ON LONG TERM DEBT | C25: =SUM(C9:C24) -> 1206298.6 | D25: =SUM(D9:D24) -> -56817.42 | E25: =SUM(E9:E24) -> 1149481.2
C27: Test Year | D27: Pro Forma | E27: =+E6 -> 11/1/22-10/31/23
A28: ACCT | B28: INTEREST ON SHORT TERM DEBT | C28: =+C7 -> 7/1/21 - 6/30/22 | D28: Adjustments | E28: =+E7 -> ADJ Rate Year | F28: Adjustment Description
A29: 431.01 | B29: OTHER INTEREST EXPENSE - CFC | C29: ='Trial Balance'!C217 -> 0 | D29: =E29-C29 -> 0 | E29: =+C29 -> 0
A30: 431.03 | B30: OTHER INTEREST EXPENSE-cust dep | C30: ='Trial Balance'!C218 -> 4405.9 | D30: =E30-C30 -> 0 | E30: =+C30 -> 4405.9

Sheet S9-A WCOD
A1: EXHIBIT: WEC - 1
A2: SCHEDULE 9A
A3: Long Term Debt - Weighted Average Cost of Capital
D5: DATE | F5: ORIGINAL | G5: PRIN BAL | H5: Percentage of | I5: Weighted Average
B6: Account | C6: NOTE # | D6: ISSUED | E6: INTEREST | F6: PRINCIPAL | G6: 44742 | H6: Debt | I6: Cost
A9: RUS | B9: 224.02 | C9: 1A330 | D9: 2005 | E9: 0.04125 | F9: 7320000 | G9: 3167383.7 | H9: =+G9/$G$66 -> 0.087548899 | I9: =+E9*H9 -> 0.0036113921
A10: CFC | B10: N/A | C10: C9020 | D10: 09-85 | E10: 0.06075 | F10: 463247 | G10: 0 | H10: =+G10/$G$66 -> 0 | I10: =+E10*H10 -> 0
A11: CFC | B11: N/A | C11: C9021 | D11: 12-86 | E11: 0.06225 | F11: 447423 | G11: 0 | H11: =+G11/$G$66 -> 0 | I11: =+E11*H11 -> 0
A12: CFC | B12: 224.12 | C12: C9024 | D12: 06-90 | E12: 0.06275 | F12: 604167 | G12: 21140.18 | H12: =+G12/$G$66 -> 0.00058433069 | I12: =+E12*H12 -> 3.6666751e-05
A13: CFC | B13: 224.12 | C13: C9025 | D13: 12-92 | E13: 0.06325 | F13: 667000 | G13: 166767.29 | H13: =+G13/$G$66 -> 0.004609575 | I13: =+E13*H13 -> 0.00029155562
A14: CFC | B14: 224.12 | C14: C26-01 | D14: 05-95 | E14: 0.06325 | F14: 400000 | G14: 140538.15 | H14: =+G14/$G$66 -> 0.0038845816 | I14: =+E14*H14 -> 0.00024569979
A15: CFC | B15: 224.12 | C15: C26-02 | D15: 12-95 | E15: 0.06325 | F15: 200000 | G15: 70910.32 | H15: =+G15/$G$66 -> 0.0019600153 | I15: =+E15*H15 -> 0.00012397097
A16: CFC | B16: 224.12 | C16: C26-03 | D16: 9-96 | E16: 0.06325 | F16: 125000 | G16: 44319.39 | H16: =+G16/$G$66 -> 0.0012250217 | I16: =+E16*H16 -> 7.7482624e-05
A17: CFC | B17: 221 | C17: 29001 | D17: 2008 | E17: 0 | F17: 98698 | G17: 9252.72 | H17: =+G17/$G$66 -> 0.00025575223 | I17: =+E17*H17 -> 0
A18: CFC | B18: 221 | C18: 29002 | D18: 2008 | E18: 0.004 | F18: 1107473 | G18: 103825.34 | H18: =+G18/$G$66 -> 0.0028698115 | I18: =+E18*H18 -> 1.1479246e-05
A19: CFC | B19: 221 | C19: 9035-1 | D19: 2016 | E19: 0.037 | F19: 1712366 | G19: 1136366 | H19: =+G19/$G$66 -> 0.031410022 | I19: =+E19*H19 -> 0.0011621708
A20: CFC | B20: 224.12 | C20: 9032-11 | D20: 2012 Refinance | E20: 0.038 | F20: 838881.39 | G20: 838881 | H20: =+G20/$G$66 -> 0.02318731 | I20: =+E20*H20 -> 0.00088111779
A21: CFC | B21: 224.12 | C21: 9032-12 | D21: 2012 Refinance | E21: 0.039 | F21: 836688.59 | G21: 836689 | H21: =+G21/$G$66 -> 0.023126722 | I21: =+E21*H21 -> 0.00090194215
A22: CFC | B22: 224.12 | C22: 9032-13 | D22: 2012 Refinance | E22: 0.0395 | F22: 869021.57 | G22: 869022 | H22: =+G22/$G$66 -> 0.02402043 | I22: =+E22*H22 -> 0.000948807
A23: CFC | B23: 224.12 | C23: 9032-14 | D23: 2012 Refinance | E23: 0.0405 | F23: 902519.92 | G23: 902520 | H23: =+G23/$G$66 -> 0.024946341 | I23: =+E23*H23 -> 0.0010103268
A24: CFC | B24: 224.12 | C24: 9032-15 | D24: 2012 Refinance | E24: 0.041 | F24: 866855.47 | G24: 866855 | H24: =+G24/$G$66 -> 0.023960533 | I24: =+E24*H24 -> 0.00098238185
A25: CFC | B25: 224.12 | C25: 9032-16 | D25: 2012 Refinance | E25: 0.042 | F25: 863184.17 | G25: 863184 | H25: =+G25/$G$66 -> 0.023859064 | I25: =+E25*H25 -> 0.0010020807
A26: CFC | B26: 224.12 | C26: 9032-17 | D26: 2012 Refinance | E26: 0.0425 | F26: 802073.02 | G26: 802073 | H26: =+G26/$G$66 -> 0.022169909 | I26: =+E26*H26 -> 0.00094222114
A27: CFC | B27: 224.12 | C27: 9032-18 | D27: 2012 Refinance | E27: 0.043 | F27: 835164.81 | G27: 835165 | H27: =+G27/$G$66 -> 0.023084597 | I27: =+E27*H27 -> 0.00099263768
A28: CFC | B28: 224.12 | C28: 9032-19 | D28: 2012 Refinance | E28: 0.0435 | F28: 397282.25 | G28: 397282 | H28: =+G28/$G$66 -> 0.010981177 | I28: =+E28*H28 -> 0.00047768121
A29: CFC | B29: 224.12 | C29: 9033 | D29: 2013 RS Prepayment | E29: 0.03 | F29: 1694453 | G29: 197379.49 | H29: =+G29/$G$66 -> 0.0054557196 | I29: =+E29*H29 -> 0.00016367159
A30: FFB | B30: 224.08 | C30: F0040 | D30: 2009 | E30: 0.04347 | F30: 2953000 | G30: 1923924.3 | H30: =+G30/$G$66 -> 0.053178735 | I30: =+E30*H30 -> 0.0023116796
A31: FFB | B31: 224.08 | C31: F0045 | D31: 2009 | E31: 0.04366 | F31: 3135000 | G31: 1567499.9 | H31: =+G31/$G$66 -> 0.043326891 | I31: =+E31*H31 -> 0.0018916521
A32: FFB | B32: 224.08 | C32: F0050 | D32: 2010 | E32: 0.04272 | F32: 1196000 | G32: 779211.94 | H32: =+G32/$G$66 -> 0.021538012 | I32: =+E32*H32 -> 0.00092010387
A33: FFB | B33: 224.08 | C33: F0055 | D33: 2010 | E33: 0.03707 | F33: 832000 | G33: 542060.62 | H33: =+G33/$G$66 -> 0.014982969 | I33: =+E33*H33 -> 0.00055541865
A34: FFB | B34: 224.08 | C34: F0060 | D34: 2010 | E34: 0.03328 | F34: 638000 | G34: 415666.82 | H34: =+G34/$G$66 -> 0.011489348 | I34: =+E34*H34 -> 0.00038236549
A35: FFB | B35: 224.08 | C35: F0065 | D35: 2011 | E35: 0.04193 | F35: 678000 | G35: 445099.35 | H35: =+G35/$G$66 -> 0.012302885 | I35: =+E35*H35 -> 0.00051585998
A36: FFB | B36: 224.08 | C36: F0070 | D36: 2011 | E36: 0.03999 | F36: 1230000 | G36: =666667.01+153333.15 -> 820000.16 | H36: =+G36/$G$66 -> 0.022665429 | I36: =+E36*H36 -> 0.00090639052
A37: FFB | B37: 224.08 | C37: F0075 | D37: 2011 | E37: 0.03134 | F37: 373000 | G37: 248666.79 | H37: =+G37/$G$66 -> 0.0068733396 | I37: =+E37*H37 -> 0.00021541046
A38: FFB | B38: 224.08 | C38: F0080 | D38: 2012 | E38: 0.02281 | F38: 500000 | G38: 371212.08 | H38: =+G38/$G$66 -> 0.010260585 | I38: =+E38*H38 -> 0.00023404394
A39: FFB | B39: 224.08 | C39: F0085 | D39: 2012 | E39: 0.02418 | F39: 800000 | G39: 593939.26 | H39: =+G39/$G$66 -> 0.016416934 | I39: =+E39*H39 -> 0.00039696146
A40: FFB | B40: 224.08 | C40: F0090 | D40: 2012 | E40: 0.02625 | F40: 500000 | G40: 371212.08 | H40: =+G40/$G$66 -> 0.010260585 | I40: =+E40*H40 -> 0.00026934035
A41: FFB | B41: 224.08 | C41: F0095 | D41: 2013 | E41: 0.02633 | F41: 900000 | G41: 668181.88 | H41: =+G41/$G$66 -> 0.018469056 | I41: =+E41*H41 -> 0.00048629026
A42: FFB | B42: 224.08 | C42: F0100 | D42: 2013 | E42: 0.03411 | F42: 1000000 | G42: 742424.16 | H42: =+G42/$G$66 -> 0.02052117 | I42: =+E42*H42 -> 0.0006999771
A43: FFB | B43: 224.08 | C43: F0105 | D43: 2014 | E43: 0.03258 | F43: 800000 | G43: 670894.58 | H43: =+G43/$G$66 -> 0.018544038 | I43: =+E43*H43 -> 0.00060416474
A44: FFB | B44: 224.08 | C44: F0110 | D44: 2014 | E44: 0.02797 | F44: 850000 | G44: 711527.63 | H44: =+G44/$G$66 -> 0.019667166 | I44: =+E44*H44 -> 0.00055009063
A45: FFB | B45: 224.08 | C45: F0115 | D45: 2015 | E45: 0.02655 | F45: 800000 | G45: 679717.68 | H45: =+G45/$G$66 -> 0.018787915 | I45: =+E45*H45 -> 0.00049881914
A46: FFB | B46: 224.08 | C46: F0120 | D46: 2016 | E46: 0.02399 | F46: 250000 | G46: 213445.02 | H46: =+G46/$G$66 -> 0.005899783 | I46: =+E46*H46 -> 0.0001415358
A47: FFB | B47: 224.08 | C47: F0125 | D47: 2016 | E47: =0.01919+0.00125 -> 0.02044 | F47: 800000 | G47: 682109.57 | H47: =+G47/$G$66 -> 0.018854028 | I47: =+E47*H47 -> 0.00038537634
A48: FFB | B48: 224.08 | C48: F0130 | D48: 2016 | E48: =0.02818+0.00125 -> 0.02943 | F48: 200000 | G48: 175100.93 | H48: =+G48/$G$66 -> 0.0048399232 | I48: =+E48*H48 -> 0.00014243894
A49: FFB | B49: 224.08 | C49: F0135 | D49: 2017 | E49: =0.02802+0.00125 -> 0.02927 | F49: 400000 | G49: 357953.27 | H49: =+G49/$G$66 -> 0.0098941012 | I49: =+E49*H49 -> 0.00028960034
A50: FFB | B50: 224.08 | C50: F0140 | D50: 2017 | E50: =0.02507+0.00125 -> 0.02632 | F50: 500000 | G50: 447097.77 | H50: =+G50/$G$66 -> 0.012358123 | I50: =+E50*H50 -> 0.0003252658
A51: FFB | B51: 224.08 | C51: F145 | D51: 2017 | E51: 0.02622 | F51: 900000 | G51: 809842.57 | H51: =+G51/$G$66 -> 0.022384666 | I51: =+E51*H51 -> 0.00058692594
A52: FFB | B52: 224.08 | C52: F150 | D52: 2018 | E52: =0.02724+0.00125 -> 0.02849 | F52: 900000 | G52: 819387.41 | H52: =+G52/$G$66 -> 0.022648493 | I52: =+E52*H52 -> 0.00064525555
A53: FFB | B53: 224.08 | C53: F155 | D53: 2018 | E53: =0.03133+0.00125 -> 0.03258 | F53: 750000 | G53: 690260.59 | H53: =+G53/$G$66 -> 0.019079329 | I53: =+E53*H53 -> 0.00062160453
A54: FFB | B54: 224.08 | C54: F160 | D54: 2018 | E54: =0.03302+0.00125 -> 0.03427 | F54: 900000 | G54: 837914.24 | H54: =+G54/$G$66 -> 0.023160588 | I54: =+E54*H54 -> 0.00079371336
A55: FFB | B55: 224.08 | C55: 5-8 | D55: 2019 | E55: 0.0314 | F55: 800000 | G55: 743438.91 | H55: =+G55/$G$66 -> 0.020549218 | I55: =+E55*H55 -> 0.00064524545
A56: FFB | B56: 224.08 | C56: 5-9 | D56: 2019 | E56: =0.02803+0.00125 -> 0.02928 | F56: 850000 | G56: 794633.33 | H56: =+G56/$G$66 -> 0.021964271 | I56: =+E56*H56 -> 0.00064311385
A57: FFB | B57: 224.08 | C57: 5-10 | D57: 2019 | E57: =0.02428+0.00125 -> 0.02553 | F57: 700000 | G57: 652765.76 | H57: =+G57/$G$66 -> 0.018042943 | I57: =+E57*H57 -> 0.00046063634
A58: FFB | B58: 224.08 | C58: 5-11 | D58: 2019 | E58: 0.02123 | F58: 441000 | G58: 411073.79 | H58: =+G58/$G$66 -> 0.011362393 | I58: =+E58*H58 -> 0.0002412236
A59: FFB | B59: 224.08 | C59: 6-1 | D59: 2020 | E59: 0.0122 | F59: 1200000 | G59: 1169081.4 | H59: =+G59/$G$66 -> 0.032314302 | I59: =+E59*H59 -> 0.00039423449
A60: FFB | B60: 224.08 | C60: 6-2 | D60: 2020 | E60: 0.01335 | F60: 1201600 | G60: 1171229.5 | H60: =+G60/$G$66 -> 0.032373677 | I60: =+E60*H60 -> 0.00043218858
A61: FFB | B61: 224.08 | C61: 6-3 | D61: 2021 | E61: 0.01335 | F61: 800000 | G61: 790638.46 | H61: =+G61/$G$66 -> 0.02185385 | I61: =+E61*H61 -> 0.00029174889
A62: FFB | B62: 224.08 | C62: 6-4 | D62: 2022 | E62: 0.02165 | F62: 800000 | G62: 795495 | H62: =+G62/$G$66 -> 0.021988088 | I62: =+E62*H62 -> 0.00047604211
A63: FFB | B63: 224.08 | C63: 6-5 | D63: 2022 | E63: 0.02656 | F63: 800000 | G63: 796192.03 | H63: =+G63/$G$66 -> 0.022007355 | I63: =+E63*H63 -> 0.00058451534
E66: Total Debt | G66: =SUM(G9:G65) -> 36178452 | H66: =SUM(H9:H65) -> 1 | I66: =SUM(I9:I65) -> 0.033402519 | J66: Weighted Average Cost of Debt
A70: Weighted Average Cost of Capital:
E71: Percentage of | G71: Weighted Average
D72: 6/30/22 Balance | E72: Monies | F72: Cost | G72: Cost
C73: Debt | D73: =SUM(G9:G65) -> 36178452 | E73: =+D73/D75 -> 0.58624572 | F73: =+I66 -> 0.033402519 | G73: =+E73*F73 -> 0.019582084
C74: Equity | D74: 25533644 | E74: =+D74/D75 -> 0.41375428 | F74: =+'S13 ROE'!F19 -> 0.04436715 | G74: =+E74*F74 -> 0.018357098
D75: =SUM(D73:D74) -> 61712097 | E75: =SUM(E73:E74) -> 1 | G75: =SUM(G73:G74) -> 0.037939182

Sheet S10 - Int & Div Income
A1: EXHIBIT: WEC - 1
A2: SCHEDULE 10
A3: INTEREST & DIVIDEND INCOME;
A4: OTHER INCOME
D5: Test Year | E5: Pro Forma | F5: =+'S1-Revenue Requirement'!E6 -> 11/1/22-10/31/23
A6: ACCT | B6: INTEREST & DIVIDENDS | D6: =+'S1-Revenue Requirement'!C6 -> 7/1/21 - 6/30/22 | E6: Adjustments | F6: ADJ Rate Year | H6: Adjustment Description
A7: 419.01 | B7: VELCO & TRANSCO Dividends | D7: =-'Trial Balance'!C235 -> 1114602.3 | E7: =+F7-D7 -> 27281.91 | F7: 1141884.2 | H7: thru Dec 2021 VT Transco LLC Investment
A9: 419.01 | B9: Transco Dividends (Non Utility Operations) | D9: 0 | E9: =+F9-D9 -> 0 | F9: 0
A10: 419.03 | B10: Other - Misc | D10: =-'Trial Balance'!C236 -> 26717.4 | E10: =+F10-D10 -> 0 | F10: =+D10 -> 26717.4 | AB10: =AVERAGE(P10:AA10) -> #DIV/0!
B11: Other - Misc | D11: 0 | E11: =F11-D11 -> 0 | F11: 0
B12: TOTAL INTEREST & DIVIDENDS | D12: =SUM(D7:D11) -> 1141319.7 | E12: =SUM(E7:E11) -> 27281.91 | F12: =SUM(F7:F11) -> 1168601.6
D14: Test Year | E14: Pro Forma | F14: =+F5 -> 11/1/22-10/31/23
A15: ACCT | B15: OTHER CAPITAL CREDITS | D15: =+D6 -> 7/1/21 - 6/30/22 | E15: Adjustments | F15: =+F6 -> ADJ Rate Year
A16: 424.01 | B16: Other Capital Credits
B17: CFC Patronage Capital - Equity | D17: 39274.51 | E17: =+F17-D17 -> 0 | F17: =+D17 -> 39274.51
B18: CRC Patronage Capital - Equity | D18: 1020 | E18: =+F18-D18 -> 0 | F18: =+D18 -> 1020
B19: UUS Patronage Capital - Equity | D19: 1597 | E19: =+F19-D19 -> 0 | F19: =+D19 -> 1597
B20: NISC Patronage Capital - Equity | D20: 9078.84 | E20: =+F20-D20 -> 0 | F20: =+D20 -> 9078.84
B21: NRTC Patronage Capital - Equity | D21: 2542.54 | E21: =F21-D21 -> 0 | F21: =+D21 -> 2542.54
B22: TOTAL CAPITAL CREDITS | D22: =SUM(D17:D21) -> 53512.89 | E22: =+F22-D22 -> 0 | F22: =SUM(F17:F21) -> 53512.89 | H22: Patronage Allocations - Non Cash
A24: 123.01 | B24: CFC Return of Patronage - Cash | D24: 25233.95 | E24: =+F24-D24 -> 0 | F24: =+D24 -> 25233.95
A25: 123.02 | B25: NISC Return of Patronage - Cash | D25: 7333.92 | E25: =+F25-D25 -> 0 | F25: =+D25 -> 7333.92
A26: 123.03 | B26: UUS Return of Patronage - Cash | D26: 0 | E26: =+F26-D26 -> 0 | F26: =+D26 -> 0
A27: 123.04 | B27: NRTC Return of Patronage - Cash | D27: 911.16 | E27: =+F27-D27 -> 0 | F27: =+D27 -> 911.16
A28: 123.05 | B28: CRC Retorn of Patronage - Cash | D28: 204 | E28: =+F28-D28 -> 0 | F28: =+D28 -> 204
A29: 123.22 | B29: CFC Cap Term Cert - Cash | D29: 2483.78 | E29: =+F29-D29 -> 0 | F29: =+D29 -> 2483.78
B30: Total Return of Patronage - Cash | D30: =SUM(D24:D29) -> 36166.81 | E30: =SUM(E24:E29) -> 0 | F30: =SUM(F24:F29) -> 36166.81 | H30: Retirement of Patronage Allocations - Cash Received

Sheet S11  - Other Revenues
A2: SCHEDULE 11
A3: OTHER REVENUES & EXTRAORDINARY ITEMS;
C6: Test Year | D6: Pro Forma | E6: =+'S1-Revenue Requirement'!E6 -> 11/1/22-10/31/23
A7: ACCT | B7: DESCRIPTION | C7: =+'S1-Revenue Requirement'!C6 -> 7/1/21 - 6/30/22 | D7: Adjustments | E7: ADJ Rate Year | F7: Adjustment Description
A9: OTHER OPERATING REVENUES
A11: VARIOUS | B11: PROFORMA LABOR COST | C11: 0 | D11: =+E11-C11 -> 0 | E11: 0 | F11: Schedule S6-A
A13: 451.01 | B13: Misc Serv Rev - Disc Rec & Col Fee | C13: 0 | D13: =+E13-C13 -> 0 | E13: 0
A15: 454.02 & 03 | B15: Rent Rev - Tel Attach & CCEC | C15: 0 | D15: =+E15-C15 -> 0 | E15: 0
A17: 456.01 | B17: Open Access Trans Tariff Revs (OATT) as of July 1 2018 | C17: =-5214*12 -> -62568 | D17: =+E17-C17 -> 8104.8 | E17: =-4538.6*12 -> -54463.2 | F17: OATT per rates effective 11/1/2022
B19: 2017 Deferred OATT Revenue (August 2017 - December 2017) | C19: 0 | D19: =+E19-C19 -> 0 | E19: 0
B20: 2018 Deferred OATT Revenue (January 2018 - June 2018) | C20: 0 | D20: =+E20-C20 -> 0 | E20: 0
B21: Total Deferred OATT Revenue | C21: =SUM(C19:C20) -> 0 | D21: =+D19+D20 -> 0 | E21: 0 | F21: Schedule S8A - OATT
B23: Total OATT Revenues | C23: =+C21+C17 -> -62568 | D23: =+D21+D17 -> 8104.8 | E23: =SUM(E17:E21) -> -54463.2
A25: 456.01 | B25: Deferred Revenue | C25: -71360.76 | D25: =+E25-C25 -> -45309.24 | E25: -116670 | F25: PPP Grant Amortization
A26: 459.01 | B26: Sale of RECS | C26: -2041470.1 | D26: =+E26-C26 -> -28593.94 | E26: -2070064 | F26: Firm & Estimated REC sales
B27: Deferred REC Revenues | C27: 0 | D27: =+E27-C27 -> 0 | E27: 0 | F27: Schedule S8A - Def REC Revenue
B28: Total | C28: =SUM(C26:C27) -> -2041470.1 | D28: =SUM(D25:D27) -> -73903.18 | E28: =SUM(E26:E27) -> -2070064
A31: TOTAL OTHER OPERATING REVENUES | C31: =+C17+C25+C26 -> -2175398.8 | D31: =D17+D25+D26 -> -65798.38 | E31: =E17+E25+E26 -> -2241197.2
A34: NON OPERATING (INCOME)/EXPENSE
A36: 421.1 | B36: Gain On Disposition of Property | C36: =+'Trial Balance'!C255 -> 0 | D36: 0 | F36: No known sales
A37: 421.2 | B37: Loss on Disp of Property | C37: =+'Trial Balance'!C256 -> 39552 | D37: -39552 | E37: =SUM(C37:D37) -> 0 | F37: No known sales
C38: =SUM(C36:C37) -> 39552 | D38: =SUM(D36:D37) -> -39552 | E38: =+E36+E37 -> 0
A40: OTHER INCOME & EXPENSE
A42: VARIOUS | B42: PROFORMA LABOR COST | C42: =+'S6A - Payroll by Function'!C15 -> 277.28778 | D42: =+E42-C42 -> 9.4575829 | E42: =+'S6A - Payroll by Function'!E15 -> 286.74537 | F42: Schedule S6-A
A46: TOTAL OTHER INCOME & EXPENSES | C46: =SUM(C42:C43) -> 277.28778 | D46: =SUM(D42:D43) -> 9.4575829 | E46: =SUM(E42:E43) -> 286.74537
A48: VARIOUS | B48: PROFORMA LABOR COST | C48: =+'S6A - Payroll by Function'!C14 -> 0 | D48: =+E48-C48 -> 0 | E48: 0 | F48: Payroll - Lobbying not recoverable
A50: Other Deductions
A51: 426.1 | B51: Inc Ded - Donation | C51: =+'Trial Balance'!C223 -> 501.09 | D51: =+E51-C51 -> -501.09 | E51: 0 | F51: Remove - not recoverable
A52: 426.4 | B52: Inc Ded - Lobbying | C52: =+'Trial Balance'!C224 -> 1778.12 | D52: =+E52-C52 -> -1778.12 | E52: 0 | F52: Remove - not recoverable
A53: 428.03 | B53: Amort of Debt Exp CREBs | C53: =+'Trial Balance'!C226 -> 7844.64 | D53: =+E53-C53 -> -7844.64 | E53: =+'S8A - Amortization'!M15 -> 0 | F53: Schedule S8A
C55: =SUM(C48:C54) -> 10123.85 | D55: =SUM(D48:D54) -> -10123.85 | E55: =SUM(E48:E54) -> 0

Sheet S12 - Ratio Calcs
B1: EXHIBIT: WEC - 1
B2: SCHEDULE 12
B3: RATIO CALCULATION;
B6: TIER Calculation - RUS Loan Covenant Requirement - 1.25 | K6: DSC Calculation - RUS Loan Covenant Requirement - 1.25
F8: Existing | G8: Proposed | M8: Existing | N8: Proposed
F9: Rates | G9: Rates | I9: Adjustment Description | M9: Rates | N9: Rates | P9: Adjustment Description
B10: A.) Net Margins | F10: =+'S1-Revenue Requirement'!C33 -> -216430.22 | G10: =+'S1-Revenue Requirement'!E36 -> 1149481.2 | I10: Schedule 1, Line 29 | K10: A.) Net Margins | M10: =+F10 -> -216430.22 | N10: =+G10 -> 1149481.2 | P10: =+I10 -> Schedule 1, Line 29
B12: B.) Interest Expense | F12: =+'S1-Revenue Requirement'!C20 -> 1206298.6 | G12: =+'S1-Revenue Requirement'!E20 -> 1149481.2 | I12: Schedule 1 Line 13 | K12: B.) Interest Expense | M12: =+F12 -> 1206298.6 | N12: =+G12 -> 1149481.2 | P12: =+I12 -> Schedule 1 Line 13
B14: C.) Net Income Excluding Interest Expense | F14: =SUM(F10:F13) -> 989868.39 | G14: =SUM(G10:G13) -> 2298962.4 | I14: (A + B) | K14: C.) Depreciation & Amortization | M14: =+F40 -> 2444574.5 | N14: =+G40 -> 2446470.2 | P14: =+I40 -> Schedule 8 Line 10
B16: D.) Tier Calculation C/B | F16: =+F14/F12 -> 0.82058321 | G16: =+G14/G12 -> 2 | I16: (C / B) | K16: D.) Debt Service Payments | M16: =+F49 -> 3726527 | N16: =+G49 -> 3631930.2
K18: E.) DSC Calculation | M18: =(+M10+M12+M14)/M16 -> 0.92162028 | N18: =(+N10+N12+N14)/N16 -> 1.3065869 | P18: (A + B + C) / D
B21: OTIER Calculation - RUS Loan Covenant Requirement - 1.10 | K21: ODSC Calculation - RUS Loan Covenant Requirement - 1.10
G22: Proposed | M22: Existing | N22: Proposed
F23: Existing Rates | G23: Rates | I23: Supporting Schedule | M23: Rates | N23: Rates | P23: Adjustment Description
B24: A.) Operating Margins | F24: =+'S1-Revenue Requirement'!C32-'S1-Revenue Requirement'!C25-'S1-Revenue Requirement'!C23 -> -1385815.2 | G24: =+'S1-Revenue Requirement'!E32-'S1-Revenue Requirement'!E25-'S1-Revenue Requirement'!E23+'S1-Revenue Requirement'!E38 -> -86728.262 | I24: Schedule 1 | K24: A.) Operating Margins | M24: =+F24 -> -1385815.2 | N24: =+G24 -> -86728.262 | P24: Schedule 1
B26: B.) Interest Expense | F26: =+F12 -> 1206298.6 | G26: =+G12 -> 1149481.2 | I26: =+I12 -> Schedule 1 Line 13 | K26: B.) Interest Expense | M26: =+F26 -> 1206298.6 | N26: =+G26 -> 1149481.2 | P26: =+I26 -> Schedule 1 Line 13
B28: B1) Velco Dividend Income (Account 419.01) | F28: =-'Trial Balance'!C235 -> 1114602.3 | G28: =+'S10 - Int & Div Income'!F7+'S10 - Int & Div Income'!F8+'S10 - Int & Div Income'!F9 -> 1141884.2 | I28: Schedule 11 Line 1 | K28: B1) Velco Dividend Income (Account 419.01) | M28: =+F28 -> 1114602.3 | N28: =+G28 -> 1141884.2 | P28: =+I28 -> Schedule 11 Line 1
B30: C.) Net Income Excluding Interest Expense | F30: =SUM(F24:F29) -> 935085.72 | G30: =SUM(G24:G29) -> 2204637.2 | I30: (A + B + B1) | K30: C.) Depreciation & Amortization | M30: =+M14 -> 2444574.5 | N30: =+N14 -> 2446470.2 | P30: =+P14 -> Schedule 8 Line 10
B32: D.) Cash Received - Retirement of Patronage Capital | F32: =+'S10 - Int & Div Income'!D30 -> 36166.81 | G32: =+'S10 - Int & Div Income'!F30 -> 36166.81 | I32: Schedule 10 Line 28 | K32: D.) Cash Received - Retirement of Patronage Capital | M32: =+F32 -> 36166.81 | N32: =+G32 -> 36166.81
B34: E.) OTier Calculation C/B | F34: =+(F24+F26+F32+F28)/F26 -> 0.805151 | G34: =+(G24+G26+G32+G28)/G26 -> 1.9494047 | I34: (C +D) / B | K34: E.) Debt Service Payments | M34: =+M16 -> 3726527 | N34: =+N16 -> 3631930.2 | P34: Amortization Schedule
K36: F.) ODSC Calculation | M36: =(+M24+M26+M30+M32+M28)/M34 -> 0.91662478 | N36: =(+N24+N26+N30+N32+N28)/N34 -> 1.2905739 | P36: (A + B + B1 + C + D) / E
B38: MDSC Calculation - National Rural Utilities Cooperative Finance Corp (CFC) Loan Covenant Requirement - 1.35
B40: A.) Depreciation & Amortization | F40: =+'S1-Revenue Requirement'!C17 -> 2444574.5 | G40: =+'S1-Revenue Requirement'!E17 -> 2446470.2 | I40: Schedule 8 Line 10
B41: B.) Interest Expense | F41: =+F12 -> 1206298.6 | G41: =+G12 -> 1149481.2 | I41: =+I12 -> Schedule 1 Line 13
B42: C.) Operating Margins | F42: =+F24 -> -1385815.2 | G42: =+G24 -> -86728.262 | I42: Schedule 1
B43: D.) Non Operating Interest | F43: =-'S1-Revenue Requirement'!C24 -> 1141319.7 | G43: =-'S1-Revenue Requirement'!E24 -> 1168601.6 | I43: Schedule 1 Line 17
B44: E.) Other Capital Credits & Patronage Div | F44: =-'S1-Revenue Requirement'!C26 -> 53512.89 | G44: =-'S1-Revenue Requirement'!E26 -> 53512.89 | I44: Schedule 1 Line 19
B45: F.) Sub Total | F45: =SUM(F40:F44) -> 3459890.5 | G45: =SUM(G40:G44) -> 4731337.7
B46: G.) Invest In Assoc Org - Pat Cap | F46: =+'Trial Balance'!C292+'Trial Balance'!C293+'Trial Balance'!C294+'Trial Balance'!C295+'Trial Balance'!C296 -> 474817.89 | G46: =+G47 -> 474817.89 | I46: Trial Balance
B47: H.) Invest in Assoc Org - Pat Cap Prior Year | F47: 457086.12 | G47: =+F46 -> 474817.89 | I47: Trial Balance
B48: I.) Change in Investment Total | F48: =+F46-F47 -> 17731.77 | G48: 0
B49: J.) Debt Service Payments | F49: =924862+928884+926796+945985 -> 3726527 | G49: =1149481.19+2482449.03 -> 3631930.2 | I49: Amortization Schedule
B51: K. ) MDSC Calculation | F51: =(+F45-F48)/F49 -> 0.9236908 | G51: =(+G45-G48)/G49 -> 1.3027061 | I51: (F - I) / J

Sheet S13 ROE
A1: EXHIBIT: WEC - 1
A2: SCHEDULE 13
A3: EQUITY MANAGEMENT
A5: Equity Management
A7: Assumptions or Facts: | F7: Value | H7: Description
A8: Asset Value 6/30/22 | F8: 65251377 | H8: WEC Financials
A9: Equity on 6/30/22 | F9: 25533644 | H9: WEC Financials
A10: Depreciation Expense | F10: =+'S8 - Depreciation'!E9 -> 2446470.2 | H10: Schedule 8
A11: Amortization Expense | F11: 0 | H11: Schedule 8-A
A12: HQ Disallowance Expense | F12: 0
A13: Estimated Line Extension Contributions | F13: -160392 | H13: 2018-2021 CWP
A14: Capital Spending Excluding Line Extension | F14: =1962418+160392-185382 -> 1937428 | H14: 2018-2021 CWP
A15: Interest Expense | F15: =+'S9 - Interest Exp'!E25+'S9 - Interest Exp'!E29 -> 1149481.2 | H15: Schedule 9
A16: Debt Service (principal) | F16: =+'S12 - Ratio Calcs'!G49-'S12 - Ratio Calcs'!G12 -> 2482449 | H16: WEC Amortization Schedules
A17: Equity % on 8/31/19 | F17: =+F9/F8 -> 0.39131196 | H17: WEC Financials
A18: Earnings Requirement | F18: =+'S1-Revenue Requirement'!E36 -> 1149481.2 | H18: S1 - Revenue Requirement
A19: Return On Equity | F19: =+F18/((F9+(F9+F18-F20))/2) -> 0.04436715
A20: Patronage or Capital Credit Retirements Assumed | F20: 400000
B25: A.) Asset Growth Rate | E25: B.) Patronage Retirements %
D27: +
C32: Equity Management
D39: A.) Earnings + Line Extension Contributions
A44: NET WEC IMPACT ON EQUITY
A46: Description | D46: Projected | E46: Change | F46: %
A48: Total Assets | D48: =+(F8+F13+F14)-(F10+F11+F12) -> 64581943 | E48: =+D48-F8 -> -669434.24 | F48: =+E48/F8 -> -0.010259312
A50: Total Equity | D50: =+F9+F18-F20 -> 26283125 | E50: =+D50-F9 -> 749481.19 | F50: =+E50/F9 -> 0.029352692
A52: Equity % | D52: =+D50/D48 -> 0.40697328 | E52: =+D52-F17 -> 0.015661325
A54: New Debt Needed to Fund Capital | D54: =+F14+F16+F13-F18-F10-F11-F12 -> 663533.6
A56: Required TIER Target | D56: =+(F18+F15)/F15 -> 2

Sheet S14 - Property Tax Generation
A1: EXHIBIT: WEC - 1
A2: SCHEDULE 14
A3: PROPERTY TAX
C6: Test Year | D6: Pro Forma | E6: =+'S1-Revenue Requirement'!E6 -> 11/1/22-10/31/23
A7: ACCT | B7: DESCRIPTION | C7: =+'S1-Revenue Requirement'!C6 -> 7/1/21 - 6/30/22 | D7: Adjustments | E7: ADJ Rate Year | F7: Adjustment Description
A9: PROPERTY TAX
A11: 538.01 | B11: PROPERTY TAXES - WVILLE | C11: 34190 | D11: =+E11-C11 -> 880.62594 | E11: =+G28 -> 35070.626 | F11: See work are below
A13: 548.01 | B13: PROPERTY TAXES - COVENTRY | C13: 100148 | D13: =+E13-C13 -> 81504.72 | E13: 181652.72 | F13: Coventry 2022 Tax Invoice
A17: TOTAL PROPERTY TAX | C17: =SUM(C11:C16) -> 134338 | D17: =SUM(D11:D16) -> 82385.346 | E17: =SUM(E11:E16) -> 216723.35
A23: Estimate 2019 Taxes
A25: Wrightsville | B25: 2017 | C25: 2018 | D25: 2019 | E25: 2020 | F25: 2021
A27: Description | B27: 2017 | C27: 2018 | D27: 2019 | E27: 2020 | F27: 2021 | G27: 2020 Projection | H27: Adjustment Description
A28: Total Property Tax Expense/Year | B28: 29623.42 | C28: 30454.64 | D28: 31631.56 | E28: 33006.32 | F28: 33990 | G28: =F28*(F31+1) -> 35070.626 | H28: Rate Year Projected = 2021 * 5 yr avg % Increase
A29: Change from Prior Year | B29: 552.16 | C29: =+C28-B28 -> 831.22 | D29: =+D28-C28 -> 1176.92 | E29: =+E28-D28 -> 1374.76 | F29: =+F28-E28 -> 983.68
A30: % Increase | B30: 0.018993329 | C30: =+C29/B28 -> 0.028059556 | D30: =+D29/C28 -> 0.038645014 | E30: =+E29/D28 -> 0.043461657 | F30: =+F29/E28 -> 0.029802777
A31: Five Year Average Increase | F31: =AVERAGE(B30:F30) -> 0.031792467
A34: Coventry

Sheet S15 - Gross Rec & Rev Tax
A1: EXHIBIT: WEC - 1
A2: SCHEDULE 15
A3: GROSS REVENUE & GROSS RECEIPTS TAX
A6: Gross Revenue & Gross Receipts Tax
C8: Test Year | D8: Pro Forma | E8: =+'S1-Revenue Requirement'!E6 -> 11/1/22-10/31/23
A9: ACCT | B9: DESCRIPTION | C9: =+'S1-Revenue Requirement'!C6 -> 7/1/21 - 6/30/22 | D9: Adjustments | E9: ADJ Rate Year | F9: Adjustment Description
A12: 408.5 | B12: TAXES - FUEL GROSS RECEIPTS | C12: =+'Trial Balance'!C203 -> 85338.22 | D12: =+E12-C12 -> 9665.6187 | E12: =+E40 -> 95003.839 | F12: See work area below
A14: 408.6 | B14: TAXES - GROSS REVENUE | C14: =+'Trial Balance'!C204 -> 103791.46 | D14: =+E14-C14 -> 10494.342 | E14: =+E56 -> 114285.8 | F14: See work area below
B18: TOTAL GROSS RECEIPTS & GROSS REVENUE | C18: =SUM(C12:C17) -> 189129.68 | D18: =SUM(D12:D17) -> 20159.961 | E18: =SUM(E12:E17) -> 209289.64
C27: Test Year | E27: =+E8 -> 11/1/22-10/31/23
B28: Gross Receipts Tax | C28: =+C9 -> 7/1/21 - 6/30/22 | E28: ADJ Rate Year
B31: Revenue at Existing Rates | C31: =+'S1-Revenue Requirement'!C32 -> 17067642 | E31: =+'S1-Revenue Requirement'!E32 -> 16822179 | F31: Schedule 1 line 25
B32: Additional Revenue Requirement | C32: 0 | E32: =+'S1-Revenue Requirement'!E38 -> 2178588.9 | F32: Schedule 1 line 31
B33: Total Member Revenues | C33: =SUM(C31:C32) -> 17067642 | E33: =SUM(E31:E32) -> 19000768
B35: Gross Receipts Tax Rate | C35: 0.005 | E35: 0.005
B37: Gross Receipts Tax | C37: =+C33*C35 -> 85338.213 | E37: =+E33*E35 -> 95003.839
B38: Prior Year Adjustment | C38: 0 | E38: 0
B40: Total Gross Receipts Tax | C40: =SUM(C37:C39) -> 85338.213 | E40: =SUM(E37:E39) -> 95003.839
B44: Gross Revenue Tax
B46: Operating Revenues | C46: =+'S1-Revenue Requirement'!C32-'S1-Revenue Requirement'!C25 -> 19769801 | E46: =+'S1-Revenue Requirement'!E32-'S1-Revenue Requirement'!E25 -> 19590135 | F46: Schedule 1 line 25 plus line 18
B47: Additional Revenue Requirement | C47: 0 | E47: =+'S1-Revenue Requirement'!E38 -> 2178588.9 | F47: Schedule 1 line 35
B48: Total Operating Revenues | C48: =SUM(C46:C47) -> 19769801 | E48: =SUM(E46:E47) -> 21768724
B50: Gross Revenue Tax Rate | C50: 0.00525 | E50: 0.00525
B53: Gross Receipts Tax | C53: =+C48*C50 -> 103791.45 | E53: =+E48*E50 -> 114285.8
B54: Prior Year Adjustment | C54: 0 | E54: 0
B56: Total Gross Revenue Tax | C56: =SUM(C53:C55) -> 103791.45 | E56: =SUM(E53:E55) -> 114285.8

Sheet S16 - Net Metering
A1: EXHIBIT: WEC-1 | C1: Bill Powell Provided this Calc
A2: SCHEDULE 16
A3: Net Metering
A4: Year | B4: Number Members | C4: Installed kW | D4: Cumulative (kW)
A5: Pre 2017 (Legacy) | B5: 252 | C5: 1580 | D5: 1580
A6: 2017 | B6: 131 | C6: 911.57 | D6: 2491.57
A7: 43101 | B7: 3 | C7: 18.6
A8: 43132 | B8: 2 | C8: 11.4 | K8: from | L8: to | M8: # DAYS
A9: 43160 | B9: 8 | C9: 55.8 | J9: TEST year | K9: 44378 | L9: 44742 | M9: =+L9-K9 -> 364
A10: 43191 | B10: 7 | C10: 39.4 | J10: RATE year | K10: 44866 | L10: 45230 | M10: =+L10-K10 -> 364
A11: 43221 | B11: 7 | C11: 48
A12: 43252 | B12: 13 | C12: 86.2
A13: 43282 | B13: 8 | C13: 60.4
A14: 43313 | B14: 8 | C14: 59.4 | D14: Gross Cumulative | E14: Aged Cumulative | F14: kWh | G14: Days | L14: kw AC | M14: Gross Cumulative | N14: Aged Cumulative | O14: kWh | P14: Days | Q14: S/C $
A15: 43344 | B15: 13 | C15: 110.2 | D15: =+C15 -> 110.2 | E15: =+C15/2 -> 55.1 | F15: =+E15*G15*24*0.13 -> 5157.36 | G15: 30 | J15: 44378 | K15: 3 | L15: 17 | M15: =+L15 -> 17 | N15: =+L15/2 -> 8.5 | O15: =+N15*P15*24*0.13 -> 822.12 | P15: 31 | Q15: 22.25
A16: 43374 | B16: 4 | C16: 22.6 | D16: =+D15+C16 -> 132.8 | E16: =+C16/2+D15 -> 121.5 | F16: =+E16*G16*24*0.13 -> 11751.48 | G16: 31 | J16: 44409 | K16: 17 | L16: 138 | M16: =+M15+L16 -> 155 | N16: =+L16/2+M15 -> 86 | O16: =+N16*P16*24*0.13 -> 8317.92 | P16: 31 | Q16: 22.25
A17: 43405 | B17: 13 | C17: 481.8 | D17: =+D16+C17 -> 614.6 | E17: =+C17/2+D16 -> 373.7 | F17: =+E17*G17*24*0.13 -> 34978.32 | G17: 30 | J17: 44440 | K17: 16 | L17: 169 | M17: =+M16+L17 -> 324 | N17: =+L17/2+M16 -> 239.5 | O17: =+N17*P17*24*0.13 -> 22417.2 | P17: 30 | Q17: 22.25
A18: 43435 | B18: 11 | C18: 74.4 | D18: =+D17+C18 -> 689 | E18: =+C18/2+D17 -> 651.8 | F18: =+E18*G18*24*0.13 -> 63042.096 | G18: 31 | J18: 44490 | K18: 5 | L18: 32 | M18: =+M17+L18 -> 356 | N18: =+L18/2+M17 -> 340 | O18: =+N18*P18*24*0.13 -> 32884.8 | P18: 31 | Q18: 22.25
A19: 43466 | B19: 4 | C19: 23.6 | D19: =+D18+C19 -> 712.6 | E19: =+C19/2+D18 -> 700.8 | F19: =+E19*G19*24*0.13 -> 67781.376 | G19: 31 | J19: 44501 | K19: 10 | L19: 100 | M19: =+M18+L19 -> 456 | N19: =+L19/2+M18 -> 406 | O19: =+N19*P19*24*0.13 -> 38001.6 | P19: 30 | Q19: 22.25
A20: 43497 | B20: 1 | C20: 15 | D20: =+D19+C20 -> 727.6 | E20: =+C20/2+D19 -> 720.1 | F20: =+E20*G20*24*0.13 -> 62907.936 | G20: 28 | J20: 44531 | K20: 8 | L20: 167 | M20: =+M19+L20 -> 623 | N20: =+L20/2+M19 -> 539.5 | O20: =+N20*P20*24*0.13 -> 52180.44 | P20: 31 | Q20: 22.25
A21: 43525 | B21: 6 | C21: 38.4 | D21: =+D20+C21 -> 766 | E21: =+C21/2+D20 -> 746.8 | F21: =+E21*G21*24*0.13 -> 72230.496 | G21: 31 | J21: 44562 | K21: 7 | L21: 44 | M21: =+M20+L21 -> 667 | N21: =+L21/2+M20 -> 645 | O21: =+N21*P21*24*0.13 -> 62384.4 | P21: 31 | Q21: 22.25
A22: 43556 | B22: 3 | C22: 31.4 | D22: =+D21+C22 -> 797.4 | E22: =+C22/2+D21 -> 781.7 | F22: =+E22*G22*24*0.13 -> 73167.12 | G22: 30 | J22: 44593 | K22: 10 | L22: 65 | M22: =+M21+L22 -> 732 | N22: =+L22/2+M21 -> 699.5 | O22: =+N22*P22*24*0.13 -> 61108.32 | P22: 28 | Q22: 22.25
A23: 43586 | B23: 7 | C23: 54 | D23: =+D22+C23 -> 851.4 | E23: =+C23/2+D22 -> 824.4 | F23: =+E23*G23*24*0.13 -> 79735.968 | G23: 31 | J23: 44621 | K23: 7 | L23: 54 | M23: =+M22+L23 -> 786 | N23: =+L23/2+M22 -> 759 | O23: =+N23*P23*24*0.13 -> 73410.48 | P23: 31 | Q23: 22.25
A24: 43617 | B24: 10 | C24: 78.4 | D24: =+D23+C24 -> 929.8 | E24: =+C24/2+D23 -> 890.6 | F24: =+E24*G24*24*0.13 -> 83360.16 | G24: 30 | J24: 44652 | K24: 2 | L24: 17.4 | M24: =+M23+L24 -> 803.4 | N24: =+L24/2+M23 -> 794.7 | O24: =+N24*P24*24*0.13 -> 74383.92 | P24: 30 | Q24: 22.25
A25: 43647 | B25: 8 | C25: 116 | D25: =+D24+C25 -> 1045.8 | E25: =+C25/2+D24 -> 987.8 | F25: =+E25*G25*24*0.13 -> 95540.016 | G25: 31 | J25: 44682 | K25: 8 | L25: 57 | M25: =+M24+L25 -> 860.4 | N25: =+L25/2+M24 -> 831.9 | O25: =+N25*P25*24*0.13 -> 80461.368 | P25: 31 | Q25: 22.25
A26: 43678 | B26: 12 | C26: 90 | D26: =+D25+C26 -> 1135.8 | E26: =+C26/2+D25 -> 1090.8 | F26: =+E26*G26*24*0.13 -> 105502.18 | G26: 31 | J26: 44713 | K26: 14 | L26: 103 | M26: =+M25+L26 -> 963.4 | N26: =+L26/2+M25 -> 911.9 | O26: =+N26*P26*24*0.13 -> 85353.84 | P26: 30 | Q26: 22.25
K27: =SUM(K15:K26) -> 107 | L27: =SUM(L15:L26) -> 963.4
A28: KW installed in Test Year | C28: =SUM(C15:C26) -> 1135.8 | E28: kWh in TY ===> | F28: =SUM(F15:F26) -> 755154.5 | G28: =SUM(G15:G26) -> 365 | J28: kw installed in TEST YEAR | L28: =SUM(L15:L26) -> 963.4 | M28: kwh in TEST YEAR | O28: =SUM(O15:O26) -> 591726.41 | P28: =SUM(P15:P27) -> 365
C29: =+C28*8760*0.13 -> 1293449 | D29: =+F28/C29 -> 0.58383012 | L29: =(L28*8760*0.13) -> 1097119.9 | M29: =+O28/L29 -> 0.53934524
A30: Adjustment to Rate Year (kWh from all TY kW) | C30: =+(C28*8760*0.13)-F28 -> 538294.54 | J30: Adjustment to Rate Year (kWh from all TY kW) | L30: =+(L28*8760*0.13)-O28 -> 505393.51
A31: New Rate Year KW (assume same pace as TY | C31: =+F28 -> 755154.5 | J31: New RATE YEAR KW/same pace | L31: =+O28 -> 591726.41
A32: Total KWh Adjustment to RY | C32: =+C31+C30 -> 1293449 | J32: total kwh adjustment to RATE YEAR | L32: =+L31+L30 -> 1097119.9
B33: Avoided Retail Rate | C33: =14958151/70493884 -> 0.21219076 | J33: Avoided Retail Rate | L33: =16944851/70503428 -> 0.24034081
B34: Reduction in Revenue gross | C34: =+C33*C32 -> 274457.94 | J34: REDUCTION REV gross | L34: =+L33*L32 -> 263682.69
B35: Total Members | C35: =SUM(B15:B26) -> 92 | J35: Total Members | L35: =SUM(K15:K26) -> 107
B36: Monthly Customer Charge Revenue | C36: =+C35*14.19*12 -> 15665.76 | J36: Monthly Customer Charge Revenue | L36: =+L35*Q26*12 -> 28569
B37: Net Effect | C37: =+C34-C36 -> 258792.18
J38: Net Effect | L38: =+L34-L36 -> 235113.69
C39: 1.09 | D39: Losses | L39: 1.09 | M39: losses
C40: =+C39*C32 -> 1409859.5 | D40: NM Load Adjustment w/Losses | L40: =+L32*L39 -> 1195860.7 | M40: NM Load Adjustment w/Losses

Sheet S17 - Effect on Revenue
A1: 1 | B1: EXHIBIT: WEC - 1
A2: 2 | B2: Schedule 17
A3: 3 | B3: Effect on Revenue - Test Yr vs. Rate Year
A4: 4 | R4: November 1, 2022 - October 31, 2023
A5: 5 | R5: =+'S1-Revenue Requirement'!E42 -> 0.1419
A6: 6
A8: 7 | D8: July 1 2021 - December 31, 2021 | G8: Sept 1, 2018 - Dec 31, 2018 | H8: January 1, 2022 - June 30, 2022 | M8: Test Year | N8: Total Test Year | O8: 44743 | Q8: test year modified for phase-in
A9: 8 | B9: COMPANY | D9: TEST YEAR | F9: BILLING | G9: TEST YEAR | H9: TEST YEAR | J9: BILLING | K9: TEST YEAR | M9: BILLING | N9: Revenues | O9: Approved Rates | R9: PROPOSED | T9: PROPOSED | V9: PERCENT
A10: 9 | B10: DESIGNATION | D10: RATES | F10: UNITS | G10: REVENUES | H10: RATES | J10: UNITS | K10: REVENUES | M10: UNITS | R10: RATES | T10: REVENUES | V10: INCREASE
A11: 10 | B11: = | D11: = | E11: = | F11: = | G11: = | R11: = | S11: = | T11: = | V11: ========
A12: 11 | B12: Residential Rate 01
A13: 12 | B13: Customer charge | D13: 22.25 | E13: /mo. | F13: =+G13/D13 -> 65184.361 | G13: 1450352 | H13: 22.25 | I13: /mo. | J13: =+K13/H13 -> 65352.861 | K13: 1454101.2 | M13: =+F13+J13 -> 130537.22 | N13: =+K13+G13 -> 2904453.2 | O13: 26.49 | P13: /mo. | Q13: =M13*O13 -> 3457931 | R13: =+O13*(1+$R$5) -> 30.248931 | S13: /mo. | T13: =+Q13*(1+$R$5) -> 3948611.4 | V13: =+T13/Q13-1 -> 0.1419
A14: 13 | B14: Baseload Block | D14: 0.08476 | E14: /mo. | F14: 5726058 | G14: =+D14*F14 -> 485340.68 | H14: 0.08476 | I14: /mo. | J14: 5635631 | K14: =+J14*H14 -> 477676.08 | M14: =+F14+J14 -> 11361689 | N14: =+K14+G14 -> 963016.76 | O14: 0.08476 | P14: /mo. | Q14: =M14*O14 -> 963016.76 | R14: =+O14*(1+$R$5) -> 0.096787444 | S14: /mo. | T14: =+Q14*(1+$R$5) -> 1099668.8 | V14: =+T14/N14-1 -> 0.1419
A15: 14 | B15: Tail Block | D15: 0.2222 | E15: /kWh | F15: 24661531 | G15: =5856925.68-114580.63-G14-G16 -> 5376316.9 | H15: 0.2222 | I15: /kWh | J15: 27785063 | K15: =6529867.5-K14-K16 -> 6279440.7 | M15: =+F15+J15 -> 52446594 | N15: =+K15+G15 -> 11655758 | O15: 0.21149 | P15: /kWh | Q15: =M15*O15 -> 11091930 | R15: =+O15*(1+$R$5) -> 0.24150043 | S15: /kWh | T15: =+Q15*(1+$R$5) -> 12665875 | V15: =+T15/Q15-1 -> 0.1419
A16: 15 | B16: Net Meter Adjustments | G16: =-24329.4-96550.54-2233.28+3800.65 -> -119312.57 | K16: =-11591.21-133290.42-82593.79+226.09 -> -227249.33 | N16: =+K16+G16 -> -346561.9 | Q16: =N16 -> -346561.9 | T16: =+N16*(1+$R$5) -> -395739.03 | V16: =+T16/N16-1 -> 0.1419
A17: 16 | B17: Total | F17: =F14+F15+F16 -> 30387589 | G17: =SUM(G13:G16) -> 7192697.1 | J17: =J14+J15 -> 33420694 | K17: =SUM(K13:K16) -> 7983968.7 | M17: =M14+M15 -> 63808283 | N17: =SUM(N13:N16) -> 15176666 | Q17: =SUM(Q13:Q16) -> 15166316 | T17: =SUM(T13:T16) -> 17318416 | V17: =+T17/Q17-1 -> 0.1419
A18: 17
A19: 24 | B19: Small Commercial Rate 06
A20: 25 | B20: Customer charge | D20: 26.49 | E20: /mo. | F20: =+G20/D20 -> 3427.5357 | G20: 90795.42 | H20: 26.49 | I20: /mo. | J20: =+K20/H20 -> 3472.6769 | K20: 91991.21 | M20: =+F20+J20 -> 6900.2125 | N20: =+K20+G20 -> 182786.63 | O20: 26.49 | P20: /mo. | Q20: =M20*O20 -> 182786.63 | R20: =+H20*(1+$R$5) -> 30.248931 | S20: /mo. | T20: =+N20*(1+$R$5) -> 208724.05 | V20: =+T20/N20-1 -> 0.1419
A21: 26 | B21: KWH | D21: 0.20136 | E21: /kWh | F21: =+G21/D21 -> 2431419.3 | G21: =489975.92-703.26-G22 -> 489590.59 | H21: 0.20136 | I21: /kWh | J21: =+K21/H21 -> 2657938.2 | K21: =535174.64-K22 -> 535202.43 | M21: =+F21+J21 -> 5089357.5 | N21: =+K21+G21 -> 1024793 | O21: 0.20136 | P21: /kWh | Q21: =M21*O21 -> 1024793 | R21: =+H21*(1+$R$5) -> 0.22993298 | S21: /kWh | T21: =+N21*(1+$R$5) -> 1170211.1 | V21: =+T21/N21-1 -> 0.1419
B22: Net Meter Adjustments | E22: /kWh | G22: -317.93 | K22: -27.79 | M22: =+F22+J22 -> 0 | N22: =+K22+G22 -> -345.72 | Q22: =+N22 -> -345.72 | T22: =+N22*(1+$R$5) -> -394.77767 | V22: =+T22/N22-1 -> 0.1419
A23: 27 | B23: Total | F23: =F21+F22 -> 2431419.3 | G23: =SUM(G20:G22) -> 580068.08 | J23: =J21 -> 2657938.2 | K23: =SUM(K20:K22) -> 627165.85 | M23: =SUM(M21:M22) -> 5089357.5 | N23: =SUM(N20:N22) -> 1207233.9 | Q23: =SUM(Q20:Q22) -> 1207233.9 | T23: =SUM(T20:T22) -> 1378540.4
A24: 28
A25: 34 | B25: Large Power Rate 08
A26: 35 | B26: Customer charge | D26: 31.79 | E26: /mo. | F26: =+G26/D26 -> 80.997169 | G26: 2574.9 | H26: 31.79 | I26: /mo. | J26: =+K26/H26 -> 80.997169 | K26: 2574.9 | M26: =+F26+J26 -> 161.99434 | N26: =+K26+G26 -> 5149.8 | O26: 31.79 | P26: /mo. | Q26: =M26*O26 -> 5149.8 | R26: =+H26*(1+$R$5) -> 36.301001 | S26: /mo. | T26: =+N26*(1+$R$5) -> 5880.5566 | V26: =+T26/N26-1 -> 0.1419
A27: 36 | B27: KWH | D27: 0.11434 | E27: /kWh | F27: =+G27/D27 -> 1731478.2 | G27: =194223.61+3753.61 -> 197977.22 | H27: 0.11434 | I27: /kWh | J27: =+K27/H27 -> 1695127.6 | K27: =178929.39-K29 -> 193820.89 | M27: =+F27+J27 -> 3426605.8 | N27: =+K27+G27 -> 391798.11 | O27: 0.11434 | P27: /kWh | Q27: =M27*O27 -> 391798.11 | R27: =+H27*(1+$R$5) -> 0.13056485 | S27: /kWh | T27: =+N27*(1+$R$5) -> 447394.26 | V27: =+T27/N27-1 -> 0.1419
A28: 37 | B28: KW | D28: 16.53 | E28: /kw | F28: =+G28/D28 -> 6784.8415 | G28: 112153.43 | H28: 16.53 | I28: /kw | J28: =+K28/H28 -> 6485.9504 | K28: 107212.76 | M28: =+F28+J28 -> 13270.792 | N28: =+K28+G28 -> 219366.19 | O28: 16.53 | P28: /kw | Q28: =+N28 -> 219366.19 | R28: =+H28*(1+$R$5) -> 18.875607 | S28: /mo. | T28: =+N28*(1+$R$5) -> 250494.25 | V28: =+T28/N28-1 -> 0.1419
B29: Net Meter Adjustments | K29: -14891.5 | N29: =+K29+G29 -> -14891.5 | Q29: =+N29 -> -14891.5 | T29: =+N29*(1+$R$5) -> -17004.604
A30: 38 | B30: Total | F30: =F27 -> 1731478.2 | G30: =SUM(G26:G28) -> 312705.55 | J30: =J27 -> 1695127.6 | K30: =SUM(K26:K29) -> 288717.05 | M30: =+J30+F30 -> 3426605.8 | N30: =SUM(N26:N29) -> 601422.6 | Q30: =SUM(Q26:Q29) -> 601422.6 | T30: =SUM(T26:T29) -> 686764.47 | V30: =+T30/Q30-1 -> 0.1419
A31: 39
A32: 40 | B32: Time of Day Rate /Off Peak Rate 007
A33: 41 | B33: Customer charge | D33: 15.03 | E33: /mo. | F33: 0 | G33: =F33*D33 -> 0 | H33: 15.03 | I33: /mo. | J33: 0 | K33: =J33*H33 -> 0 | M33: =+F33+J33 -> 0 | N33: =+K33+G33 -> 0 | O33: 15.03 | P33: /mo. | Q33: =M33*O33 -> 0 | R33: =+H33*(1+$R$5) -> 17.162757 | S33: /mo. | T33: =F33*R33 -> 0 | V33: =+T33/N33-1 -> #DIV/0!
A34: 42 | B34: Baseload Block | D34: 0.12025 | E34: /kWh | F34: 0 | G34: =F34*D34 -> 0 | H34: 0.12025 | I34: /kWh | J34: 0 | K34: =J34*H34 -> 0 | M34: =+F34+J34 -> 0 | N34: =+K34+G34 -> 0 | O34: 0.12025 | P34: /kWh | Q34: =M34*O34 -> 0 | R34: =+H34*(1+$R$5) -> 0.13731347 | S34: /kWh | T34: =F34*R34 -> 0 | V34: =+T34/N34-1 -> #DIV/0!
A35: 43 | B35: Tail Block | D35: 0.25273 | E35: /kWh | F35: 0 | G35: =F35*D35 -> 0 | H35: 0.25273 | I35: /kWh | J35: 0 | K35: =J35*H35 -> 0 | M35: =+F35+J35 -> 0 | N35: =+K35+G35 -> 0 | O35: 0.25273 | P35: /kWh | Q35: =M35*O35 -> 0 | R35: =+H35*(1+$R$5) -> 0.28859239 | S35: /kWh | T35: =F35*R35 -> 0 | V35: =+T35/N35-1 -> #DIV/0!
A36: 44 | B36: Total | F36: =F34+F35 -> 0 | G36: =SUM(G33:G35) -> 0 | J36: =J34+J35 -> 0 | K36: =SUM(K33:K35) -> 0 | N36: =+K36+G36 -> 0 | Q36: =SUM(Q33:Q35) -> 0 | T36: =SUM(T33:T35) -> 0 | V36: =+T36/N36-1 -> #DIV/0!
A37: 45
A38: 46 | B38: Time of Day Rate /Peak Rate 067
A39: 47 | B39: Customer charge | D39: 15.03 | E39: /mo. | F39: 0 | G39: =F39*D39 -> 0 | H39: 15.03 | I39: /mo. | J39: 0 | K39: =J39*H39 -> 0 | M39: =+F39+J39 -> 0 | N39: =+K39+G39 -> 0 | O39: 15.03 | P39: /mo. | Q39: =M39*O39 -> 0 | R39: =+H39*(1+$R$5) -> 17.162757 | S39: /mo. | T39: =F39*R39 -> 0 | V39: =+T39/N39-1 -> #DIV/0!
A40: 48 | B40: Baseload Block | D40: 0.12025 | E40: /kWh | F40: 0 | G40: =F40*D40 -> 0 | H40: 0.12025 | I40: /kWh | J40: 0 | K40: =J40*H40 -> 0 | M40: =+F40+J40 -> 0 | N40: =+K40+G40 -> 0 | O40: 0.12025 | P40: /kWh | Q40: =M40*O40 -> 0 | R40: =+H40*(1+$R$5) -> 0.13731347 | S40: /kWh | T40: =F40*R40 -> 0 | V40: =+T40/N40-1 -> #DIV/0!
A41: 49 | B41: Tail Block | D41: 0.2972 | E41: /kWh | F41: 0 | G41: =F41*D41 -> 0 | H41: 0.2972 | I41: /kWh | J41: 0 | K41: =J41*H41 -> 0 | M41: =+F41+J41 -> 0 | N41: =+K41+G41 -> 0 | O41: 0.2972 | P41: /kWh | Q41: =M41*O41 -> 0 | R41: =+H41*(1+$R$5) -> 0.33937268 | S41: /kWh | T41: =F41*R41 -> 0 | V41: =+T41/N41-1 -> #DIV/0!
A42: 50 | B42: Total | F42: =+F40+F41 -> 0 | G42: =SUM(G39:G41) -> 0 | J42: =+J40+J41 -> 0 | K42: =SUM(K39:K41) -> 0 | N42: =+K42+G42 -> 0 | Q42: =SUM(Q39:Q41) -> 0 | T42: =SUM(T39:T41) -> 0 | V42: =+T42/N42-1 -> #DIV/0!
A43: 51
A44: 52 | B44: Street and Highway Lighting Rate 05
A45: 53 | B45: 100 Watt HPS | D45: 23.39 | E45: /mo | F45: =+G45/D45 -> 1005.8426 | G45: =41515.19*0.5667 -> 23526.658 | H45: 23.39 | I45: /mo | J45: =+K45/H45 -> 988.63662 | K45: =40805.03*0.5667 -> 23124.211 | M45: =+F45+J45 -> 1994.4792 | N45: =+K45+G45 -> 46650.869 | O45: 23.39 | P45: /mo | Q45: =M45*O45 -> 46650.869 | R45: =+H45*(1+$R$5) -> 26.709041 | S45: /mo. | T45: =+N45*(1+$R$5) -> 53270.627 | V45: =+T45/N45-1 -> 0.1419
A46: 54 | B46: 400 Watt HPS | D46: 46.78 | E46: /mo | F46: =+G46/D46 -> 141.63797 | G46: =41515.19*0.1596 -> 6625.8243 | H46: 46.78 | I46: /mo | J46: =+K46/H46 -> 139.21511 | K46: =40805.03*0.1596 -> 6512.4828 | M46: =+F46+J46 -> 280.85308 | N46: =+K46+G46 -> 13138.307 | O46: 46.78 | P46: /mo | Q46: =M46*O46 -> 13138.307 | R46: =+H46*(1+$R$5) -> 53.418082 | S46: /mo. | T46: =+N46*(1+$R$5) -> 15002.633 | V46: =+T46/N46-1 -> 0.1419
A47: 55 | B47: 30-40 Watt LED | D47: 22.04 | F47: =+G47/D47 -> 150.87871 | G47: =41515.19*0.0801 -> 3325.3667 | H47: 22.04 | I47: /mo | J47: =+K47/H47 -> 148.29777 | K47: =40805.03*0.0801 -> 3268.4829 | M47: =+F47+J47 -> 299.17648 | N47: =+K47+G47 -> 6593.8496 | O47: 22.04 | P47: /mo | Q47: =M47*O47 -> 6593.8496 | R47: =+H47*(1+$R$5) -> 25.167476 | S47: /mo. | T47: =+N47*(1+$R$5) -> 7529.5169 | V47: =+T47/N47-1 -> 0.1419
A48: 56 | B48: 40-50 Watt LED | D48: 22.44 | E48: /mo | F48: =+G48/D48 -> 1.1828106e-08 | G48: =26542.27*0.00000000001 -> 2.654227e-07 | H48: 22.44 | I48: /mo | J48: =+K48/H48 -> 1.1828106e-08 | K48: =26542.27*0.00000000001 -> 2.654227e-07 | M48: =+F48+J48 -> 2.3656212e-08 | N48: =+K48+G48 -> 5.308454e-07 | O48: 22.44 | P48: /mo | Q48: =M48*O48 -> 5.308454e-07 | R48: =+H48*(1+$R$5) -> 25.624236 | S48: /mo. | T48: =+N48*(1+$R$5) -> 6.0617236e-07 | V48: =+T48/N48-1 -> 0.1419
A49: 57 | B49: 50-60 Watt LED | D49: 23.37 | E49: /mo | F49: =+G49/D49 -> 136.07461 | G49: =41515.19*0.0766 -> 3180.0636 | H49: 23.37 | I49: /mo | J49: =+K49/H49 -> 133.74691 | K49: =40805.03*0.0766 -> 3125.6653 | M49: =+F49+J49 -> 269.82152 | N49: =+K49+G49 -> 6305.7289 | O49: 23.37 | P49: /mo | Q49: =M49*O49 -> 6305.7289 | R49: =+H49*(1+$R$5) -> 26.686203 | S49: /mo. | T49: =+N49*(1+$R$5) -> 7200.5118 | V49: =+T49/N49-1 -> 0.1419
A50: 58 | B50: 60-70 Watt LED | D50: 22.3 | E50: /mo | F50: =+G50/D50 -> 217.81512 | G50: =41515.19*0.117 -> 4857.2772 | H50: 22.3 | I50: /mo | J50: =+K50/H50 -> 214.08917 | K50: =40805.03*0.117 -> 4774.1885 | M50: =+F50+J50 -> 431.90429 | N50: =+K50+G50 -> 9631.4657 | O50: 22.3 | P50: /mo | Q50: =M50*O50 -> 9631.4657 | R50: =+H50*(1+$R$5) -> 25.46437 | S50: /mo. | T50: =+N50*(1+$R$5) -> 10998.171 | V50: =+T50/N50-1 -> 0.1419
A51: 59 | B51: Total | D51: Billing Units | F51: =SUM(F45:F50) -> 1652.249 | G51: =SUM(G45:G50) -> 41515.19 | H51: Billing Units | J51: =SUM(J45:J50) -> 1623.9856 | K51: =SUM(K45:K50) -> 40805.03 | N51: =SUM(N45:N50) -> 82320.22 | Q51: =SUM(Q45:Q50) -> 82320.22 | T51: =SUM(T45:T50) -> 94001.459 | V51: =+T51/N51-1 -> 0.1419
A52: 60 | D52: Estimated kwh | F52: 54403 | H52: Estimated kwh | J52: 106308
A53: 61
A55: 63
A56: 64 | B56: GRAND TOTAL
A57: 65 | B57: Kilowatt Hours Estimated | F57: =F17+F23+F30+F36+F52+F53+F42 -> 34604890 | J57: =J17+J23+J30+J36+J52+J53+J42 -> 37880068 | M57: =+J57+F57 -> 72484957
A58: 66 | B58: Revenues | G58: =G17+G23+G30+G36+G51+G53+G42+G54 -> 8126985.9 | K58: =K17+K23+K30+K36+K51+K53+K42 -> 8940656.6 | N58: =N17+N23+N30+N36+N51+N53+N42+N54 -> 17067643 | Q58: =+Q17+Q23+Q30+Q36+Q42+Q51 -> 17057293 | T58: =T17+T23+T30+T36+T51+T53+T42+T54 -> 19477723 | V58: =+T58/Q58-1 -> 0.1419
A59: 67
A60: 68 | B60: Rate Adjustment effective 7/1/2022 effect on Test Year Revenue. This amount estimates revenues that would be earned in the rate year. | Q60: =+Q58-N58 -> -10349.702 | T60: =+Q60*(1+$R$5) -> -11818.325 | V60: =+T60/Q60-1 -> 0.1419
A61: 69 | B61: Net Meter Impacts | R61: -235114 | T61: =+R61*(1+$R$5) -> -268476.68 | V61: =+T61/R61-1 -> 0.1419
T62: =SUM(T58:T61) -> 19197428

Sheet Trial Balance
A1: EXHIBIT: WEC-1
A2: SCHEDULE 14
A3: CHART OF ACCOUNTS TRIAL BALANCE
A4: ACCT | C4: 44742
A5: G/L Acct # | B5: Acct # Description | C5: Balance | D5: Assets | E5: Liabilities
A6: 440.01 | B6: Revenue Clearing -end of year
A7: 440.01 | B7: RESIDENTIAL SALES - FARM & HOME | C7: -15258986
A8: 440.02 | B8: RESIDENTIAL SALES - SEAS.
A9: 442.01 | B9: COMM. & IND. SALES - SMALL | C9: -1207233.9
A10: 442.02 | B10: COMM. & IND. SALES - LARGE | C10: -601422.6
A11: 451 | B11: MISC. SERVICES REVENUES | C11: -3845
A12: 454.02 | B12: RENT FROM ELECTRIC PROPERTY | C12: -496226.26
A13: 454.03 | B13: RENT FROM ELEC PROP CCEC LEASE | C13: -39283
A14: 456.01 | B14: OTHER ELECTRIC REVENUES | C14: -121333.76
A15: 459.01 | B15: REVENUE FROM SALE OF RECS | C15: -2041470.1
B16: TOTAL REVENUES | C16: =SUM(C6:C15) -> -19769801
A18: POWER PRODUCTION
A19: 537.01 | B19: HYDRO HYDRAULIC EXP
A20: 535.01 | B20: HYDRO OPER-SUPER & ENG | C20: 1504.01
A21: 538.01 | B21: HYDRO OPER-ELEC EXP | C21: 109762.61
A22: 539.01 | B22: HYDRO OPER-MISC EXP | C22: 1776.46
A23: 540.01 | B23: HYDRO OPER-RENTS, LEASES | C23: 9500
A24: 541.01 | B24: HYDRO MAINT - SUPER & ENG | C24: 2733.1
A25: 542.01 | B25: HYDRO MAINT - STRUCT BUILDINGS
A26: 543.01 | B26: HYDRO MAINT - RESVRS, DAMS, WTRWY | C26: 1898.28
A27: 544.01 | B27: HYDRO MAINT - MAINT OF ELEC PLAN
A28: 545.01 | B28: HYDRO MAINT - MAINT OF HYDRO PLA | C28: 5485.25
A29: 548.01 | B29: CCEC GENERATION OPER EXP | C29: 100148.22
A30: 552.01 | B30: CCEC GENERATION MAINT OF STRUCTURES
A31: 553.01 | B31: CCED MAINT GEN & ELECT EQUIP
A32: 554.01 | B32: CCED MAINT MISC PWR GEN PLANT
B33: TOTAL POWER PRODUCTION | C33: =SUM(C19:C32) -> 232807.93
A35: COST PURCHASED POWER
A36: 555 | B36: PURCHASED POWER | C36: 8142455.3
A37: 557.01 | B37: OTHER PURCHASED POWER | C37: 10869.67
A38: 557.02 | B38: OTHER PURCH POWER - PYROLL | C38: 2996.4
A39: 557.03 | B39: OTHER PURCH POWER - POWER PLAN | C39: 546
A40: 557.04 | B40: OTHER PURCH POWER - CONSULTING | C40: 51881.94
A41: 559.01 | B41: RENEWABLE ENERGY CREDIT EXP | C41: 287250
B42: TOTAL PURCHASED POWER | C42: =SUM(C36:C41) -> 8495999.3
A44: TRANSMISSION EXPENSE
A45: 560.01 | B45: TRANS-OPER SUPER & ENG | C45: 89.79
A46: 563.01 | B46: TRANS-OPER-O/H LINE EXP
A47: 563.02 | B47: TRANS-OPER - O/H PROPERTY TAX | C47: 62615
A48: 563.03 | B48: TRANS-OPER S O & M INSPECT
A49: 569.01 | B49: TRANS-MAINT OH STRUCT | C49: 1098.85
A50: 571.01 | B50: TRANS-MAINT OH LINES
A51: 571.02 | B51: TRANS-MAINT O/H LINES COV | C51: 1823.45
A52: 571.03 | B52: TRANS-MAINT O/H LINES ROW | C52: 21594.39
A53: 571.04 | B53: TRANS-MAINT COV SUBST INSP | C53: 3278.15
B54: TOTAL TRANSMISSION EXPENSE | C54: =SUM(C45:C53) -> 90499.63
A56: DISTRIBUTION-OPERATION
A58: 580.01 | B58: DIST-OPER PLANNING | C58: 154110.17
A59: 582.01 | B59: DIST-STATION EXP | C59: 137764.86
A60: 583.01 | B60: DIST-O/H LINE EXP | C60: 1149811.2
A61: 583.02 | B61: DIST-OPER MISC EXP | C61: 4532.15
A62: 583.03 | B62: DIST-OPER S O & M EXP | C62: 57169.87
A63: 583.04 | B63: DIST-OPER RECLOSER MAINT PROG | C63: 19889.14
A64: 583.05 | B64: DIST-OPER INSTALL COST NEW X-FORMERS
A65: 583.06 | B65: FIELD AUDIT-TELE CO & CABLE TV | C65: 1053.32
A66: 584.01 | B66: DIST-U/G LINE EXP | C66: 991.65
A67: 584.02 | B67: DIST-OPER U/G LINE EXP
A68: 586.01 | B68: DIST-METER EXP(METER CHANGEOUT) | C68: 86948.8
A69: 587.01 | B69: DIST-CUST INSTALL EXP | C69: 131317.4
A70: 588.01 | B70: DIST-MISC | C70: 117213.2
A71: 588.02 | B71: DIST-MISC EXP TEL ATTACH ONLY | C71: 47948.62
A72: 588.03 | B72: DIST-MISC MAPPING SYST MAINT | C72: 102321.83
A73: 588.04 | B73: DIST-OPER SHOP TIME DUE TO WEATHER | C73: 50060.28
A74: 588.05 | B74: DIST-OPER CREW MTGS | C74: 64110.95
A75: 588.08 | B75: DIST-MAINT SAFETY MEETINGS | C75: 184541.43
A76: 589.01 | B76: DIST-LEASES | C76: 3252.99
B78: TOTAL DISTRIBUTION OPERATION | C78: =SUM(C58:C76) -> 2313037.9
A80: DISTRIBUTION-MAINT
A82: 590 | B82: DIST-MAINT O/H
A83: 590.01 | B83: DIST-MAINT PLAN | C83: 127588.03
A84: 590.02 | B84: DIST-MAINT SUPER & ENG OUTAGE EXP | C84: 8275.12
A85: 590.55 | B85: DIST-MAINT PLAN REST TIME | C85: 2588.43
A86: 592.01 | B86: DIST-MAINT OF STATION EQUIPMENT | C86: 26413.07
A87: 593 | B87: DIST-MAINT OVERHEAD | C87: 33037.34
A88: 593.01 | B88: DIST-MAINT O/H LINES | C88: 665269.07
A89: 593.02 | B89: DIST-MAINT OF O/H LINES MAJOR OUTAGE | C89: 87635.52
A90: 593.03 | B90: DIST-MAINT OF O/H LINES ROW | C90: 1392291.6
A91: 593.05 | B91: DIST-MAINT STRAY VOLTAGE
A92: 593.07 | B92: DIST-MAINT OF O/H LINES REGULAR OUTAGE | C92: 704869.98
A93: 593.08 | B93: DIST-MAINT OUTAGES CAUSED BY CUTOUTS
A94: 593.09 | B94: DIST-MAINT WEC LABOR FOR ROW | C94: 319838.51
A95: 593.55 | B95: DIST-MAINT REST TIME | C95: 38984.5
A96: 593.99 | B96: DIST-MAINT TELE CO SHARE OF ROW
A97: 594.01 | B97: DIST-MAINT OF U/G LINE | C97: 16671.48
A98: 595.01 | B98: DIST-MAINT OF LINE X-FORMERS | C98: 19840.21
A99: 595.02 | B99: DIST-MAINT DISP OF HAZ WASTE | C99: 7885.97
A100: 596.02 | B100: DIST-MAINT OF SECURITY LIGHTS | C100: 2965.39
A101: 596.03 | B101: DIST-MAINT OF SECURITY LIGHTS 400W
A102: 597.01 | B102: DIST-MAINT OF METERS AT SHOP | C102: 0
B103: TOTAL DISTRIBUTION MAINTENANCE | C103: =SUM(C82:C102) -> 3454154.2
A105: CONSUMER ACCTS EXPENSE
A107: 901.01 | B107: CUST ACC EXP-SUPER PLANNING & EVA | C107: 4381.74
A108: 902.01 | B108: CUST ACC EXP-MTRS READ BY EMP | C108: 61892.83
A109: 902.06 | B109: CUST ACC EXP-AMI READS | C109: 19710.05
A110: 903 | B110: CUST ACC EXP-OH, SUPPLIES ETC | C110: 118466.7
...

Sheet S18 Return on Rate Base
B1: EXHIBIT: WEC-1
B2: SCHEDULE 18
B3: Rate Base Calc
A6: Line | B6: ACCT | D6: 44742
A7: No. | B7: G/L Acct # | C7: Acct # Description | D7: Balance
A8: 1 | B8: 301.01 | C8: INTANGIBLE PLANT - ORGANIZATION | D8: 608.5
A9: 2 | B9: 301.02 | C9: HYDRO PLANT - INTANGIBLE - ORGANIZATION | D9: 5564.04
A10: 3 | B10: 331.01 | C10: HYDRO PLANT - STRUCT & IMPROV | D10: 723220.07
A11: 4 | B11: 331.04 | C11: HYDRO PLANT - STRUCT & IMPRV BEACH, SRN | D11: 406426.71
A12: 5 | B12: 332.01 | C12: HYDRO PLANT - RESERVOIRS, WATERWAYS | D12: 449614.04
A13: 6 | B13: 332.02 | C13: HYDRO PLANT - PENSTOCK | D13: 663905.55
A14: 7 | B14: 332.03 | C14: HYDRO PLANT - TAILRACE | D14: 67701.63
A15: 8 | B15: 333.01 | C15: HYDRO PLANT - WHEELS, TURB GEN | D15: 989130.75
A16: 9 | B16: 334.01 | C16: HYDRO PLANT - ACCESSORY EQUIP | D16: 165244.55
A17: 10 | B17: 335.01 | C17: HYDRO PLANT - MISC POWER PLANT | D17: 7459.78
A18: 11 | B18: 336.01 | C18: HYDRO PLANT - OFFICE EQUP-DEP | D18: 76671.83
A19: 12 | B19: 362.02 | C19: HYDRO PLANT - SUBSTATION | D19: 200590.39
A20: 13 | C20: TOTAL HYDRO | D20: =SUM(D8:D19) -> 3756137.8
A21: 14
A22: 15 | B22: 341.05 | C22: OTHER PROD PLANT - STRUC & IMPRO | D22: 12766765
A23: 16 | C23: TOTAL OTHER | D23: =+D22 -> 12766765
A24: 17
A25: 18 | B25: 350.01 | C25: TRANS PLANT - LAND & LAND RIGHTS | D25: 21673.06
A26: 19 | B26: 353.01 | C26: TRANS PLANT - E MONT SWITCH STAT | D26: 4100.79
A27: 20 | B27: 353.02 | C27: TRANS PLANT - NO TU SWITCH STAT | D27: 173188.15
A28: 21 | B28: 353.03 | C28: TRANS PLANT - GRANITEVILLE STAT | D28: 10749.35
A29: 22 | B29: 353.04 | C29: TRANS PLANT - AIRBREAK SWITCH | D29: 91589.53
A30: 23 | B30: 353.05 | C30: TRANS PLANT - COV SUB | D30: 950995.75
A31: 24 | B31: 353.8 | C31: TRANS PLANT/ARRA/SWITCHING STATIONS | D31: 32009.91
A32: 25 | B32: 354.05 | C32: TRANS PLANT - COV TOWER & FIXT | D32: 961753.97
A33: 26 | B33: 355.01 | C33: TRANS PLANT - POLES & FIXT | D33: 299706.25
A34: 27 | B34: 356.01 | C34: TRANS PLANT - OH COND & DEVICES | D34: 237966.83
A35: 28 | C35: TOTAL TRANSMISSION | D35: =SUM(D25:D34) -> 2783733.6
A36: 29
A37: 30 | B37: 360.01 | C37: DIST PLANT - LAND & LAND RIGHTS | D37: 105959.58
A38: 31 | B38: 362.01 | C38: DIST PLANT - STAT EQUIP | D38: 381164.91
A39: 32 | B39: 362.03 | C39: DIST PLANT - MT KNOX SUB | D39: 143183.97
A40: 33 | B40: 362.04 | C40: DIST PLANT - W DANVILLE SUB | D40: 200831.94
A41: 34 | B41: 362.05 | C41: DIST PLANT - S WALDEN SUB | D41: 540140.29
A42: 35 | B42: 362.08 | C42: DIST PLANT - JACKSON CNRS SUB | D42: 218794.61
A43: 36 | B43: 362.09 | C43: DIST PLANT - MORETOWN SUB | D43: 540237.75
A44: 37 | B44: 362.1 | C44: DIST PLANT - MAPLE CORNERS SUB | D44: 607741.42
A45: 38 | B45: 362.11 | C45: DIST PLANT - NO TUNBRIDGE SUB | D45: 280815.87
A46: 39 | B46: 362.12 | C46: DIST PLNT/JONES BROOK AMI PLATFRM&EQUIP | D46: 2500.3
A47: 40 | B47: 362.5 | C47: DIST PLNT/SCADA LOAD CONTROL EQU | D47: 106622.28
A48: 41 | B48: 362.51 | C48: DIST PLNT/SCADA LOAD CONTROL SOFTWR | D48: 9550.6
... A66: 59 | B66: 373.01 | C66: DIST PLANT - ST LGHT & SIGNAL SYS | D66: 203.4
A67: 60 | C67: TOTAL DISTRIBUTION | D67: =SUM(D37:D66) -> 59230680
A68: 61
A69: 62 | B69: 389.01 | C69: GEN PLANT - LAND & LAND RIGHTS | D69: 53010.74
A70: 63 | B70: 390.01 | C70: GEN PLANT - STRUCT - OFFICE BLDG | D70: 1364549.9
A71: 64 | B71: 390.02 | C71: GEN PLANT - STRUCT - RADIO SHACK | D71: 17393.15
A72: 65 | B72: 390.04 | C72: GEN PLANT - STRUCT - NEW GARAGE | D72: 782590.47
A73: 66 | B73: 390.05 | C73: GEN PLANT - STRUCT - POLE STORAGE RA | D73: 6196.4
A74: 67 | B74: 391.01 | C74: GEN PLANT - OFFICE FURN & EQUIP | D74: 724363.59
A75: 68 | B75: 392.01 | C75: GEN PLANT - TRANS EQUIP | D75: 2836377.1
A76: 69 | B76: 393.01 | C76: GEN PLANT - STORES EQUIP | D76: 37531.73
A77: 70 | B77: 394.01 | C77: GEN PLANT - TOOLS SHOP & GARAGE EQ | D77: 317425.98
A78: 71 | B78: 395.01 | C78: GEN PLANT - LAB EQUIP | D78: 80305.01
A79: 72 | B79: 395.02 | C79: GEN PLANT - PHOTO EQUIP | D79: 1037.91
A80: 73 | B80: 396.01 | C80: GEN PLANT - POWER OPERATED EQUIP | D80: 95471.53
... A84: 77 | B84: 398.01 | C84: GEN PLANT - MISC EQUIP | D84: 16825.47
A85: 78 | C85: TOTAL GENERAL PLANT | D85: =SUM(D69:D84) -> 6681983.5
A86: 79
A87: 80 | B87: 107.04 | C87: CWIP - OVERHEAD | D87: -13058.15
A88: 81 | B88: 107.1 | C88: CWIP - CONTRACT WORK | D88: 0
A89: 82 | B89: 107.11 | C89: CWIP - Net Meter | D89: 2971.25
A90: 83 | B90: 107.2 | C90: CWIP - DIRECT CHARGES | D90: 1186383.7
A91: 84 | C91: SUBTOTAL CWIP | D91: =SUM(D87:D90) -> 1176296.8
A92: 85
A93: 86 | C93: TOTAL UTILITY PLANT | D93: =+D20+D23+D35+D67+D85+D91 -> 86395596
A94: 87
A95: 88 | B95: 108.03 | C95: ACC PROV DEPR - HYDRO PLANT | D95: -2718936.9
A96: 89 | B96: 108.04 | C96: ACC PROV DEPR - COVENTRY GEN | D96: -6523538.6
A97: 90 | B97: 108.05 | C97: ACC PROV DEPR - TRANS PLANT | D97: -1345456.5
A98: 91 | B98: 108.06 | C98: ACC PROV DEPR - DIST PLANT | D98: -23739965
A99: 92 | B99: 108.07 | C99: ACC PROV DEPR - GEN PLANT | D99: -1581512
A100: 93 | B100: 108.1 | C100: ACC PROV DEPR - BUILDING | D100: -1075358.3
A101: 94 | B101: 108.11 | C101: ACC PROV DEPR - TRANS EQUIP | D101: -1542953.5
A102: 95 | B102: 108.8 | C102: ACC PROV DEPR - RET WORK IN PROG | D102: 113586.58
A103: 96 | C103: SUBTOTAL ACCUMULATED DEPRECIATION | D103: =SUM(D94:D102) -> -38414134
A104: 97
A105: 98 | C105: NET PLANT | D105: =+D93+D103 -> 47981462
A106: 99
A107: 100 | B107: 154-156 | C107: MATERIALS INVENTORY | D107: =467503.35+23026.57 -> 490529.92
A108: 101 | B108: 165 | C108: PREPAYMENTS | D108: 555478.36
A109: 102 | B109: ** | C109: CASH WORKING CAPITAL | D109: =+'S1-Revenue Requirement'!E15*0.125 -> 2281886.9
A110: 103 | B110: 181-186 | C110: DEFERRED DEBITS | D110: 584076.38
A111: 104 | B111: 235 | C111: CUSTOMER DEPOSITS | D111: -194187.8
A112: 105 | B112: 252-254 | C112: DEFERRED CREDITS | D112: -132482.55
A113: 106 | C113: TOTAL RATE BASE | D113: =SUM(D105:D112) -> 51566764
A114: 107
A115: 108 | C115: RETURN ON RATE BASE | D115: =+D113*'S9-A WCOD'!G75 -> 1956400.8
A117: ** Cash Working Capital estimated as 45 days of O&M expense
